Workbook
Name aaa: '[1]GDP_CMP over time'!#REF!
Name aaa: '[1]GDP_CMP over time'!#REF!
Name aaa: '[1]GDP_CMP over time'!#REF!
Name aaa: '[1]GDP_CMP over time'!#REF!
Name aaa: '[1]GDP_CMP over time'!#REF!
Name aaa: '[1]GDP_CMP over time'!#REF!
Name asdf: '[1]GDP_CMP over time'!#REF!
Name asdf: '[1]GDP_CMP over time'!#REF!
Name asdf: '[1]GDP_CMP over time'!#REF!
Name asdf: '[1]GDP_CMP over time'!#REF!
Name b: '[1]GDP_CMP over time'!#REF!
Name b: '[1]GDP_CMP over time'!#REF!
Name b: '[1]GDP_CMP over time'!#REF!
Name bbb: '[1]GDP_CMP over time'!#REF!
Name bbb: '[1]GDP_CMP over time'!#REF!
Name bbb: '[1]GDP_CMP over time'!#REF!
Name bbb: '[1]GDP_CMP over time'!#REF!
Name bbb: '[1]GDP_CMP over time'!#REF!
Name bbb: '[1]GDP_CMP over time'!#REF!
Name bbbb: '[1]GDP_CMP over time'!#REF!
Name bbbb: '[1]GDP_CMP over time'!#REF!
Name bbbb: '[1]GDP_CMP over time'!#REF!
Name ccc: '[1]GDP_CMP over time'!#REF!
Name ccc: '[1]GDP_CMP over time'!#REF!
Name ccc: '[1]GDP_CMP over time'!#REF!
Name ccc: '[1]GDP_CMP over time'!#REF!
Name ccc: '[1]GDP_CMP over time'!#REF!
Name ccc: '[1]GDP_CMP over time'!#REF!
Name d: '[1]GDP_CMP over time'!#REF!
Name d: '[1]GDP_CMP over time'!#REF!
Name d: '[1]GDP_CMP over time'!#REF!
Name d: '[1]GDP_CMP over time'!#REF!
Name eeee: '[1]GDP_CMP over time'!#REF!
Name eeee: '[1]GDP_CMP over time'!#REF!
Name GDP_GG2009: '[1]GDP_CMP over time'!#REF!
Name GDP_GG2009: '[1]GDP_CMP over time'!#REF!
Name GDP_GG2009: '[1]GDP_CMP over time'!#REF!
Name GDP_GG2009: '[1]GDP_CMP over time'!#REF!
Name GDP_GG2009: '[1]GDP_CMP over time'!#REF!
Name GDP_GG2009: '[1]GDP_CMP over time'!#REF!
Name qqq: '[1]GDP_CMP over time'!#REF!
Name qqq: '[1]GDP_CMP over time'!#REF!
Name qqqq: '[1]GDP_CMP over time'!#REF!
Name qqqq: '[1]GDP_CMP over time'!#REF!
Name rrrr: '[1]GDP_CMP over time'!#REF!
Name rrrr: '[1]GDP_CMP over time'!#REF!
Name wwwww: '[1]GDP_CMP over time'!#REF!
Name wwwww: '[1]GDP_CMP over time'!#REF!

Sheet Zoznam
B1: Prehľad ukazovateľov o vývoji hospodárstva vo vybraných štátoch EÚ
B2: INEKO, september 2013
B3: Dokument priebežne aktualizujeme a rozširujeme o nové indikátory.
B5: Zoznam tabuliek
A7: 1 | B7: ='01'!A1 -> HDP v bežných cenách | C7: 26 | D7: Počet nemocničných lôžok (na 100.000 obyv.) | M7: 51 | N7: Dovolenky a dni pracovného pokoja
A8: 2 | B8: HDP na obyvateľa v PPS | C8: 27 | D8: Maloobchodný predaj (okrem automobilov; r2005=100) | M8: 52 | N8: Ratingy jednotlivých krajín
A9: 3 | B9: Reálny rast HDP | C9: 28 | D9: Predaj automobilov | M9: 53 | N9: Ochrana zamestnancov
A10: 4 | B10: Miera zamestnanosti | C10: 29 | D10: Predaj pohonných hmôt | M10: 54 | N10: Daňovo-odvodová záťaž práce
A11: 5 | B11: Miera nezamestnanosti | C11: 30 | D11: Tržby v službách
A12: 6 | B12: Inflácia | C12: 31 | D12: ='31'!A1 -> Spotreba elektrickej energie (v GWh)
A13: 7 | B13: Príjmy verejných fianncií | C13: 32 | D13: ='32'!$A$1 -> Spotreba elektrickej energie v domácnostiach (v GWh)
A14: 8 | B14: Výdavky verejných financií | C14: 33 | D14: ='33'!A1 -> Výdavky na sociálne dávky (v % HDP)
A15: 9 | B15: Deficit verejných financií a Primárny deficit VF | C15: 34 | D15: ='34'!A1 -> Tvorba hrubého fixného kapitálu (v % HDP)
A16: 10 | B16: Hrubý vládny dlh | C16: 35 | D16: ='35'!A1 -> Medián príjmu obyvateľov nad 65 rokov (ako % príjmu ľudí pod 65 rokov)
A17: 11 | B17: Dlhodobé úrokové miery | C17: 36 | D17: Platy učiteľov
A18: 12 | B18: Náklady práce | C18: 37 | D18: ='37'!A1 -> Pomer platu lekára k priemenej mzde (r2009; v %)
A19: 13 | B19: Minimálna mzda | C19: 38 | D19: Výdavky a efektívnosť výdavkov na zdravotníctvo
A20: 14 | B20: Výdavky na mzdy ZCov verejnej správy | C20: 39 | D20: ='39'!A1 -> Zamestnanosť vo verejných inštitúciách a štátnych podnikoch (% z celkovej zamestnanosti)
A21: 15 | B21: Zamestnanosť v súkromnom a vo verejnom sektore | C21: 40 | D21: ='40'!A1 -> Priemerný efektívny dôchodkový vek vs. oficiálny (muži, r2011)
A22: 16 | B22: Index globálnej konkurencieschopnosti | C22: 41 | D22: ='41'!A1 -> Čistá a hrubá dôchodková miera náhrady (r2010)
A23: 17 | B23: Vybrané prvky Indexu global. konkurencieschopnosti | C23: 42 | D23: ='42'!A1 -> Výdavky na dôchodky a počet dôchodcov
A24: 18 | B24: Parametre Doing Business | C24: 43 | D24: ='43'!A1 -> Priemerný celkový príjem počas dôchodku (v USD)
A25: 19 | B25: Daňové príjmy vs. sociálne výdavky (v % HDP) | C25: 44 | D25: ='44'!A1 -> Vývoj výdavkov na celkové dôchodky a invalidné dôchodky
A26: 20 | B26: Podiel obyvateľov v preplnených bytoch (% z populácie) | C26: 45 | D26: Daňové sadzby (DPFO, DPPO, DPH)
A27: 21 | B27: Podiel obyvateľov v hmotnej núdzi (% z populácie) | C27: 46 | D27: ='46'!A1 -> Vývoj produktivity práce na zamestnanca (r2005=100)
A28: 22 | B28: Počet samovrážd (na 100 000 obyv.) | C28: 47 | D28: ='47'!A1 -> Rozsah šedej ekonomiky (v % HDP)
A29: 23 | B29: Očakávaná dĺžka života | C29: 48 | D29: OECD responsiveness rate
A30: 24 | B30: Priemerný ročný hrubý príjem | C30: 49 | D30: ='49'!A1 -> Úniky na DPH (rok 2006)
A31: 25 | B31: ='25'!$A$1 -> Obrat obchodu | C31: 50 | D31: Produktivita práce

Sheet 01
A1: HDP v bežných cenách | K1: Späť na zoznam
A2: GDP and main components - Current prices [nama_gdp_c]
A3: Source of Data | B3: Eurostat | C3: http://appsso.eurostat.ec.europa.eu/nui/show.do?dataset=nama_gdp_c&lang=en
A5: UNIT | B5: Millions of euro (from 1.1.1999)/Millions of ECU (up to 31.12.1998)
A6: INDIC_NA | B6: Gross domestic product at market prices
A8: GEO/TIME | B8: 2001 | C8: 2002 | D8: 2003 | E8: 2004 | F8: 2005 | G8: 2006 | H8: 2007 | I8: 2008 | J8: 2009 | K8: 2010 | L8: 2011 | M8: 2012 | N8: 2013* | O8: 2014* | R8: GEO/TIME | S8: 2012
A9: EA17 | B9: 7084189.3 | C9: 7330290.8 | D9: 7546729.6 | E9: 7860003.7 | F9: 8145074.3 | G9: 8564253.5 | H9: 9029637.8 | I9: 9241539.2 | J9: 8922209.6 | K9: 9175940.2 | L9: 9420565.8 | M9: 9487372.5 | N9: 9587321.3 | O9: 9855461.5 | R9: EU27 | S9: 12649785
A10: EU27 | B10: 9583912.7 | C10: 9935139 | D10: 10104053 | E10: 10605775 | F10: 11072171 | G10: 11701008 | H10: 12406198 | I10: 12472996 | J10: 11754740 | K10: 12278344 | L10: 12649785 | M10: 12899150 | N10: 13086459 | O10: 13485656 | R10: EA17 | S10: 9487372.5
A11: Fínsko | B11: 139288 | C11: 143646 | D11: 145531 | E11: 152266 | F11: 157429 | G11: 165765 | H11: 179830 | I11: 185670 | J11: 172318 | K11: 178796 | L11: 189368 | M11: 194469 | N11: 198766.1 | O11: 204486.7 | R11: Nemecko | S11: 2644200
A12: Grécko | B12: 146427.6 | C12: 156614.3 | D12: 172431.8 | E12: 185265.7 | F12: 193049.7 | G12: 208622.3 | H12: 223160.1 | I12: 233197.7 | J12: 231081.2 | K12: 222151.5 | L12: 208531.7 | M12: 193749 | N12: 183520.3 | O12: 183984.2 | R12: Taliansko | S12: 1565916.1
A13: Holandsko | B13: 447731 | C13: 465214 | D13: 476945 | E13: 491184 | F13: 513407 | G13: 540216 | H13: 571773 | I13: 594481 | J13: 573235 | K13: 588740 | L13: 601973 | M13: 600638 | N13: 604459.1 | O13: 619961.4 | R13: Španielsko | S13: 1049525
A14: Írsko | B14: 117642.8 | C14: 130877.4 | D14: 140827.4 | E14: 150194.3 | F14: 163037.1 | G14: 177729.2 | H14: 188729.2 | I14: 178881.6 | J14: 161275.1 | K14: 161037.7 | L14: 158992.7 | M14: 163595.4 | N14: 167372.4 | O14: 173474.9 | R14: Holandsko | S14: 600638
A15: Nemecko | B15: 2101900 | C15: 2132200 | D15: 2147500 | E15: 2195700 | F15: 2224400 | G15: 2313900 | H15: 2428500 | I15: 2473800 | J15: 2374500 | K15: 2496200 | L15: 2592600 | M15: 2644200 | N15: 2694498.9 | O15: 2788995.6 | R15: Fínsko | S15: 194469
A16: Portugalsko | B16: 134471.1 | C16: 140566.8 | D16: 143471.7 | E16: 149312.5 | F16: 154268.7 | G16: 160855.4 | H16: 169319.2 | I16: 171983.1 | J16: 168503.6 | K16: 172669.7 | L16: 170909 | M16: 165409.2 | N16: 164465.5 | O16: 167462.3 | R16: Grécko | S16: 193749
A17: Slovensko | B17: 23572.9 | C17: 25971.7 | D17: 29489.2 | E17: 33994.6 | F17: 38489.1 | G17: 44501.7 | H17: 54810.8 | I17: 64413.5 | J17: 62794.4 | K17: 65869.5 | L17: 69108.3 | M17: 71463 | N17: 73954.4 | O17: 77577.9 | R17: Portugalsko | S17: 165409.2
A18: Španielsko | B18: 680397 | C18: 729258 | D18: 783082 | E18: 841294 | F18: 909298 | G18: 985547 | H18: 1053161 | I18: 1087788 | J18: 1048060 | K18: 1048883 | L18: 1063355 | M18: 1049525 | N18: 1051076 | O18: 1071743 | R18: Írsko | S18: 163595.4
A19: Taliansko | B19: 1255737.8 | C19: 1301873 | D19: 1341850.1 | E19: 1397728.3 | F19: 1436379.5 | G19: 1493031.3 | H19: 1554198.9 | I19: 1575143.9 | J19: 1519695.1 | K19: 1553083.2 | L19: 1579659.2 | M19: 1565916.1 | N19: 1568388 | O19: 1603948 | R19: Slovensko | S19: 71463
A20: Cyprus | B20: 10719.6 | C20: 11081.1 | D20: 11654.2 | E20: 12596 | F20: 13598.2 | G20: 14670.5 | H20: 15901.5 | I20: 17157.1 | J20: 16853.5 | K20: 17406 | L20: 17979.3 | M20: 17886.8 | N20: 16424.8 | O20: 15950.9 | R20: Slovinsko | S20: 35466.3
A21: Slovinsko | B21: 22828.23 | C21: 24597.11 | D21: 25819.2 | E21: 27227.5 | F21: 28730.9 | G21: 31050.7 | H21: 34593.6 | I21: 37244.4 | J21: 35556.1 | K21: 35607 | L21: 36171.8 | M21: 35466.3 | N21: 35259.9 | O21: 35595.7 | R21: Cyprus | S21: 17886.8

Sheet 02
A1: HDP na obyvateľa v PPS | K1: Späť na zoznam
A2: GDP and main components - Current prices [nama_gdp_c]
A3: Source of Data | B3: Eurostat | C3: http://appsso.eurostat.ec.europa.eu/nui/submitViewTableAction.do
A5: UNIT | B5: Purchasing Power Standard per inhabitant
A6: INDIC_NA | B6: Gross domestic product at market prices
A8: GEO/TIME | B8: 2001 | C8: 2002 | D8: 2003 | E8: 2004 | F8: 2005 | G8: 2006 | H8: 2007 | I8: 2008 | J8: 2009 | K8: 2010 | L8: 2011 | N8: GEO/TIME | O8: 2011
A9: EA17 | B9: 22100 | C9: 22700 | D9: 22800 | E9: 23600 | F9: 24500 | G9: 25800 | H9: 27200 | I9: 27200 | J9: 25500 | K9: 26500 | L9: 27200 | N9: Holandsko | O9: 32900
A10: EU27 | B10: 19800 | C10: 20500 | D10: 20700 | E10: 21700 | F10: 22500 | G10: 23700 | H10: 25000 | I10: 25000 | J10: 23500 | K10: 24500 | L10: 25200 | N10: Írsko | O10: 32400
A11: Fínsko | B11: 22800 | C11: 23500 | D11: 23300 | E11: 25200 | F11: 25700 | G11: 27000 | H11: 29400 | I11: 29800 | J11: 26900 | K11: 28000 | L11: 28900 | N11: Nemecko | O11: 30300
A12: Grécko | B12: 17100 | C12: 18500 | D12: 19200 | E12: 20300 | F12: 20400 | G12: 21800 | H12: 22500 | I12: 23100 | J12: 22100 | K12: 21400 | L12: 20100 | N12: Fínsko | O12: 28900
A13: Holandsko | B13: 26400 | C13: 27300 | D13: 26800 | E13: 28000 | F13: 29400 | G13: 31000 | H13: 33100 | I13: 33600 | J13: 31100 | K13: 32500 | L13: 32900 | N13: EA17 | O13: 27200
A14: Írsko | B14: 26300 | C14: 28300 | D14: 29300 | E14: 30900 | F14: 32500 | G14: 34500 | H14: 36600 | I14: 33100 | J14: 30100 | K14: 31200 | L14: 32400 | N14: Taliansko | O14: 25300
A15: Nemecko | B15: 22900 | C15: 23400 | D15: 24000 | E15: 25000 | F15: 26000 | G15: 27300 | H15: 28900 | I15: 29000 | J15: 27200 | K15: 29000 | L15: 30300 | N15: EU27 | O15: 25200
A16: Portugalsko | B16: 15900 | C16: 16400 | D16: 16400 | E16: 16700 | F16: 17900 | G16: 18700 | H16: 19600 | I16: 19500 | J16: 18800 | K16: 19500 | L16: 19400 | N16: Španielsko | O16: 24700
A17: Slovensko | B17: 10400 | C17: 11100 | D17: 11500 | E17: 12300 | F17: 13500 | G17: 15000 | H17: 16900 | I17: 18100 | J17: 17000 | K17: 17900 | L17: 18400 | N17: Cyprus | O17: 23700
A18: Španielsko | B18: 19400 | C18: 20600 | D18: 20900 | E18: 21900 | F18: 22900 | G18: 24800 | H18: 26200 | I18: 25900 | J18: 24200 | K18: 24400 | L18: 24700 | N18: Slovinsko | O18: 21000
A19: Taliansko | B19: 23400 | C19: 23000 | D19: 23000 | E19: 23200 | F19: 23700 | G19: 24700 | H19: 26000 | I19: 26100 | J19: 24300 | K19: 24600 | L19: 25300 | N19: Grécko | O19: 20100
A20: Cyprus | D20: 18300 | E20: 19700 | F20: 20900 | G20: 22000 | H20: 23600 | I20: 24900 | J20: 23500 | K20: 23600 | L20: 23700 | N20: Portugalsko | O20: 19400
A21: Slovinsko | D21: 17300 | E21: 18800 | F21: 19700 | G21: 20700 | H21: 22100 | I21: 22700 | J21: 20300 | K21: 20500 | L21: 21000 | N21: Slovensko | O21: 18400

Sheet 03
A1: Reálny rast HDP | K1: Späť na zoznam
A2: GDP and main components - volumes [nama_gdp_k]
A3: Source of Data | B3: Eurostat
A5: UNIT | B5: Percentage change on previous period
A6: INDIC_NA | B6: Gross domestic product at market prices
A8: GEO/TIME | B8: 2001 | C8: 2002 | D8: 2003 | E8: 2004 | F8: 2005 | G8: 2006 | H8: 2007 | I8: 2008 | J8: 2009 | K8: 2010 | L8: 2011 | M8: 2012 | N8: 2013* | O8: 2014* | Q8: GEO/TIME | R8: 2012
A9: EA17 | B9: 2 | C9: 0.9 | D9: 0.7 | E9: 2.2 | F9: 1.7 | G9: 3.2 | H9: 3 | I9: 0.4 | J9: -4.4 | K9: 2 | L9: 1.5 | M9: -0.6 | N9: -0.4 | O9: 1.2 | Q9: Slovensko | R9: 2
A10: EU27 | B10: 2 | C10: 1.3 | D10: 1.5 | E10: 2.6 | F10: 2.2 | G10: 3.4 | H10: 3.2 | I10: 0.4 | J10: -4.5 | K10: 2 | L10: 1.7 | M10: -0.4 | N10: -0.1 | O10: 1.4 | Q10: Írsko | R10: 0.9
A11: Fínsko | B11: 2.3 | C11: 1.8 | D11: 2 | E11: 4.1 | F11: 2.9 | G11: 4.4 | H11: 5.3 | I11: 0.3 | J11: -8.5 | K11: 3.3 | L11: 2.7 | M11: -0.8 | N11: 0.3 | O11: 1 | Q11: Nemecko | R11: 0.7
A12: Grécko | B12: 4.2 | C12: 3.4 | D12: 5.9 | E12: 4.4 | F12: 2.3 | G12: 5.5 | H12: 3.5 | I12: -0.2 | J12: -3.1 | K12: -4.9 | L12: -7.1 | M12: -6.4 | N12: -4.2 | O12: 0.6 | Q12: EA27 | R12: -0.4
A13: Holandsko | B13: 1.9 | C13: 0.1 | D13: 0.3 | E13: 2.2 | F13: 2 | G13: 3.4 | H13: 3.9 | I13: 1.8 | J13: -3.7 | K13: 1.5 | L13: 0.9 | M13: -1.2 | N13: -0.8 | O13: 0.9 | Q13: EU17 | R13: -0.6
A14: Írsko | B14: 5.3 | C14: 5.6 | D14: 3.9 | E14: 4.4 | F14: 5.9 | G14: 5.4 | H14: 5.4 | I14: -2.1 | J14: -5.5 | K14: -0.8 | L14: 1.4 | M14: 0.9 | N14: 1.1 | O14: 2.2 | Q14: Fínsko | R14: -0.8
A15: Nemecko | B15: 1.5 | C15: 0 | D15: -0.4 | E15: 1.2 | F15: 0.7 | G15: 3.7 | H15: 3.3 | I15: 1.1 | J15: -5.1 | K15: 4 | L15: 3.3 | M15: 0.7 | N15: 0.4 | O15: 1.8 | Q15: Holandsko | R15: -1.2
A16: Portugalsko | B16: 2 | C16: 0.8 | D16: -0.9 | E16: 1.6 | F16: 0.8 | G16: 1.4 | H16: 2.4 | I16: 0 | J16: -2.9 | K16: 1.9 | L16: -1.6 | M16: -3.2 | N16: -2.3 | O16: 0.6 | Q16: Španielsko | R16: -1.6
A17: Slovensko | B17: 3.5 | C17: 4.6 | D17: 4.8 | E17: 5.1 | F17: 6.7 | G17: 8.3 | H17: 10.5 | I17: 5.8 | J17: -4.9 | K17: 4.4 | L17: 3.2 | M17: 2 | N17: 1 | O17: 2.8 | Q17: Taliansko | R17: -2.4
A18: Španielsko | B18: 3.7 | C18: 2.7 | D18: 3.1 | E18: 3.3 | F18: 3.6 | G18: 4.1 | H18: 3.5 | I18: 0.9 | J18: -3.8 | K18: -0.2 | L18: 0.1 | M18: -1.6 | N18: -1.5 | O18: 0.9 | Q18: Slovinsko | R18: -2.5
A19: Taliansko | B19: 1.9 | C19: 0.5 | D19: 0 | E19: 1.7 | F19: 0.9 | G19: 2.2 | H19: 1.7 | I19: -1.2 | J19: -5.5 | K19: 1.7 | L19: 0.4 | M19: -2.4 | N19: -1.3 | O19: 0.7 | Q19: Cyprus | R19: -2.4
A20: Cyprus | B20: 4 | C20: 2.1 | D20: 1.9 | E20: 4.2 | F20: 3.9 | G20: 4.1 | H20: 5.1 | I20: 3.6 | J20: -1.9 | K20: 1.3 | L20: 0.5 | M20: -2.4 | N20: -8.7 | O20: -3.9 | Q20: Portugalsko | R20: -3.2
A21: Slovinsko | B21: 2.9 | C21: 3.8 | D21: 2.9 | E21: 4.4 | F21: 4 | G21: 5.8 | H21: 7 | I21: 3.4 | J21: -7.9 | K21: 1.3 | L21: 0.7 | M21: -2.5 | N21: -2 | O21: -0.1 | Q21: Grécko | R21: -6.4
A22: * pozn: rok 2013 a 2014 = predpovede

Sheet 04
A1: Miera zamestnanosti | E1: Späť
A2: Employment (main characteristics and rates) - annual averages [lfsi_emp_a]
A3: Source of Data | B3: Eurostat
A5: SEX | B5: Total
A6: INDIC_EM | B6: Employment rate (20 to 64 years)
A8: GEO/TIME | B8: 2001 | C8: 2002 | D8: 2003 | E8: 2004 | F8: 2005 | G8: 2006 | H8: 2007 | I8: 2008 | J8: 2009 | K8: 2010 | L8: 2011 | M8: 2012 | N8: GEO/TIME | O8: 2012
A9: EA17 | B9: 66.2 | C9: 66.4 | D9: 66.8 | E9: 67.3 | F9: 67.9 | G9: 68.9 | H9: 69.8 | I9: 70.2 | J9: 68.8 | K9: 68.4 | L9: 68.5 | M9: 68 | N9: Holandsko | O9: 77.2
A10: EU27 | B10: 66.9 | C10: 66.7 | D10: 67 | E10: 67.4 | F10: 68 | G10: 69 | H10: 69.9 | I10: 70.3 | J10: 69 | K10: 68.6 | L10: 68.6 | M10: 68.5 | N10: Nemecko | O10: 76.7
A11: Fínsko | B11: 72.6 | C11: 72.6 | D11: 72.2 | E11: 72.2 | F11: 73 | G11: 73.9 | H11: 74.8 | I11: 75.8 | J11: 73.5 | K11: 73 | L11: 73.8 | M11: 74 | N11: Fínsko | O11: 74
A12: Cyprus | D12: 75.4 | E12: 74.9 | F12: 74.4 | G12: 75.8 | H12: 76.8 | I12: 76.5 | J12: 75.3 | K12: 75 | L12: 73.4 | M12: 70.2 | N12: Cyprus | O12: 70.2
A13: Holandsko | B13: 75.4 | C13: 75.8 | D13: 75.2 | E13: 74.9 | F13: 75.1 | G13: 76.3 | H13: 77.8 | I13: 78.9 | J13: 78.8 | K13: 76.8 | L13: 77 | M13: 77.2 | N13: EU27 | O13: 68.6
A14: Grécko | B14: 61.5 | C14: 62.5 | D14: 63.6 | E14: 64 | F14: 64.6 | G14: 65.7 | H14: 66 | I14: 66.5 | J14: 65.8 | K14: 64 | L14: 59.9 | M14: 55.3 | N14: Portugalsko | O14: 68.5
A15: Slovinsko | D15: 68.1 | E15: 70.4 | F15: 71.1 | G15: 71.5 | H15: 72.4 | I15: 73 | J15: 71.9 | K15: 70.3 | L15: 68.4 | M15: 68.3 | N15: Slovinsko | O15: 68.3
A16: Írsko | B16: 71.1 | C16: 70.7 | D16: 70.6 | E16: 71.5 | F16: 72.6 | G16: 73.4 | H16: 73.8 | I16: 72.3 | J16: 67.1 | K16: 65 | L16: 64.1 | M16: 63.7 | N16: EA17 | O16: 68
A17: Nemecko | B17: 69.1 | C17: 68.8 | D17: 68.4 | E17: 68.8 | F17: 69.4 | G17: 71.1 | H17: 72.9 | I17: 74 | J17: 74.2 | K17: 74.9 | L17: 76.3 | M17: 76.7 | N17: Slovensko | O17: 65.1
A18: Portugalsko | B18: 73.9 | C18: 73.6 | D18: 72.9 | E18: 72.6 | F18: 72.3 | G18: 72.7 | H18: 72.6 | I18: 73.1 | J18: 71.2 | K18: 70.5 | L18: 69.1 | M18: 66.5 | N18: Írsko | O18: 63.7
A19: Španielsko | B19: 62.1 | C19: 62.7 | D19: 64 | E19: 65.2 | F19: 67.2 | G19: 68.7 | H19: 69.5 | I19: 68.3 | J19: 63.7 | K19: 62.5 | L19: 61.6 | M19: 59.3 | N19: Taliansko | O19: 61
A20: Slovensko | B20: 63.5 | C20: 63.6 | D20: 64.8 | E20: 63.7 | F20: 64.5 | G20: 66 | H20: 67.2 | I20: 68.8 | J20: 66.4 | K20: 64.6 | L20: 65.1 | M20: 65.1 | N20: Španielsko | O20: 59.3
A21: Taliansko | B21: 58.5 | C21: 59.4 | D21: 60 | E21: 61.5 | F21: 61.6 | G21: 62.5 | H21: 62.8 | I21: 63 | J21: 61.7 | K21: 61.1 | L21: 61.2 | M21: 61 | N21: Grécko | O21: 55.3

Sheet 05
A1: Miera nezamestnanosti | L1: Späť na zoznam
A2: Unemployment rate, annual average, by sex and age groups (%) [une_rt_a]
A3: http://appsso.eurostat.ec.europa.eu/nui/show.do?dataset=une_rt_a&lang=en
A4: Last update | B4: 41394.373
A5: Extracted on | B5: 41419.551
A6: Source of Data | B6: Eurostat
A8: S_ADJ | B8: Not seasonally adjusted data
A9: AGE | B9: Total
A10: SEX | B10: Total
A12: GEO/TIME | B12: 2001 | C12: 2002 | D12: 2003 | E12: 2004 | F12: 2005 | G12: 2006 | H12: 2007 | I12: 2008 | J12: 2009 | K12: 2010 | L12: 2011 | M12: 2012 | N12: GEO/TIME | O12: 2012
A13: EA17 | B13: 8.1 | C13: 8.5 | D13: 9 | E13: 9.3 | F13: 9.2 | G13: 8.5 | H13: 7.6 | I13: 7.6 | J13: 9.6 | K13: 10.1 | L13: 10.1 | M13: 11.4 | N13: Španielsko | O13: 25
A14: EU27 | B14: 8.6 | C14: 8.9 | D14: 9.1 | E14: 9.3 | F14: 9 | G14: 8.3 | H14: 7.2 | I14: 7.1 | J14: 9 | K14: 9.7 | L14: 9.7 | M14: 10.5 | N14: Grécko | O14: 24.3
A15: Holandsko | B15: 2.5 | C15: 3.1 | D15: 4.2 | E15: 5.1 | F15: 5.3 | G15: 4.4 | H15: 3.6 | I15: 3.1 | J15: 3.7 | K15: 4.5 | L15: 4.4 | M15: 5.3 | N15: Portugalsko | O15: 15.9
A16: Fínsko | B16: 9.1 | C16: 9.1 | D16: 9 | E16: 8.8 | F16: 8.4 | G16: 7.7 | H16: 6.9 | I16: 6.4 | J16: 8.2 | K16: 8.4 | L16: 7.8 | M16: 7.7 | N16: Írsko | O16: 14.7
A17: Grécko | B17: 10.7 | C17: 10.3 | D17: 9.7 | E17: 10.5 | F17: 9.9 | G17: 8.9 | H17: 8.3 | I17: 7.7 | J17: 9.5 | K17: 12.6 | L17: 17.7 | M17: 24.3 | N17: Slovensko | O17: 14
A18: Cyprus | D18: 4.1 | E18: 4.6 | F18: 5.3 | G18: 4.6 | H18: 3.9 | I18: 3.7 | J18: 5.4 | K18: 6.3 | L18: 7.9 | M18: 11.9 | N18: Cyprus | O18: 11.9
A19: Írsko | B19: 3.9 | C19: 4.5 | D19: 4.6 | E19: 4.5 | F19: 4.4 | G19: 4.5 | H19: 4.6 | I19: 6.3 | J19: 11.9 | K19: 13.7 | L19: 14.4 | M19: 14.7 | N19: EA17 | O19: 11.4
A20: Portugalsko | B20: 4.6 | C20: 5.7 | D20: 7.1 | E20: 7.5 | F20: 8.6 | G20: 8.6 | H20: 8.9 | I20: 8.5 | J20: 10.6 | K20: 12 | L20: 12.9 | M20: 15.9 | N20: Taliansko | O20: 10.7
A21: Nemecko | B21: 7.9 | C21: 8.7 | D21: 9.8 | E21: 10.5 | F21: 11.3 | G21: 10.3 | H21: 8.7 | I21: 7.5 | J21: 7.8 | K21: 7.1 | L21: 5.9 | M21: 5.5 | N21: EU27 | O21: 10.5
A22: Slovinsko | D22: 6.7 | E22: 6.3 | F22: 6.5 | G22: 6 | H22: 4.9 | I22: 4.4 | J22: 5.9 | K22: 7.3 | L22: 8.2 | M22: 8.9 | N22: Slovinsko | O22: 8.9
A23: Slovensko | B23: 19.5 | C23: 18.8 | D23: 17.7 | E23: 18.4 | F23: 16.4 | G23: 13.5 | H23: 11.2 | I23: 9.6 | J23: 12.1 | K23: 14.5 | L23: 13.6 | M23: 14 | N23: Fínsko | O23: 7.7
A24: Španielsko | B24: 10.5 | C24: 11.4 | D24: 11.4 | E24: 10.9 | F24: 9.2 | G24: 8.5 | H24: 8.3 | I24: 11.3 | J24: 18 | K24: 20.1 | L24: 21.7 | M24: 25 | N24: Nemecko | O24: 5.5
A25: Taliansko | B25: 9 | C25: 8.5 | D25: 8.4 | E25: 8 | F25: 7.7 | G25: 6.8 | H25: 6.1 | I25: 6.7 | J25: 7.8 | K25: 8.4 | L25: 8.4 | M25: 10.7 | N25: Holandsko | O25: 5.3
A27: Special values:
A28: 0 | B28: less than half the final digit shown and greater than real zero
A29: : | B29: not available
A48: Miera nezamestnanosti mladých
A49: Young people not in employment and not in any education and training, by age and sex (NEET rates) [edat_lfse_20]
A51: Last update | B51: 41451.665
A52: Extracted on | B52: 41485.634
A53: Source of data | B53: Eurostat
A55: SEX | B55: Total
A56: AGE | B56: From 15 to 24 years
A57: WSTATUS | B57: Not employed persons
A59: GEO/TIME | B59: 2000 | C59: 2001 | D59: 2002 | E59: 2003 | F59: 2004 | G59: 2005 | H59: 2006 | I59: 2007 | J59: 2008 | K59: 2009 | L59: 2010 | M59: 2011 | N59: 2012
A60: Cyprus | B60: 10.1 | C60: 7.8 | D60: 8.4 | E60: 8.9 | F60: 9.4 | G60: 19.5 | H60: 10.7 | I60: 9 | J60: 9.7 | K60: 9.9 | L60: 11.7 | M60: 14.6 | N60: 16
A61: Germany (until 1990 former territory of the FRG) | B61: 7.7 | C61: 7.4 | D61: 8.4 | E61: 10 | F61: 10.1 | G61: 10.9 | H61: 9.6 | I61: 8.9 | J61: 8.4 | K61: 8.8 | L61: 8.3 | M61: 7.5 | N61: 7.7
A62: Euro area (17 countries) | B62: 12.1 | C62: 11.6 | D62: 11.7 | E62: 11.9 | F62: 11.9 | G62: 12.1 | H62: 11.3 | I62: 10.8 | J62: 11 | K62: 12.5 | L62: 12.7 | M62: 12.6 | N62: 13.2
A63: Greece | B63: 16.9 | C63: 16.1 | D63: 15.3 | E63: 18.3 | F63: 16.8 | G63: 16.1 | H63: 12.2 | I63: 11.5 | J63: 11.7 | K63: 12.6 | L63: 14.9 | M63: 17.4 | N63: 20.3
A64: Spain | B64: 12.1 | C64: 12 | D64: 12.6 | E64: 12.5 | F64: 12.5 | G64: 13 | H64: 12 | I64: 12.2 | J64: 14.4 | K64: 18.3 | L64: 18 | M64: 18.5 | N64: 18.8
A65: European Union (27 countries) | B65: 13.2 | C65: 12.8 | D65: 13 | E65: 13 | F65: 12.8 | G65: 12.6 | H65: 11.7 | I65: 10.9 | J65: 10.9 | K65: 12.4 | L65: 12.8 | M65: 12.9 | N65: 13.2
A66: Finland | B66: 9.7 | C66: 8.5 | D66: 8.6 | E66: 9.6 | F66: 9.1 | G66: 7.8 | H66: 7.7 | I66: 7 | J66: 7.8 | K66: 9.9 | L66: 9 | M66: 8.4 | N66: 8.6
A67: Ireland | B67: : | C67: : | D67: 14 | E67: 11.7 | F67: 11.9 | G67: 10.9 | H67: 10.1 | I67: 10.7 | J67: 14.8 | K67: 18.4 | L67: 19.2 | M67: 18.8 | N67: 18.7
A68: Italy | B68: 19.1 | C68: 18.1 | D68: 16.8 | E68: 16.6 | F68: 16.6 | G68: 17 | H68: 16.8 | I68: 16.2 | J68: 16.6 | K68: 17.7 | L68: 19.1 | M68: 19.8 | N68: 21.1
A69: Netherlands | B69: 3.8 | C69: 4.1 | D69: 4 | E69: 5.1 | F69: 5.3 | G69: 5.3 | H69: 4 | I69: 3.5 | J69: 3.4 | K69: 4.1 | L69: 4.3 | M69: 3.8 | N69: 4.3
A70: Portugal | B70: 9 | C70: 9.4 | D70: 10.6 | E70: 11.2 | F70: 11.1 | G70: 11.2 | H70: 10.6 | I70: 11.2 | J70: 10.3 | K70: 11.2 | L70: 11.5 | M70: 12.7 | N70: 14.1
A71: Slovenia | B71: : | C71: 10.4 | D71: 9.5 | E71: 8 | F71: 7.5 | G71: 8.9 | H71: 8.5 | I71: 6.7 | J71: 6.5 | K71: 7.5 | L71: 7.1 | M71: 7.1 | N71: 9.3
A72: Slovakia | B72: : | C72: : | D72: 27.1 | E72: 18.2 | F72: 17.9 | G72: 15.8 | H72: 14.4 | I72: 12.5 | J72: 11.1 | K72: 12.5 | L72: 14.1 | M72: 13.8 | N72: 13.8

Sheet 06
A1: Inflácia | L1: Späť na zoznam
A2: HICP (2005 = 100) - annual data (average index and rate of change) [prc_hicp_aind]
A4: Last update | B4: 41121.381
A5: Extracted on | B5: 41220.56
A6: Source of Data | B6: Eurostat
A8: INFOTYPE | B8: Annual average rate of change
A9: COICOP | B9: All-items HICP
A11: GEO/TIME | B11: 2001 | C11: 2002 | D11: 2003 | E11: 2004 | F11: 2005 | G11: 2006 | H11: 2007 | I11: 2008 | J11: 2009 | K11: 2010 | L11: 2011 | M11: 2012 | N11: GEO/TIME | O11: 2012
A12: EA17 | B12: 2.4 | C12: 2.3 | D12: 2.1 | E12: 2.2 | F12: 2.2 | G12: 2.2 | H12: 2.1 | I12: 3.3 | J12: 0.3 | K12: 1.6 | L12: 2.7 | M12: 2.5 | N12: Slovensko | O12: 3.7
A13: Nemecko | B13: 1.9 | C13: 1.4 | D13: 1 | E13: 1.8 | F13: 1.9 | G13: 1.8 | H13: 2.3 | I13: 2.8 | J13: 0.2 | K13: 1.2 | L13: 2.5 | M13: 2.1 | N13: Taliansko | O13: 3.3
A14: Fínsko | B14: 2.7 | C14: 2 | D14: 1.3 | E14: 0.1 | F14: 0.8 | G14: 1.3 | H14: 1.6 | I14: 3.9 | J14: 1.6 | K14: 1.7 | L14: 3.3 | M14: 3.2 | N14: Fínsko | O14: 3.2
A15: Cyprus | D15: 4 | E15: 1.9 | F15: 2 | G15: 2.2 | H15: 2.2 | I15: 4.4 | J15: 0.2 | K15: 2.6 | L15: 3.5 | M15: 3.1 | N15: Cyprus | O15: 3.1
A16: EU27 | B16: 3.2 | C16: 2.5 | D16: 2.1 | E16: 2.3 | F16: 2.3 | G16: 2.3 | H16: 2.4 | I16: 3.7 | J16: 1 | K16: 2.1 | L16: 3.1 | M16: 2.6 | N16: Portugalsko | O16: 2.8
A17: Španielsko | B17: 2.8 | C17: 3.6 | D17: 3.1 | E17: 3.1 | F17: 3.4 | G17: 3.6 | H17: 2.8 | I17: 4.1 | J17: -0.2 | K17: 2 | L17: 3.1 | M17: 2.4 | N17: Holandsko | O17: 2.8
A18: Slovinsko | D18: 5.7 | E18: 3.7 | F18: 2.5 | G18: 2.5 | H18: 3.8 | I18: 5.5 | J18: 0.9 | K18: 2.1 | L18: 2.1 | M18: 2.8 | N18: Slovinsko | O18: 2.8
A19: Grécko | B19: 3.7 | C19: 3.9 | D19: 3.4 | E19: 3 | F19: 3.5 | G19: 3.3 | H19: 3 | I19: 4.2 | J19: 1.3 | K19: 4.7 | L19: 3.1 | M19: 1 | N19: EU27 | O19: 2.6
A20: Portugalsko | B20: 4.4 | C20: 3.7 | D20: 3.3 | E20: 2.5 | F20: 2.1 | G20: 3 | H20: 2.4 | I20: 2.7 | J20: -0.9 | K20: 1.4 | L20: 3.6 | M20: 2.8 | N20: EA17 | O20: 2.5
A21: Írsko | B21: 4 | C21: 4.7 | D21: 4 | E21: 2.3 | F21: 2.2 | G21: 2.7 | H21: 2.9 | I21: 3.1 | J21: -1.7 | K21: -1.6 | L21: 1.2 | M21: 1.9 | N21: Španielsko | O21: 2.4
A22: Slovensko | B22: 7.2 | C22: 3.5 | D22: 8.4 | E22: 7.5 | F22: 2.8 | G22: 4.3 | H22: 1.9 | I22: 3.9 | J22: 0.9 | K22: 0.7 | L22: 4.1 | M22: 3.7 | N22: Nemecko | O22: 2.1
A23: Taliansko | B23: 2.3 | C23: 2.6 | D23: 2.8 | E23: 2.3 | F23: 2.2 | G23: 2.2 | H23: 2 | I23: 3.5 | J23: 0.8 | K23: 1.6 | L23: 2.9 | M23: 3.3 | N23: Írsko | O23: 1.9
A24: Holandsko | B24: 5.1 | C24: 3.9 | D24: 2.2 | E24: 1.4 | F24: 1.5 | G24: 1.7 | H24: 1.6 | I24: 2.2 | J24: 1 | K24: 0.9 | L24: 2.5 | M24: 2.8 | N24: Grécko | O24: 1
A26: Special values:
A27: 0 | B27: less than half the final digit shown and greater than real zero
A28: : | B28: not available

Sheet 07
A1: Príjmy verejných financií | I1: Späť na zoznam
A2: Government revenue, expenditure and main aggregates [gov_a_main]
A3: http://appsso.eurostat.ec.europa.eu/nui/submitViewTableAction.do
A4: Last update | B4: 41204.369
A5: Extracted on | B5: 41220.574
A6: Source of Data | B6: Eurostat
A8: UNIT | B8: Percentage of GDP
A9: SECTOR | B9: General government
A10: INDIC_NA | B10: Total general government revenue
A12: GEO/TIME | B12: 2001 | C12: 2002 | D12: 2003 | E12: 2004 | F12: 2005 | G12: 2006 | H12: 2007 | I12: 2008 | J12: 2009 | K12: 2010 | L12: 2011 | M12: 2012 | N12: GEO/TIME | O12: 2012
A13: EA17 | B13: 45.2 | C13: 44.8 | D13: 44.8 | E13: 44.5 | F13: 44.8 | G13: 45.3 | H13: 45.3 | I13: 45 | J13: 44.9 | K13: 44.8 | L13: 45.4 | M13: 46.2 | N13: Fínsko | O13: 53.9
A14: EU27 | B14: 44.6 | C14: 44 | D14: 44 | E14: 43.9 | F14: 44.3 | G14: 44.7 | H14: 44.7 | I14: 44.7 | J14: 44.2 | K14: 44.1 | L14: 44.7 | M14: 45.4 | N14: Taliansko | O14: 46.1
A15: Fínsko | B15: 53.1 | C15: 53.2 | D15: 52.8 | E15: 52.5 | F15: 53 | G15: 53.3 | H15: 52.7 | I15: 53.6 | J15: 53.4 | K15: 53 | L15: 53.9 | M15: 53.7 | N15: EA17 | O15: 45.4
A16: Grécko | B16: 40.9 | C16: 40.3 | D16: 39 | E16: 38.1 | F16: 39 | G16: 39.2 | H16: 40.7 | I16: 40.7 | J16: 38.3 | K16: 40.6 | L16: 42.3 | M16: 44.7 | N16: Holandsko | O16: 45.4
A17: Holandsko | B17: 45.1 | C17: 44.1 | D17: 43.9 | E17: 44.3 | F17: 44.5 | G17: 46.1 | H17: 45.4 | I17: 46.7 | J17: 45.8 | K17: 46.1 | L17: 45.4 | M17: 46.4 | N17: Portugalsko | O17: 45
A18: Slovinsko | B18: 43.4 | C18: 43.8 | D18: 43.6 | E18: 43.5 | F18: 43.8 | G18: 43.2 | H18: 42.4 | I18: 42.4 | J18: 43.1 | K18: 44.5 | L18: 44.4 | M18: 45 | N18: Slovinsko | O18: 45
A19: Írsko | B19: 34.1 | C19: 33.2 | D19: 33.6 | E19: 35 | F19: 35.5 | G19: 37.3 | H19: 36.9 | I19: 35.7 | J19: 34.7 | K19: 35.2 | L19: 34.9 | M19: 34.6 | N19: EU27 | O19: 44.7
A20: Nemecko | B20: 44.5 | C20: 44.1 | D20: 44.3 | E20: 43.3 | F20: 43.6 | G20: 43.7 | H20: 43.7 | I20: 44 | J20: 45.1 | K20: 43.6 | L20: 44.5 | M20: 45.2 | N20: Nemecko | O20: 44.5
A21: Portugalsko | B21: 38.3 | C21: 39.6 | D21: 40.9 | E21: 41.4 | F21: 40.1 | G21: 40.6 | H21: 41.1 | I21: 41.1 | J21: 39.6 | K21: 41.4 | L21: 45 | M21: 41 | N21: Grécko | O21: 42.3
A22: Cyprus | B22: 35.7 | C22: 35.6 | D22: 38 | E22: 38.3 | F22: 40.7 | G22: 41.4 | H22: 44.8 | I22: 43.1 | J22: 40.1 | K22: 40.9 | L22: 39.7 | M22: 40 | N22: Cyprus | O22: 40
A23: Slovensko | B23: 38 | C23: 36.8 | D23: 37.4 | E23: 35.3 | F23: 35.2 | G23: 33.3 | H23: 32.4 | I23: 32.8 | J23: 33.5 | K23: 32.3 | L23: 33.2 | M23: 33.1 | N23: Španielsko | O23: 35.7
A24: Španielsko | B24: 38.1 | C24: 38.7 | D24: 38 | E24: 38.8 | F24: 39.7 | G24: 40.7 | H24: 41.1 | I24: 37 | J24: 35.1 | K24: 36.6 | L24: 35.7 | M24: 36.4 | N24: Írsko | O24: 34.9
A25: Taliansko | B25: 44.5 | C25: 44 | D25: 44.4 | E25: 44 | F25: 43.4 | G25: 45 | H25: 46 | I25: 45.9 | J25: 46.5 | K25: 46 | L25: 46.1 | M25: 47.7 | N25: Slovensko | O25: 33.2
A27: Special values:
A28: 0 | B28: less than half the final digit shown and greater than real zero
A29: : | B29: not available

Sheet 09
A1: Deficit verejných financií | K1: Späť na zoznam | Q1: Primárny deficit verejných financií (% HDP)
A2: Government deficit/surplus, debt and associated data [gov_dd_edpt1] | Q2: Government deficit/surplus, debt and associated data [gov_dd_edpt1]
A3: http://appsso.eurostat.ec.europa.eu/nui/show.do?dataset=gov_dd_edpt1&lang=en | Q3: http://appsso.eurostat.ec.europa.eu/nui/submitViewTableAction.do
A4: Last update | B4: 41403.09 | Q4: Last update | R4: 41403.82
A5: Extracted on | B5: 41420.593 | Q5: Extracted on | R5: 41420.948
A6: Source of Data | B6: Eurostat | Q6: Source of Data | R6: Eurostat
A8: UNIT | B8: Percentage of GDP | Q8: UNIT | R8: Percentage of GDP
A9: SECTOR | B9: General government | Q9: SECTOR | R9: General government
A10: INDIC_NA | B10: Net lending (+)/Net borrowing (-) under the EDP (Excessive Deficit Procedure) | Q10: INDIC_NA | R10: Primary balance
A12: GEO/TIME | B12: 2001 | C12: 2002 | D12: 2003 | E12: 2004 | F12: 2005 | G12: 2006 | H12: 2007 | I12: 2008 | J12: 2009 | K12: 2010 | L12: 2011 | M12: 2012 | N12: GEO/TIME | O12: 2012 | Q12: GEO/TIME | R12: 2001 | S12: 2002 | T12: 2003 | U12: 2004 | V12: 2005 | W12: 2006 | X12: 2007 | Y12: 2008 | Z12: 2009 | AA12: 2010 | AB12: 2011 | AC12: 2012
A13: EU27 | B13: -1.5 | C13: -2.6 | D13: -3.2 | E13: -2.9 | F13: -2.5 | G13: -1.5 | H13: -0.9 | I13: -2.4 | J13: -6.9 | K13: -6.5 | L13: -4.4 | M13: -4 | N13: Nemecko | O13: 0.2 | Q13: Nemecko | R13: 0 | S13: -0.9 | T13: -1.1 | U13: -0.9 | V13: -0.5 | W13: 1.2 | X13: 3 | Y13: 2.7 | Z13: -0.4 | AA13: -1.6 | AB13: 1.8 | AC13: 2.6
A14: EA17 | B14: -1.9 | C14: -2.6 | D14: -3.1 | E14: -2.9 | F14: -2.5 | G14: -1.3 | H14: -0.7 | I14: -2.1 | J14: -6.3 | K14: -6.2 | L14: -4.1 | M14: -3.7 | N14: Fínsko | O14: -1.9 | Q14: Taliansko | R14: 3.1 | S14: 2.5 | T14: 1.5 | U14: 1.2 | V14: 0.2 | W14: 1.2 | X14: 3.4 | Y14: 2.5 | Z14: -0.8 | AA14: 0.1 | AB14: 1 | AC14: 2.5
A15: Fínsko | B15: 5.1 | C15: 4.2 | D15: 2.6 | E15: 2.5 | F15: 2.9 | G15: 4.2 | H15: 5.3 | I15: 4.4 | J15: -2.5 | K15: -2.5 | L15: -0.6 | M15: -1.9 | N15: Taliansko | O15: -3 | Q15: EA17 | R15: 1.8 | S15: 0.8 | T15: 0.1 | U15: 0.2 | V15: 0.5 | W15: 1.5 | X15: 2.3 | Y15: 0.9 | Z15: -3.5 | AA15: -3.4 | AB15: -1.1 | AC15: -0.6
A16: Grécko | B16: -4.5 | C16: -4.8 | D16: -5.6 | E16: -7.5 | F16: -5.2 | G16: -5.7 | H16: -6.5 | I16: -9.8 | J16: -15.6 | K16: -10.7 | L16: -9.4 | M16: -10 | N16: EA17 | O16: -3.7 | Q16: Fínsko | R16: 7.8 | S16: 6.3 | T16: 4.4 | U16: 4 | V16: 4.4 | W16: 5.6 | X16: 6.8 | Y16: 5.8 | Z16: -1.3 | AA16: -1.4 | AB16: 0.5 | AC16: -0.8
A17: Holandsko | B17: -0.2 | C17: -2.1 | D17: -3.1 | E17: -1.7 | F17: -0.3 | G17: 0.5 | H17: 0.2 | I17: 0.5 | J17: -5.6 | K17: -5.1 | L17: -4.5 | M17: -4.1 | N17: EU27 | O17: -4 | Q17: EU27 | R17: 2 | S17: 0.6 | T17: -0.2 | U17: 0 | V17: 0.3 | W17: 1.2 | X17: 1.8 | Y17: 0.4 | Z17: -4.2 | AA17: -3.8 | AB17: -1.5 | AC17: -1
A18: Slovinsko | D18: -2.7 | E18: -2.3 | F18: -1.5 | G18: -1.4 | H18: 0 | I18: -1.9 | J18: -6.2 | K18: -5.9 | L18: -6.4 | M18: -4 | N18: Slovinsko | O18: -4 | Q18: Slovinsko | R18: -1.6 | S18: -0.3 | T18: -0.7 | U18: -0.6 | V18: 0.1 | W18: 0 | X18: 1.2 | Y18: -0.8 | Z18: -4.9 | AA18: -4.3 | AB18: -4.4 | AC18: -1
A19: Nemecko | B19: -3.1 | C19: -3.8 | D19: -4.2 | E19: -3.8 | F19: -3.3 | G19: -1.6 | H19: 0.2 | I19: -0.1 | J19: -3.1 | K19: -4.1 | L19: -0.8 | M19: 0.2 | N19: Holandsko | O19: -4.1 | Q19: Portugalsko | R19: -1.8 | S19: -0.6 | T19: -1 | U19: -1.4 | V19: -4 | W19: -1.8 | X19: -0.2 | Y19: -0.6 | Z19: -7.3 | AA19: -7 | AB19: -0.4 | AC19: -2
A20: Portugalsko | B20: -4.8 | C20: -3.4 | D20: -3.7 | E20: -4 | F20: -6.5 | G20: -4.6 | H20: -3.1 | I20: -3.6 | J20: -10.2 | K20: -9.8 | L20: -4.4 | M20: -6.4 | N20: Slovensko | O20: -4.3 | Q20: Holandsko | R20: 2.9 | S20: 0.7 | T20: -0.6 | U20: 0.7 | V20: 2.1 | W20: 2.7 | X20: 2.4 | Y20: 2.7 | Z20: -3.4 | AA20: -3.1 | AB20: -2.4 | AC20: -2.2
A21: Cyprus | D21: -6.6 | E21: -4.1 | F21: -2.4 | G21: -1.2 | H21: 3.5 | I21: 0.9 | J21: -6.1 | K21: -5.3 | L21: -6.3 | M21: -6.3 | N21: Cyprus | O21: -6.3 | Q21: Slovensko | R21: -2.5 | S21: -4.7 | T21: -0.3 | U21: -0.2 | V21: -1.1 | W21: -1.7 | X21: -0.4 | Y21: -0.8 | Z21: -6.6 | AA21: -6.3 | AB21: -3.4 | AC21: -2.5
A22: Írsko | B22: 0.9 | C22: -0.4 | D22: 0.4 | E22: 1.4 | F22: 1.7 | G22: 2.9 | H22: 0.1 | I22: -7.4 | J22: -13.9 | K22: -30.9 | L22: -13.4 | M22: -7.6 | N22: Portugalsko | O22: -6.4 | Q22: Cyprus | R22: 1.1 | S22: -1.2 | T22: -3 | U22: -0.8 | V22: 1.1 | W22: 2.1 | X22: 6.5 | Y22: 3.8 | Z22: -3.6 | AA22: -3 | AB22: -3.9 | AC22: -3.1
A23: Taliansko | B23: -3.1 | C23: -3.1 | D23: -3.6 | E23: -3.5 | F23: -4.4 | G23: -3.4 | H23: -1.6 | I23: -2.7 | J23: -5.4 | K23: -4.5 | L23: -3.9 | M23: -3 | N23: Írsko | O23: -7.6 | Q23: Írsko | R23: 2.4 | S23: 1.1 | T23: 1.7 | U23: 2.5 | V23: 2.7 | W23: 4 | X23: 1.1 | Y23: -6 | Z23: -11.9 | AA23: -27.7 | AB23: -10 | AC23: -3.9
A24: Slovensko | B24: -6.5 | C24: -8.2 | D24: -2.8 | E24: -2.4 | F24: -2.8 | G24: -3.2 | H24: -1.8 | I24: -2.1 | J24: -8 | K24: -7.7 | L24: -4.9 | M24: -4.3 | N24: Grécko | O24: -10 | Q24: Grécko | R24: 2 | S24: 0.7 | T24: -0.7 | U24: -2.6 | V24: -0.7 | W24: -1.4 | X24: -2 | Y24: -4.8 | Z24: -10.5 | AA24: -4.9 | AB24: -2.3 | AC24: -5
A25: Španielsko | B25: -0.5 | C25: -0.2 | D25: -0.3 | E25: -0.1 | F25: 1.3 | G25: 2.4 | H25: 1.9 | I25: -4.5 | J25: -11.2 | K25: -9.7 | L25: -9.4 | M25: -10.6 | N25: Španielsko | O25: -10.6 | Q25: Španielsko | R25: 2.5 | S25: 2.5 | T25: 2 | U25: 1.9 | V25: 3.1 | W25: 4 | X25: 3.5 | Y25: -2.9 | Z25: -9.4 | AA25: -7.7 | AB25: -7 | AC25: -7.7
A27: Special values:
A28: 0 | B28: less than half the final digit shown and greater than real zero
A29: : | B29: not available

Sheet 10
A1: Hrubý vládny dlh | K1: Späť na zoznam
A2: Government deficit/surplus, debt and associated data [gov_dd_edpt1]
A3: http://appsso.eurostat.ec.europa.eu/nui/submitViewTableAction.do
A4: Last update | B4: 41403.09
A5: Extracted on | B5: 41420.599
A6: Source of Data | B6: Eurostat
A8: UNIT | B8: Percentage of GDP
A9: SECTOR | B9: General government
A10: INDIC_NA | B10: Government consolidated gross debt
A12: GEO/TIME | B12: 2001 | C12: 2002 | D12: 2003 | E12: 2004 | F12: 2005 | G12: 2006 | H12: 2007 | I12: 2008 | J12: 2009 | K12: 2010 | L12: 2011 | M12: 2012 | N12: GEO/TIME | O12: 2012
A13: EA17 | B13: 68.2 | C13: 68 | D13: 69.2 | E13: 69.6 | F13: 70.3 | G13: 68.6 | H13: 66.4 | I13: 70.2 | J13: 80 | K13: 85.4 | L13: 87.3 | M13: 90.6 | N13: Grécko | O13: 156.9
A14: EU27 | B14: 61 | C14: 60.5 | D14: 61.9 | E14: 62.3 | F14: 62.8 | G14: 61.6 | H14: 59 | I14: 62.2 | J14: 74.6 | K14: 80 | L14: 82.5 | M14: 85.3 | N14: Taliansko | O14: 127
A15: Fínsko | B15: 42.5 | C15: 41.5 | D15: 44.5 | E15: 44.4 | F15: 41.7 | G15: 39.6 | H15: 35.2 | I15: 33.9 | J15: 43.5 | K15: 48.6 | L15: 49 | M15: 53 | N15: Portugalsko | O15: 123.6
A16: Grécko | B16: 103.7 | C16: 101.7 | D16: 97.4 | E16: 98.6 | F16: 100 | G16: 106.1 | H16: 107.4 | I16: 112.9 | J16: 129.7 | K16: 148.3 | L16: 170.6 | M16: 156.9 | N16: Írsko | O16: 117.6
A17: Holandsko | B17: 50.7 | C17: 50.5 | D17: 52 | E17: 52.4 | F17: 51.8 | G17: 47.4 | H17: 45.3 | I17: 58.5 | J17: 60.8 | K17: 63.1 | L17: 65.5 | M17: 71.2 | N17: EA17 | O17: 90.6
A18: Cyprus | B18: 61.2 | C18: 65.1 | D18: 69.7 | E18: 70.9 | F18: 69.4 | G18: 64.7 | H18: 58.8 | I18: 48.9 | J18: 58.5 | K18: 61.3 | L18: 71.1 | M18: 85.8 | N18: Cyprus | O18: 85.8
A19: Írsko | B19: 35.1 | C19: 31.9 | D19: 30.7 | E19: 29.4 | F19: 27.2 | G19: 24.5 | H19: 24.8 | I19: 44.5 | J19: 64.9 | K19: 92.2 | L19: 106.4 | M19: 117.6 | N19: EU27 | O19: 85.3
A20: Portugalsko | B20: 53.8 | C20: 56.8 | D20: 59.4 | E20: 61.9 | F20: 67.7 | G20: 69.4 | H20: 68.4 | I20: 71.7 | J20: 83.2 | K20: 93.5 | L20: 108.1 | M20: 123.6 | N20: Španielsko | O20: 84.2
A21: Nemecko | B21: 59.1 | C21: 60.7 | D21: 64.4 | E21: 66.2 | F21: 68.5 | G21: 68 | H21: 65.2 | I21: 66.8 | J21: 74.5 | K21: 82.5 | L21: 80.5 | M21: 81.9 | N21: Nemecko | O21: 81.9
A22: Slovensko | B22: 48.9 | C22: 43.4 | D22: 42.4 | E22: 41.5 | F22: 34.2 | G22: 30.5 | H22: 29.6 | I22: 27.9 | J22: 35.6 | K22: 41 | L22: 43.3 | M22: 52.1 | N22: Holandsko | O22: 71.2
A23: Slovinsko | B23: 26.5 | C23: 27.8 | D23: 27.2 | E23: 27.3 | F23: 26.7 | G23: 26.4 | H23: 23.1 | I23: 22 | J23: 35 | K23: 38.6 | L23: 46.9 | M23: 54.1 | N23: Slovinsko | O23: 54.1
A24: Španielsko | B24: 55.6 | C24: 52.6 | D24: 48.8 | E24: 46.3 | F24: 43.2 | G24: 39.7 | H24: 36.3 | I24: 40.2 | J24: 53.9 | K24: 61.5 | L24: 69.3 | M24: 84.2 | N24: Fínsko | O24: 53
A25: Taliansko | B25: 108.2 | C25: 105.1 | D25: 103.9 | E25: 103.4 | F25: 105.7 | G25: 106.3 | H25: 103.3 | I25: 106.1 | J25: 116.4 | K25: 119.2 | L25: 120.7 | M25: 127 | N25: Slovensko | O25: 52.1
A27: Special values:
A28: 0 | B28: less than half the final digit shown and greater than real zero
A29: : | B29: not available

Sheet 11
A1: Dlhodobá úroková miera na 10 ročné vládne dlhopisy | L1: Späť na zoznam
A2: EMU convergence criterion series - monthly data [irt_lt_mcby_m]
A3: http://appsso.eurostat.ec.europa.eu/nui/show.do?dataset=irt_lt_mcby_m&lang=en
A4: Last update | B4: 41409.368
A5: Extracted on | B5: 41420.638
A6: Source of Data | B6: Eurostat
A8: INTRT | B8: EMU convergence criterion bond yields
B9: 01 | C9: 02 | D9: 03 | E9: 04 | F9: 05 | G9: 06 | H9: 07 | I9: 08 | J9: 09 | K9: 10 | L9: 11 | M9: 12 | N9: 01 | O9: 02 | P9: 03 | Q9: 04 | R9: 05 | S9: 06 | T9: 07 | U9: 08 | V9: 09 | W9: 10 | X9: 11 | Y9: 12 | Z9: 01 | AA9: 02 | AB9: 03 | AC9: 04 | AD9: 05 | AE9: 06 | AF9: 07 | AG9: 08 | AH9: 09 | AI9: 10 | AJ9: 11 | AK9: 12 | AL9: 01 | AM9: 02 | AN9: 03 | AO9: 04 | AP9: 05 | AQ9: 06 | AR9: 07 | AS9: 08 | AT9: 09 | AU9: 10 | AV9: 11 | AW9: 12 | AX9: 01 | AY9: 02 | AZ9: 03 | BA9: 04 | BB9: 05 | BC9: 06 | BD9: 07 | BE9: 08 | BF9: 09 | BG9: 10 | BH9: 11 | BI9: 12 | BJ9: 01 | BK9: 02 | BL9: 03 | BM9: 04 | BN9: 05 | BO9: 06 | BP9: 07 | BQ9: 08 | BR9: 09 | BS9: 10 | BT9: 11 | BU9: 12 | BV9: 01 | BW9: 02 | BX9: 03 | BY9: 04 | BZ9: 05 | CA9: 06 | CB9: 07 | CC9: 08 | CD9: 09 | CE9: 10 | CF9: 11 | CG9: 12 | CH9: 01 | CI9: 02 | CJ9: 03 | CK9: 04 | CL9: 05 | CM9: 06 | CN9: 07 | CO9: 08 | CP9: 09 | CQ9: 10 | CR9: 11 | CS9: 12 | CT9: 01 | CU9: 02 | CV9: 03 | CW9: 04 | CX9: 05 | CY9: 06 | CZ9: 07 | DA9: 08 | DB9: 09 | DC9: 10 | DD9: 11 | DE9: 12 | DF9: 01 | DG9: 02 | DH9: 03 | DI9: 04 | DJ9: 05 | DK9: 06 | DL9: 07 | DM9: 08 | DN9: 09 | DO9: 10 | DP9: 11 | DQ9: 12 | DR9: 01 | DS9: 02 | DT9: 03 | DU9: 04 | DV9: 05 | DW9: 06 | DX9: 07 | DY9: 08 | DZ9: 09 | EA9: 10 | EB9: 11 | EC9: 12 | ED9: 01 | EE9: 02 | EF9: 03 | EG9: 04 | EH9: 05 | EI9: 06 | EJ9: 07 | EK9: 08 | EL9: 09 | EM9: 10 | EN9: 11 | EO9: 12 | EP9: 01 | EQ9: 02 | ER9: 03 | ES9: 04
B10: 2001 | C10: =B10 -> 2001 | D10: =B10 -> 2001 | E10: =B10 -> 2001 | F10: =B10 -> 2001 | G10: =B10 -> 2001 | H10: =B10 -> 2001 | I10: =B10 -> 2001 | J10: =B10 -> 2001 | K10: =B10 -> 2001 | L10: =B10 -> 2001 | M10: =B10 -> 2001 | N10: 2002 | O10: =N10 -> 2002 | P10: =N10 -> 2002 | Q10: =N10 -> 2002 | R10: =N10 -> 2002 | S10: =N10 -> 2002 | T10: =N10 -> 2002 | U10: =N10 -> 2002 | V10: =N10 -> 2002 | W10: =N10 -> 2002 | X10: =N10 -> 2002 | Y10: =N10 -> 2002 | Z10: 2003 | AA10: =Z10 -> 2003 | AB10: =Z10 -> 2003 | AC10: =Z10 -> 2003 | AD10: =Z10 -> 2003 | AE10: =Z10 -> 2003 | AF10: =Z10 -> 2003 | AG10: =Z10 -> 2003 | AH10: =Z10 -> 2003 | AI10: =Z10 -> 2003 | AJ10: =Z10 -> 2003 | AK10: =Z10 -> 2003 | AL10: 2004 | AM10: =AL10 -> 2004 | AN10: =AL10 -> 2004 | AO10: =AL10 -> 2004 | AP10: =AL10 -> 2004 | AQ10: =AL10 -> 2004 | AR10: =AL10 -> 2004 | AS10: =AL10 -> 2004 | AT10: =AL10 -> 2004 | AU10: =AL10 -> 2004 | AV10: =AL10 -> 2004 | AW10: =AL10 -> 2004 | AX10: 2005 | AY10: =AX10 -> 2005 | AZ10: =AX10 -> 2005 | BA10: =AX10 -> 2005 | BB10: =AX10 -> 2005 | BC10: =AX10 -> 2005 | BD10: =AX10 -> 2005 | BE10: =AX10 -> 2005 | BF10: =AX10 -> 2005 | BG10: =AX10 -> 2005 | BH10: =AX10 -> 2005 | BI10: =AX10 -> 2005 | BJ10: 2006 | BK10: =BJ10 -> 2006 | BL10: =BJ10 -> 2006 | BM10: =BJ10 -> 2006 | BN10: =BJ10 -> 2006 | BO10: =BJ10 -> 2006 | BP10: =BJ10 -> 2006 | BQ10: =BJ10 -> 2006 | BR10: =BJ10 -> 2006 | BS10: =BJ10 -> 2006 | BT10: =BJ10 -> 2006 | BU10: =BJ10 -> 2006 | BV10: 2007 | BW10: =BV10 -> 2007 | BX10: =BV10 -> 2007 | BY10: =BV10 -> 2007 | BZ10: =BV10 -> 2007 | CA10: =BV10 -> 2007 | CB10: =BV10 -> 2007 | CC10: =BV10 -> 2007 | CD10: =BV10 -> 2007 | CE10: =BV10 -> 2007 | CF10: =BV10 -> 2007 | CG10: =BV10 -> 2007 | CH10: 2008 | CI10: =CH10 -> 2008 | CJ10: =CH10 -> 2008 | CK10: =CH10 -> 2008 | CL10: =CH10 -> 2008 | CM10: =CH10 -> 2008 | CN10: =CH10 -> 2008 | CO10: =CH10 -> 2008 | CP10: =CH10 -> 2008 | CQ10: =CH10 -> 2008 | CR10: =CH10 -> 2008 | CS10: =CH10 -> 2008 | CT10: 2009 | CU10: =CT10 -> 2009 | CV10: =CT10 -> 2009 | CW10: =CT10 -> 2009 | CX10: =CT10 -> 2009 | CY10: =CT10 -> 2009 | CZ10: =CT10 -> 2009 | DA10: =CT10 -> 2009 | DB10: =CT10 -> 2009 | DC10: =CT10 -> 2009 | DD10: =CT10 -> 2009 | DE10: =CT10 -> 2009 | DF10: 2010 | DG10: =DF10 -> 2010 | DH10: =DF10 -> 2010 | DI10: =DF10 -> 2010 | DJ10: =DF10 -> 2010 | DK10: =DF10 -> 2010 | DL10: =DF10 -> 2010 | DM10: =DF10 -> 2010 | DN10: =DF10 -> 2010 | DO10: =DF10 -> 2010 | DP10: =DF10 -> 2010 | DQ10: =DF10 -> 2010 | DR10: 2011 | DS10: =DR10 -> 2011 | DT10: =DR10 -> 2011 | DU10: =DR10 -> 2011 | DV10: =DR10 -> 2011 | DW10: =DR10 -> 2011 | DX10: =DR10 -> 2011 | DY10: =DR10 -> 2011 | DZ10: =DR10 -> 2011 | EA10: =DR10 -> 2011 | EB10: =DR10 -> 2011 | EC10: =DR10 -> 2011 | ED10: 2012 | EE10: =ED10 -> 2012 | EF10: =ED10 -> 2012 | EG10: =ED10 -> 2012 | EH10: =ED10 -> 2012 | EI10: =ED10 -> 2012 | EJ10: =ED10 -> 2012 | EK10: =ED10 -> 2012 | EL10: =ED10 -> 2012 | EM10: =EE10 -> 2012 | EN10: 2012 | EO10: 2012 | EP10: 2013 | EQ10: 2013 | ER10: 2013 | ES10: 2013
A11: GEO/TIME | B11: =B9&"-"&B10 -> 01-2001 | C11: =C9&"-"&C10 -> 02-2001 | D11: =D9&"-"&D10 -> 03-2001 | E11: =E9&"-"&E10 -> 04-2001 | F11: =F9&"-"&F10 -> 05-2001 | G11: =G9&"-"&G10 -> 06-2001 | H11: =H9&"-"&H10 -> 07-2001 | I11: =I9&"-"&I10 -> 08-2001 | ... ES11: =ES9&"-"&ES10 -> 04-2013 | EV11: 2013M04
A12: EA17 | B12: 4.99 | C12: 4.99 | D12: 4.9 | E12: 5.06 | F12: 5.25 | G12: 5.2 | H12: 5.21 | I12: 5.02 | J12: 5 | K12: 4.78 | L12: 4.63 | M12: 4.9 | N12: 4.99 | O12: 5.05 | P12: 5.29 | Q12: 5.28 | R12: 5.3 | S12: 5.15 | T12: 5 | U12: 4.72 | V12: 4.51 | W12: 4.59 | X12: 4.58 | Y12: 4.42 | Z12: 4.25 | AA12: 4.03 | AB12: 4.08 | AC12: 4.22 | AD12: 3.9 | AE12: 3.7 | AF12: 4.03 | AG12: 4.19 | AH12: 4.23 | AI12: 4.28 | AJ12: 4.41 | AK12: 4.35 | AL12: 4.22 | AM12: 4.18 | AN12: 4 | AO12: 4.19 | AP12: 4.35 | AQ12: 4.41 | AR12: 4.3 | AS12: 4.15 | AT12: 4.1 | AU12: 3.98 | AV12: 3.86 | AW12: 3.65 | AX12: 3.6 | AY12: 3.59 | AZ12: 3.74 | BA12: 3.54 | BB12: 3.38 | BC12: 3.22 | BD12: 3.28 | BE12: 3.3 | BF12: 3.14 | BG12: 3.3 | BH12: 3.51 | BI12: 3.4 | BJ12: 3.38 | BK12: 3.53 | BL12: 3.72 | BM12: 3.98 | BN12: 4.04 | BO12: 4.05 | BP12: 4.08 | BQ12: 3.95 | BR12: 3.83 | BS12: 3.86 | BT12: 3.79 | BU12: 3.85 | BV12: 4.1 | BW12: 4.12 | BX12: 4.02 | BY12: 4.23 | BZ12: 4.36 | CA12: 4.64 | CB12: 4.6 | CC12: 4.42 | CD12: 4.37 | CE12: 4.41 | CF12: 4.24 | CG12: 4.36 | CH12: 4.19 | CI12: 4.13 | CJ12: 4.07 | CK12: 4.28 | CL12: 4.43 | CM12: 4.78 | CN12: 4.76 | CO12: 4.48 | CP12: 4.43 | CQ12: 4.31 | CR12: 4.1 | CS12: 3.73 | CT12: 3.88 | CU12: 3.94 | CV12: 3.85 | CW12: 3.84 | CX12: 3.95 | CY12: 4.09 | CZ12: 3.89 | DA12: 3.73 | DB12: 3.7 | DC12: 3.66 | DD12: 3.66 | DE12: 3.63 | DF12: 3.74 | DG12: 3.72 | DH12: 3.62 | DI12: 3.68 | DJ12: 3.52 | DK12: 3.6 | DL12: 3.6 | DM12: 3.34 | DN12: 3.39 | DO12: 3.35 | DP12: 3.75 | DQ12: 4.13 | DR12: 4.23 | DS12: 4.32 | DT12: 4.4 | DU12: 4.55 | DV12: 4.47 | DW12: 4.5 | DX12: 4.64 | DY12: 4.17 | DZ12: 4.08 | EA12: 4.28 | EB12: 4.69 | EC12: 4.63 | ED12: 4.65 | EE12: 4.45 | EF12: 4.06 | EG12: 4.24 | EH12: 4.28 | EI12: 4.3 | EJ12: 4.16 | EK12: 4.03 | EL12: 3.79 | EM12: 3.57 | EN12: 3.47 | EO12: 3.18 | EP12: 3.11 | EQ12: 3.21 | ER12: 3.09 | ES12: 2.87 | EU12: Grécko | EV12: 11.58
A13: EU27 | B13: 4.98 | C13: 4.98 | D13: 4.89 | E13: 5.05 | F13: 5.25 | G13: 5.22 | H13: 5.23 | I13: 5.03 | J13: 5.01 | K13: 4.8 | L13: 4.64 | M13: 4.91 | N13: 5 | O13: 5.06 | P13: 5.3 | Q13: 5.3 | R13: 5.32 | S13: 5.17 | T13: 5.01 | U13: 4.72 | V13: 4.51 | W13: 4.6 | X13: 4.59 | Y13: 4.44 | Z13: 4.27 | AA13: 4.09 | AB13: 4.15 | AC13: 4.29 | AD13: 3.98 | AE13: 3.8 | AF13: 4.12 | AG13: 4.28 | AH13: 4.33 | AI13: 4.41 | AJ13: 4.55 | AK13: 4.47 | AL13: 4.33 | AM13: 4.31 | AN13: 4.14 | AO13: 4.34 | AP13: 4.66 | AQ13: 4.72 | AR13: 4.64 | AS13: 4.5 | AT13: 4.44 | AU13: 4.31 | AV13: 4.18 | AW13: 3.96 | AX13: 3.91 | AY13: 3.89 | AZ13: 4.03 | BA13: 3.84 | BB13: 3.68 | BC13: 3.5 | BD13: 3.53 | BE13: 3.56 | BF13: 3.4 | BG13: 3.58 | BH13: 3.76 | BI13: 3.66 | BJ13: 3.58 | BK13: 3.7 | BL13: 3.87 | BM13: 4.12 | BN13: 4.2 | BO13: 4.23 | BP13: 4.26 | BQ13: 4.16 | BR13: 4.05 | BS13: 4.08 | BT13: 4 | BU13: 4.05 | BV13: 4.35 | BW13: 4.38 | BX13: 4.29 | BY13: 4.48 | BZ13: 4.6 | CA13: 4.86 | CB13: 4.83 | CC13: 4.66 | CD13: 4.6 | CE13: 4.62 | CF13: 4.47 | CG13: 4.57 | CH13: 4.38 | CI13: 4.36 | CJ13: 4.34 | CK13: 4.52 | CL13: 4.67 | CM13: 5.01 | CN13: 4.96 | CO13: 4.7 | CP13: 4.64 | CQ13: 4.58 | CR13: 4.38 | CS13: 3.97 | CT13: 4.07 | CU13: 4.17 | CV13: 4.13 | CW13: 4.14 | CX13: 4.23 | CY13: 4.42 | CZ13: 4.26 | DA13: 4.11 | DB13: 4.08 | DC13: 3.98 | DD13: 3.97 | DE13: 3.96 | DF13: 4.11 | DG13: 4.05 | DH13: 3.92 | DI13: 3.93 | DJ13: 3.78 | DK13: 3.77 | DL13: 3.74 | DM13: 3.48 | DN13: 3.54 | DO13: 3.5 | DP13: 3.85 | DQ13: 4.2 | DR13: 4.3 | DS13: 4.4 | DT13: 4.43 | DU13: 4.53 | DV13: 4.42 | DW13: 4.4 | DX13: 4.48 | DY13: 4.03 | DZ13: 3.91 | EA13: 4.08 | EB13: 4.35 | EC13: 4.29 | ED13: 4.32 | EE13: 4.16 | EF13: 3.89 | EG13: 3.99 | EH13: 3.97 | EI13: 3.94 | EJ13: 3.79 | EK13: 3.69 | EL13: 3.51 | EM13: 3.34 | EN13: 3.24 | EO13: 3.02 | EP13: 2.99 | EQ13: 3.08 | ER13: 2.96 | ES13: 2.73 | EU13: Cyprus | EV13: 7
A14: Fínsko | B14: 5.02 | C14: 5.02 | D14: 4.94 | E14: 5.1 | F14: 5.29 | G14: 5.26 | H14: 5.27 | I14: 5.06 | J14: 5.06 | K14: 4.83 | L14: 4.69 | M14: 4.98 | N14: 5.05 | O14: 5.1 | P14: 5.33 | Q14: 5.32 | R14: 5.4 | S14: 5.26 | T14: 5.1 | U14: 4.81 | V14: 4.61 | W14: 4.68 | X14: 4.66 | Y14: 4.45 | Z14: 4.26 | AA14: 4.05 | AB14: 4.09 | AC14: 4.23 | AD14: 3.91 | AE14: 3.7 | AF14: 4.01 | AG14: 4.18 | AH14: 4.2 | AI14: 4.26 | AJ14: 4.39 | AK14: 4.33 | AL14: 4.16 | AM14: 4.11 | AN14: 3.92 | AO14: 4.1 | AP14: 4.25 | AQ14: 4.48 | AR14: 4.37 | AS14: 4.21 | AT14: 4.14 | AU14: 4.01 | AV14: 3.89 | AW14: 3.68 | AX14: 3.6 | AY14: 3.57 | AZ14: 3.72 | BA14: 3.51 | BB14: 3.33 | BC14: 3.16 | BD14: 3.18 | BE14: 3.21 | BF14: 3.05 | BG14: 3.19 | BH14: 3.4 | BI14: 3.3 | BJ14: 3.28 | BK14: 3.44 | BL14: 3.62 | BM14: 3.88 | BN14: 3.94 | BO14: 4.02 | BP14: 4.07 | BQ14: 3.94 | BR14: 3.8 | BS14: 3.84 | BT14: 3.75 | BU14: 3.82 | BV14: 4.05 | BW14: 4.08 | BX14: 3.98 | BY14: 4.2 | BZ14: 4.33 | CA14: 4.62 | CB14: 4.59 | CC14: 4.39 | CD14: 4.34 | CE14: 4.38 | CF14: 4.22 | CG14: 4.34 | CH14: 4.14 | CI14: 4.06 | CJ14: 4 | CK14: 4.22 | CL14: 4.47 | CM14: 4.78 | CN14: 4.77 | CO14: 4.47 | CP14: 4.43 | CQ14: 4.33 | CR14: 4.09 | CS14: 3.72 | CT14: 3.87 | CU14: 3.93 | CV14: 3.81 | CW14: 3.78 | CX14: 3.91 | CY14: 3.98 | CZ14: 3.77 | DA14: 3.63 | DB14: 3.62 | DC14: 3.57 | DD14: 3.53 | DE14: 3.46 | DF14: 3.49 | DG14: 3.38 | DH14: 3.26 | DI14: 3.36 | DJ14: 3.03 | DK14: 2.92 | DL14: 2.85 | DM14: 2.62 | DN14: 2.58 | DO14: 2.63 | DP14: 2.82 | DQ14: 3.19 | DR14: 3.27 | DS14: 3.41 | DT14: 3.45 | DU14: 3.57 | DV14: 3.32 | DW14: 3.29 | DX14: 3.16 | DY14: 2.68 | DZ14: 2.35 | EA14: 2.51 | EB14: 2.54 | EC14: 2.52 | ED14: 2.28 | EE14: 2.34 | EF14: 2.31 | EG14: 2.15 | EH14: 1.82 | EI14: 1.76 | EJ14: 1.55 | EK14: 1.55 | EL14: 1.82 | EM14: 1.78 | EN14: 1.67 | EO14: 1.6 | EP14: 1.75 | EQ14: 1.81 | ER14: 1.61 | ES14: 1.51 | EU14: Portugalsko | EV14: 6.15
A15: Grécko | B15: 5.35 | C15: 5.35 | D15: 5.28 | E15: 5.39 | F15: 5.54 | G15: 5.48 | H15: 5.51 | I15: 5.33 | J15: 5.31 | K15: 5.07 | L15: 4.9 | M15: 5.13 | N15: 5.24 | O15: 5.31 | P15: 5.5 | Q15: 5.51 | R15: 5.52 | S15: 5.37 | T15: 5.21 | U15: 4.95 | V15: 4.73 | W15: 4.79 | X15: 4.76 | Y15: 4.58 | Z15: 4.43 | AA15: 4.24 | AB15: 4.26 | AC15: 4.38 | AD15: 4.02 | AE15: 3.81 | AF15: 4.12 | AG15: 4.29 | AH15: 4.32 | AI15: 4.38 | AJ15: 4.51 | AK15: 4.45 | AL15: 4.37 | AM15: 4.35 | AN15: 4.17 | AO15: 4.35 | AP15: 4.49 | AQ15: 4.55 | AR15: 4.44 | AS15: 4.28 | AT15: 4.22 | AU15: 4.11 | AV15: 3.97 | AW15: 3.77 | AX15: 3.69 | AY15: 3.69 | AZ15: 3.92 | BA15: 3.76 | BB15: 3.6 | BC15: 3.44 | BD15: 3.46 | BE15: 3.47 | BF15: 3.3 | BG15: 3.45 | BH15: 3.67 | BI15: 3.57 | BJ15: 3.6 | BK15: 3.77 | BL15: 3.95 | BM15: 4.23 | BN15: 4.3 | BO15: 4.31 | BP15: 4.33 | BQ15: 4.19 | BR15: 4.06 | BS15: 4.08 | BT15: 3.98 | BU15: 4.04 | BV15: 4.28 | BW15: 4.3 | BX15: 4.2 | BY15: 4.4 | BZ15: 4.51 | CA15: 4.8 | CB15: 4.79 | CC15: 4.62 | CD15: 4.56 | CE15: 4.58 | CF15: 4.43 | CG15: 4.53 | CH15: 4.4 | CI15: 4.36 | CJ15: 4.42 | CK15: 4.54 | CL15: 4.74 | CM15: 5.17 | CN15: 5.15 | CO15: 4.87 | CP15: 4.88 | CQ15: 4.93 | CR15: 5.09 | CS15: 5.08 | CT15: 5.6 | CU15: 5.7 | CV15: 5.87 | CW15: 5.5 | CX15: 5.22 | CY15: 5.33 | CZ15: 4.89 | DA15: 4.52 | DB15: 4.56 | DC15: 4.57 | DD15: 4.84 | DE15: 5.49 | DF15: 6.02 | DG15: 6.46 | DH15: 6.24 | DI15: 7.83 | DJ15: 7.97 | DK15: 9.1 | DL15: 10.34 | DM15: 10.7 | DN15: 11.34 | DO15: 9.57 | DP15: 11.52 | DQ15: 12.01 | DR15: 11.73 | DS15: 11.4 | DT15: 12.44 | DU15: 13.86 | DV15: 15.94 | DW15: 16.69 | DX15: 16.15 | DY15: 15.9 | DZ15: 17.78 | EA15: 18.04 | EB15: 17.92 | EC15: 21.14 | ED15: 25.91 | EE15: 29.24 | EF15: 19.07 | EG15: 21.48 | EH15: 26.9 | EI15: 27.82 | EJ15: 25.82 | EK15: 24.34 | EL15: 20.91 | EM15: 17.96 | EN15: 17.2 | EO15: 13.33 | EP15: 11.1 | EQ15: 10.95 | ER15: 11.38 | ES15: 11.58 | EU15: Slovinsko | EV15: 5.93
A16: Holandsko | B16: 4.93 | C16: 4.92 | D16: 4.83 | E16: 5.02 | F16: 5.22 | G16: 5.17 | H16: 5.17 | I16: 4.98 | J16: 4.98 | K16: 4.76 | L16: 4.62 | M16: 4.89 | N16: 4.97 | O16: 5.02 | P16: 5.27 | Q16: 5.25 | R16: 5.3 | S16: 5.16 | T16: 4.99 | U16: 4.71 | V16: 4.5 | W16: 4.58 | X16: 4.56 | Y16: 4.36 | Z16: 4.19 | AA16: 3.97 | AB16: 4.01 | AC16: 4.23 | AD16: 3.91 | AE16: 3.72 | AF16: 4.04 | AG16: 4.18 | AH16: 4.21 | AI16: 4.27 | AJ16: 4.41 | AK16: 4.33 | AL16: 4.18 | AM16: 4.12 | AN16: 3.93 | AO16: 4.13 | AP16: 4.37 | AQ16: 4.42 | AR16: 4.31 | AS16: 4.15 | AT16: 4.09 | AU16: 3.96 | AV16: 3.84 | AW16: 3.63 | AX16: 3.56 | AY16: 3.55 | AZ16: 3.69 | BA16: 3.48 | BB16: 3.3 | BC16: 3.13 | BD16: 3.27 | BE16: 3.28 | BF16: 3.12 | BG16: 3.28 | BH16: 3.48 | BI16: 3.35 | BJ16: 3.33 | BK16: 3.48 | BL16: 3.66 | BM16: 3.92 | BN16: 3.96 | BO16: 3.97 | BP16: 3.99 | BQ16: 3.9 | BR16: 3.78 | BS16: 3.82 | BT16: 3.75 | BU16: 3.81 | BV16: 4.05 | BW16: 4.07 | BX16: 3.98 | BY16: 4.19 | BZ16: 4.32 | CA16: 4.61 | CB16: 4.57 | CC16: 4.38 | CD16: 4.34 | CE16: 4.38 | CF16: 4.21 | CG16: 4.34 | CH16: 4.13 | CI16: 4.05 | CJ16: 3.97 | CK16: 4.21 | CL16: 4.35 | CM16: 4.73 | CN16: 4.69 | CO16: 4.4 | CP16: 4.35 | CQ16: 4.23 | CR16: 3.96 | CS16: 3.65 | CT16: 3.76 | CU16: 3.8 | CV16: 3.66 | CW16: 3.77 | CX16: 3.85 | CY16: 3.96 | CZ16: 3.76 | DA16: 3.61 | DB16: 3.58 | DC16: 3.53 | DD16: 3.52 | DE16: 3.44 | DF16: 3.47 | DG16: 3.36 | DH16: 3.37 | DI16: 3.32 | DJ16: 3.02 | DK16: 2.9 | DL16: 2.85 | DM16: 2.56 | DN16: 2.52 | DO16: 2.58 | DP16: 2.79 | DQ16: 3.16 | DR16: 3.23 | DS16: 3.41 | DT16: 3.42 | DU16: 3.65 | DV16: 3.4 | DW16: 3.28 | DX16: 3.17 | DY16: 2.68 | DZ16: 2.34 | EA16: 2.46 | EB16: 2.45 | EC16: 2.38 | ED16: 2.2 | EE16: 2.24 | EF16: 2.25 | EG16: 2.29 | EH16: 1.96 | EI16: 1.93 | EJ16: 1.75 | EK16: 1.76 | EL16: 1.84 | EM16: 1.77 | EN16: 1.65 | EO16: 1.56 | EP16: 1.74 | EQ16: 1.83 | ER16: 1.67 | ES16: 1.66 | EU16: Španielsko | EV16: 4.59
A17: Írsko | B17: 5.03 | C17: 5.01 | D17: 4.92 | E17: 5.09 | F17: 5.28 | G17: 5.23 | H17: 5.23 | I17: 5.01 | J17: 5.01 | K17: 4.77 | L17: 4.63 | M17: 4.93 | N17: 5.02 | O17: 5.2 | P17: 5.42 | Q17: 5.41 | R17: 5.41 | S17: 5.25 | T17: 5.11 | U17: 4.84 | V17: 4.63 | W17: 4.7 | X17: 4.67 | Y17: 4.46 | Z17: 4.27 | AA17: 4.06 | AB17: 4.09 | AC17: 4.22 | AD17: 3.89 | AE17: 3.69 | AF17: 4.01 | AG17: 4.17 | AH17: 4.19 | AI17: 4.25 | AJ17: 4.39 | AK17: 4.36 | AL17: 4.2 | AM17: 4.15 | AN17: 3.97 | AO17: 4.17 | AP17: 4.31 | AQ17: 4.38 | AR17: 4.27 | AS17: 4.09 | AT17: 4.04 | AU17: 3.92 | AV17: 3.8 | AW17: 3.62 | AX17: 3.52 | AY17: 3.51 | AZ17: 3.66 | BA17: 3.46 | BB17: 3.28 | BC17: 3.13 | BD17: 3.18 | BE17: 3.22 | BF17: 3.04 | BG17: 3.19 | BH17: 3.4 | BI17: 3.36 | BJ17: 3.32 | BK17: 3.47 | BL17: 3.65 | BM17: 3.9 | BN17: 3.96 | BO17: 3.98 | BP17: 4 | BQ17: 3.88 | BR17: 3.76 | BS17: 3.78 | BT17: 3.72 | BU17: 3.76 | BV17: 4.04 | BW17: 4.07 | BX17: 3.97 | BY17: 4.19 | BZ17: 4.32 | CA17: 4.62 | CB17: 4.59 | CC17: 4.4 | CD17: 4.32 | CE17: 4.39 | CF17: 4.31 | CG17: 4.45 | CH17: 4.25 | CI17: 4.21 | CJ17: 4.17 | CK17: 4.44 | CL17: 4.58 | CM17: 4.91 | CN17: 4.92 | CO17: 4.59 | CP17: 4.56 | CQ17: 4.55 | CR17: 4.56 | CS17: 4.57 | CT17: 5.2 | CU17: 5.65 | CV17: 5.76 | CW17: 5.34 | CX17: 5.27 | CY17: 5.73 | CZ17: 5.45 | DA17: 4.92 | DB17: 4.91 | DC17: 4.77 | DD17: 4.82 | DE17: 4.88 | DF17: 4.83 | DG17: 4.73 | DH17: 4.53 | DI17: 4.76 | DJ17: 4.86 | DK17: 5.31 | DL17: 5.32 | DM17: 5.3 | DN17: 6.14 | DO17: 6.42 | DP17: 8.22 | DQ17: 8.45 | DR17: 8.75 | DS17: 9.1 | DT17: 9.67 | DU17: 9.79 | DV17: 10.64 | DW17: 11.43 | DX17: 12.45 | DY17: 9.57 | DZ17: 8.51 | EA17: 8.1 | EB17: 8.51 | EC17: 8.7 | ED17: 7.71 | EE17: 7.02 | EF17: 6.9 | EG17: 6.88 | EH17: 7.12 | EI17: 7.09 | EJ17: 6.12 | EK17: 5.91 | EL17: 5.28 | EM17: 4.77 | EN17: 4.59 | EO17: 4.67 | EP17: 4.18 | EQ17: 3.78 | ER17: 3.83 | ES17: 3.78 | EU17: Taliansko | EV17: 4.28
A18: Nemecko | B18: 4.8 | C18: 4.78 | D18: 4.67 | E18: 4.83 | F18: 5.05 | G18: 5 | H18: 5.02 | I18: 4.82 | J18: 4.81 | K18: 4.6 | L18: 4.45 | M18: 4.74 | N18: 4.86 | O18: 4.92 | P18: 5.16 | Q18: 5.15 | R18: 5.17 | S18: 5.02 | T18: 4.87 | U18: 4.59 | V18: 4.38 | W18: 4.46 | X18: 4.48 | Y18: 4.33 | Z18: 4.18 | AA18: 3.95 | AB18: 4 | AC18: 4.15 | AD18: 3.82 | AE18: 3.62 | AF18: 3.97 | AG18: 4.13 | AH18: 4.17 | AI18: 4.22 | AJ18: 4.35 | AK18: 4.29 | AL18: 4.17 | AM18: 4.11 | AN18: 3.91 | AO18: 4.1 | AP18: 4.25 | AQ18: 4.31 | AR18: 4.24 | AS18: 4.08 | AT18: 4.02 | AU18: 3.89 | AV18: 3.78 | AW18: 3.58 | AX18: 3.56 | AY18: 3.54 | AZ18: 3.7 | BA18: 3.48 | BB18: 3.3 | BC18: 3.13 | BD18: 3.2 | BE18: 3.23 | BF18: 3.07 | BG18: 3.24 | BH18: 3.45 | BI18: 3.34 | BJ18: 3.32 | BK18: 3.47 | BL18: 3.64 | BM18: 3.89 | BN18: 3.96 | BO18: 3.96 | BP18: 4.01 | BQ18: 3.88 | BR18: 3.75 | BS18: 3.79 | BT18: 3.71 | BU18: 3.77 | BV18: 4.02 | BW18: 4.05 | BX18: 3.94 | BY18: 4.15 | BZ18: 4.28 | CA18: 4.56 | CB18: 4.5 | CC18: 4.3 | CD18: 4.22 | CE18: 4.28 | CF18: 4.09 | CG18: 4.21 | CH18: 4.03 | CI18: 3.95 | CJ18: 3.8 | CK18: 4.04 | CL18: 4.2 | CM18: 4.52 | CN18: 4.49 | CO18: 4.2 | CP18: 4.09 | CQ18: 3.88 | CR18: 3.56 | CS18: 3.05 | CT18: 3.07 | CU18: 3.13 | CV18: 3.02 | CW18: 3.13 | CX18: 3.37 | CY18: 3.47 | CZ18: 3.34 | DA18: 3.31 | DB18: 3.26 | DC18: 3.21 | DD18: 3.22 | DE18: 3.14 | DF18: 3.26 | DG18: 3.17 | DH18: 3.1 | DI18: 3.06 | DJ18: 2.73 | DK18: 2.54 | DL18: 2.62 | DM18: 2.35 | DN18: 2.3 | DO18: 2.35 | DP18: 2.53 | DQ18: 2.91 | DR18: 3.02 | DS18: 3.2 | DT18: 3.21 | DU18: 3.34 | DV18: 3.06 | DW18: 2.89 | DX18: 2.74 | DY18: 2.21 | DZ18: 1.83 | EA18: 2 | EB18: 1.87 | EC18: 1.93 | ED18: 1.82 | EE18: 1.85 | EF18: 1.83 | EG18: 1.62 | EH18: 1.34 | EI18: 1.3 | EJ18: 1.24 | EK18: 1.34 | EL18: 1.49 | EM18: 1.47 | EN18: 1.34 | EO18: 1.3 | EP18: 1.51 | EQ18: 1.54 | ER18: 1.35 | ES18: 1.2 | EU18: Írsko | EV18: 3.78
A19: Portugalsko | B19: 5.16 | C19: 5.14 | D19: 5.09 | E19: 5.26 | F19: 5.42 | G19: 5.38 | H19: 5.39 | I19: 5.19 | J19: 5.17 | K19: 4.92 | L19: 4.76 | M19: 5.01 | N19: 5.08 | O19: 5.15 | P19: 5.39 | Q19: 5.39 | R19: 5.4 | S19: 5.26 | T19: 5.12 | U19: 4.85 | V19: 4.63 | W19: 4.7 | X19: 4.66 | Y19: 4.45 | Z19: 4.27 | AA19: 4.04 | AB19: 4.08 | AC19: 4.18 | AD19: 3.91 | AE19: 3.77 | AF19: 4.1 | AG19: 4.26 | AH19: 4.29 | AI19: 4.36 | AJ19: 4.48 | AK19: 4.4 | AL19: 4.25 | AM19: 4.19 | AN19: 4 | AO19: 4.25 | AP19: 4.42 | AQ19: 4.47 | AR19: 4.35 | AS19: 4.18 | AT19: 4.12 | AU19: 3.99 | AV19: 3.86 | AW19: 3.64 | AX19: 3.56 | AY19: 3.55 | AZ19: 3.7 | BA19: 3.5 | BB19: 3.35 | BC19: 3.19 | BD19: 3.35 | BE19: 3.39 | BF19: 3.23 | BG19: 3.39 | BH19: 3.58 | BI19: 3.46 | BJ19: 3.45 | BK19: 3.6 | BL19: 3.77 | BM19: 4.03 | BN19: 4.07 | BO19: 4.1 | BP19: 4.14 | BQ19: 4.06 | BR19: 3.93 | BS19: 3.98 | BT19: 3.89 | BU19: 3.96 | BV19: 4.18 | BW19: 4.19 | BX19: 4.1 | BY19: 4.3 | BZ19: 4.44 | CA19: 4.74 | CB19: 4.73 | CC19: 4.56 | CD19: 4.5 | CE19: 4.52 | CF19: 4.36 | CG19: 4.47 | CH19: 4.31 | CI19: 4.27 | CJ19: 4.36 | CK19: 4.52 | CL19: 4.6 | CM19: 4.96 | CN19: 4.95 | CO19: 4.69 | CP19: 4.66 | CQ19: 4.56 | CR19: 4.35 | CS19: 4 | CT19: 4.32 | CU19: 4.52 | CV19: 4.68 | CW19: 4.53 | CX19: 4.29 | CY19: 4.5 | CZ19: 4.25 | DA19: 3.95 | DB19: 3.94 | DC19: 3.85 | DD19: 3.8 | DE19: 3.91 | DF19: 4.17 | DG19: 4.56 | DH19: 4.31 | DI19: 4.78 | DJ19: 5.02 | DK19: 5.54 | DL19: 5.49 | DM19: 5.31 | DN19: 6.08 | DO19: 6.05 | DP19: 6.91 | DQ19: 6.53 | DR19: 6.95 | DS19: 7.34 | DT19: 7.8 | DU19: 9.19 | DV19: 9.63 | DW19: 10.87 | DX19: 12.15 | DY19: 10.93 | DZ19: 11.34 | EA19: 11.72 | EB19: 11.89 | EC19: 13.08 | ED19: 13.85 | EE19: 12.81 | EF19: 13.01 | EG19: 12.01 | EH19: 11.59 | EI19: 10.56 | EJ19: 10.49 | EK19: 9.89 | EL19: 8.62 | EM19: 8.17 | EN19: 8.32 | EO19: 7.25 | EP19: 6.24 | EQ19: 6.4 | ER19: 6.1 | ES19: 6.15 | EU19: Slovensko | EV19: 3.01
A20: Slovensko | B20: 8.25 | C20: 8.17 | D20: 8.09 | E20: 8 | F20: 8.02 | G20: 8.05 | H20: 8.04 | I20: 7.99 | J20: 8.1 | K20: 8.08 | L20: 7.97 | M20: 7.75 | N20: 7.41 | O20: 7.32 | P20: 7.37 | Q20: 7.47 | R20: 7.68 | S20: 7.83 | T20: 7.64 | U20: 7.24 | V20: 6.6 | W20: 6.11 | X20: 5.43 | Y20: 5.12 | Z20: 4.98 | AA20: 4.92 | AB20: 5.01 | AC20: 4.9 | AD20: 4.72 | AE20: 4.7 | AF20: 4.8 | AG20: 4.92 | AH20: 5.02 | AI20: 5.08 | AJ20: 5.36 | AK20: 5.42 | AL20: 5.16 | AM20: 5.11 | AN20: 5.09 | AO20: 5.06 | AP20: 5.13 | AQ20: 5.09 | AR20: 5.03 | AS20: 5.02 | AT20: 5.04 | AU20: 5.08 | AV20: 4.92 | AW20: 4.58 | AX20: 4.04 | AY20: 3.8 | AZ20: 3.6 | BA20: 3.76 | BB20: 3.54 | BC20: 3.36 | BD20: 3.22 | BE20: 3.24 | BF20: 3.13 | BG20: 3.25 | BH20: 3.7 | BI20: 3.62 | BJ20: 3.59 | BK20: 3.75 | BL20: 4.01 | BM20: 4.27 | BN20: 4.5 | BO20: 4.66 | BP20: 5.42 | BQ20: 5.13 | BR20: 4.79 | BS20: 4.42 | BT20: 4.25 | BU20: 4.15 | BV20: 4.25 | BW20: 4.28 | BX20: 4.24 | BY20: 4.26 | BZ20: 4.4 | CA20: 4.66 | CB20: 4.7 | CC20: 4.65 | CD20: 4.61 | CE20: 4.64 | CF20: 4.59 | CG20: 4.61 | CH20: 4.48 | CI20: 4.36 | CJ20: 4.34 | CK20: 4.46 | CL20: 4.52 | CM20: 4.94 | CN20: 5.06 | CO20: 4.95 | CP20: 4.98 | CQ20: 4.95 | CR20: 4.92 | CS20: 4.72 | CT20: 4.69 | CU20: 4.76 | CV20: 4.71 | CW20: 4.93 | CX20: 5.03 | CY20: 5.08 | CZ20: 5.04 | DA20: 4.9 | DB20: 4.65 | DC20: 4.33 | DD20: 4.23 | DE20: 4.12 | DF20: 4.11 | DG20: 4.08 | DH20: 4.01 | DI20: 3.93 | DJ20: 3.82 | DK20: 3.73 | DL20: 3.93 | DM20: 3.73 | DN20: 3.59 | DO20: 3.67 | DP20: 3.8 | DQ20: 4.06 | DR20: 4.16 | DS20: 4.24 | DT20: 4.32 | DU20: 4.33 | DV20: 4.33 | DW20: 4.39 | DX20: 4.55 | DY20: 4.55 | DZ20: 4.25 | EA20: 4.33 | EB20: 4.71 | EC20: 5.21 | ED20: 5.22 | EE20: 4.98 | EF20: 4.91 | EG20: 4.81 | EH20: 4.8 | EI20: 4.8 | EJ20: 4.41 | EK20: 4.24 | EL20: 4.2 | EM20: 4.2 | EN20: 4.14 | EO20: 3.92 | EP20: 3.93 | EQ20: 3.95 | ER20: 3.95 | ES20: 3.01 | EU20: EA17 | EV20: 2.87
A21: Španielsko | B21: 5.08 | C21: 5.12 | D21: 5.04 | E21: 5.18 | F21: 5.36 | G21: 5.33 | H21: 5.35 | I21: 5.16 | J21: 5.14 | K21: 4.91 | L21: 4.76 | M21: 4.97 | N21: 5.05 | O21: 5.11 | P21: 5.34 | Q21: 5.34 | R21: 5.36 | S21: 5.23 | T21: 5.07 | U21: 4.78 | V21: 4.57 | W21: 4.63 | X21: 4.6 | Y21: 4.42 | Z21: 4.24 | AA21: 4.01 | AB21: 4.04 | AC21: 4.19 | AD21: 3.88 | AE21: 3.69 | AF21: 4.03 | AG21: 4.19 | AH21: 4.21 | AI21: 4.27 | AJ21: 4.4 | AK21: 4.34 | AL21: 4.19 | AM21: 4.14 | AN21: 4.01 | AO21: 4.2 | AP21: 4.33 | AQ21: 4.39 | AR21: 4.28 | AS21: 4.15 | AT21: 4.08 | AU21: 3.97 | AV21: 3.85 | AW21: 3.64 | AX21: 3.59 | AY21: 3.58 | AZ21: 3.74 | BA21: 3.53 | BB21: 3.36 | BC21: 3.18 | BD21: 3.22 | BE21: 3.23 | BF21: 3.09 | BG21: 3.28 | BH21: 3.48 | BI21: 3.37 | BJ21: 3.33 | BK21: 3.48 | BL21: 3.66 | BM21: 3.92 | BN21: 3.99 | BO21: 3.99 | BP21: 4.02 | BQ21: 3.89 | BR21: 3.76 | BS21: 3.81 | BT21: 3.75 | BU21: 3.82 | BV21: 4.07 | BW21: 4.1 | BX21: 4.01 | BY21: 4.21 | BZ21: 4.34 | CA21: 4.62 | CB21: 4.6 | CC21: 4.4 | CD21: 4.36 | CE21: 4.38 | CF21: 4.25 | CG21: 4.35 | CH21: 4.18 | CI21: 4.15 | CJ21: 4.12 | CK21: 4.32 | CL21: 4.43 | CM21: 4.79 | CN21: 4.8 | CO21: 4.56 | CP21: 4.57 | CQ21: 4.46 | CR21: 4.15 | CS21: 3.86 | CT21: 4.15 | CU21: 4.23 | CV21: 4.06 | CW21: 4.01 | CX21: 4.06 | CY21: 4.25 | CZ21: 4.01 | DA21: 3.79 | DB21: 3.81 | DC21: 3.78 | DD21: 3.79 | DE21: 3.81 | DF21: 3.99 | DG21: 3.98 | DH21: 3.83 | DI21: 3.9 | DJ21: 4.08 | DK21: 4.56 | DL21: 4.43 | DM21: 4.04 | DN21: 4.09 | DO21: 4.04 | DP21: 4.69 | DQ21: 5.38 | DR21: 5.38 | DS21: 5.26 | DT21: 5.25 | DU21: 5.33 | DV21: 5.32 | DW21: 5.48 | DX21: 5.83 | DY21: 5.25 | DZ21: 5.2 | EA21: 5.26 | EB21: 6.2 | EC21: 5.53 | ED21: 5.41 | EE21: 5.11 | EF21: 5.17 | EG21: 5.79 | EH21: 6.13 | EI21: 6.59 | EJ21: 6.79 | EK21: 6.58 | EL21: 5.91 | EM21: 5.64 | EN21: 5.69 | EO21: 5.34 | EP21: 5.05 | EQ21: 5.22 | ER21: 4.92 | ES21: 4.59 | EU21: EU27 | EV21: 2.73
A22: Taliansko | B22: 5.18 | C22: 5.18 | D22: 5.13 | E22: 5.28 | F22: 5.45 | G22: 5.4 | H22: 5.42 | I22: 5.22 | J22: 5.2 | K22: 4.96 | L22: 4.8 | M22: 5.05 | N22: 5.14 | O22: 5.2 | P22: 5.41 | Q22: 5.4 | R22: 5.41 | S22: 5.26 | T22: 5.11 | U22: 4.83 | V22: 4.62 | W22: 4.76 | X22: 4.74 | Y22: 4.55 | Z22: 4.38 | AA22: 4.16 | AB22: 4.18 | AC22: 4.31 | AD22: 4.04 | AE22: 3.82 | AF22: 4.13 | AG22: 4.29 | AH22: 4.31 | AI22: 4.38 | AJ22: 4.51 | AK22: 4.46 | AL22: 4.32 | AM22: 4.34 | AN22: 4.17 | AO22: 4.35 | AP22: 4.49 | AQ22: 4.54 | AR22: 4.44 | AS22: 4.28 | AT22: 4.25 | AU22: 4.13 | AV22: 4 | AW22: 3.79 | AX22: 3.71 | AY22: 3.68 | AZ22: 3.84 | BA22: 3.65 | BB22: 3.55 | BC22: 3.4 | BD22: 3.44 | BE22: 3.45 | BF22: 3.29 | BG22: 3.44 | BH22: 3.66 | BI22: 3.55 | BJ22: 3.54 | BK22: 3.7 | BL22: 3.92 | BM22: 4.22 | BN22: 4.28 | BO22: 4.3 | BP22: 4.31 | BQ22: 4.17 | BR22: 4.04 | BS22: 4.07 | BT22: 3.97 | BU22: 4.04 | BV22: 4.26 | BW22: 4.28 | BX22: 4.18 | BY22: 4.37 | BZ22: 4.49 | CA22: 4.77 | CB22: 4.76 | CC22: 4.58 | CD22: 4.57 | CE22: 4.59 | CF22: 4.45 | CG22: 4.54 | CH22: 4.4 | CI22: 4.35 | CJ22: 4.38 | CK22: 4.53 | CL22: 4.7 | CM22: 5.11 | CN22: 5.1 | CO22: 4.81 | CP22: 4.8 | CQ22: 4.78 | CR22: 4.74 | CS22: 4.47 | CT22: 4.62 | CU22: 4.54 | CV22: 4.46 | CW22: 4.36 | CX22: 4.42 | CY22: 4.61 | CZ22: 4.37 | DA22: 4.12 | DB22: 4.09 | DC22: 4.1 | DD22: 4.06 | DE22: 4.01 | DF22: 4.08 | DG22: 4.05 | DH22: 3.94 | DI22: 4 | DJ22: 3.98 | DK22: 4.1 | DL22: 4.03 | DM22: 3.8 | DN22: 3.86 | DO22: 3.8 | DP22: 4.18 | DQ22: 4.6 | DR22: 4.73 | DS22: 4.74 | DT22: 4.88 | DU22: 4.84 | DV22: 4.76 | DW22: 4.82 | DX22: 5.46 | DY22: 5.27 | DZ22: 5.75 | EA22: 5.97 | EB22: 7.06 | EC22: 6.81 | ED22: 6.54 | EE22: 5.55 | EF22: 5.05 | EG22: 5.68 | EH22: 5.78 | EI22: 5.9 | EJ22: 6 | EK22: 5.82 | EL22: 5.25 | EM22: 4.95 | EN22: 4.85 | EO22: 4.54 | EP22: 4.21 | EQ22: 4.49 | ER22: 4.64 | ES22: 4.28 | EU22: Holandsko | EV22: 1.66
A23: Cyprus | B23: 7.68 | C23: 7.68 | D23: 7.66 | E23: 7.63 | F23: 7.71 | G23: 7.7 | H23: 7.69 | I23: 7.55 | J23: 7.55 | K23: 7.55 | L23: 7.55 | M23: 7.55 | N23: 7.55 | O23: 7.11 | P23: 5.37 | Q23: 5.37 | R23: 5.37 | S23: 5.37 | T23: 5.37 | U23: 5.37 | V23: 5.37 | W23: 5.37 | X23: 5.37 | Y23: 5.37 | Z23: 5.29 | AA23: 4.83 | AB23: 4.83 | AC23: 4.8 | AD23: 4.63 | AE23: 4.63 | AF23: 4.59 | AG23: 4.59 | AH23: 4.59 | AI23: 4.64 | AJ23: 4.75 | AK23: 4.75 | AL23: 4.75 | AM23: 4.79 | AN23: 5.17 | AO23: 5.17 | AP23: 5.17 | AQ23: 5.49 | AR23: 6.58 | AS23: 6.58 | AT23: 6.58 | AU23: 6.58 | AV23: 6.45 | AW23: 6.26 | AX23: 6.13 | AY23: 6.06 | AZ23: 5.89 | BA23: 5.87 | BB23: 5.84 | BC23: 5.13 | BD23: 4.84 | BE23: 4.84 | BF23: 4.81 | BG23: 4.22 | BH23: 4.22 | BI23: 4.09 | BJ23: 3.96 | BK23: 3.96 | BL23: 3.97 | BM23: 4.07 | BN23: 4.07 | BO23: 4.03 | BP23: 4.21 | BQ23: 4.28 | BR23: 4.28 | BS23: 4.26 | BT23: 4.26 | BU23: 4.26 | BV23: 4.36 | BW23: 4.42 | BX23: 4.47 | BY23: 4.44 | BZ23: 4.44 | CA23: 4.44 | CB23: 4.44 | CC23: 4.44 | CD23: 4.45 | CE23: 4.6 | CF23: 4.6 | CG23: 4.6 | CH23: 4.6 | CI23: 4.6 | CJ23: 4.6 | CK23: 4.6 | CL23: 4.6 | CM23: 4.6 | CN23: 4.6 | CO23: 4.6 | CP23: 4.6 | CQ23: 4.6 | CR23: 4.6 | CS23: 4.6 | CT23: 4.6 | CU23: 4.6 | CV23: 4.6 | CW23: 4.6 | CX23: 4.6 | CY23: 4.6 | CZ23: 4.6 | DA23: 4.6 | DB23: 4.6 | DC23: 4.6 | DD23: 4.6 | DE23: 4.6 | DF23: 4.6 | DG23: 4.6 | DH23: 4.6 | DI23: 4.6 | DJ23: 4.6 | DK23: 4.6 | DL23: 4.6 | DM23: 4.6 | DN23: 4.6 | DO23: 4.6 | DP23: 4.6 | DQ23: 4.6 | DR23: 4.6 | DS23: 4.6 | DT23: 4.6 | DU23: 4.6 | DV23: 4.6 | DW23: 5.78 | DX23: 6.25 | DY23: 6.42 | DZ23: 7 | EA23: 7 | EB23: 7 | EC23: 7 | ED23: 7 | EE23: 7 | EF23: 7 | EG23: 7 | EH23: 7 | EI23: 7 | EJ23: 7 | EK23: 7 | EL23: 7 | EM23: 7 | EN23: 7 | EO23: 7 | EP23: 7 | EQ23: 7 | ER23: 7 | ES23: 7 | EU23: Fínsko | EV23: 1.51
A24: Slovinsko | P24: 9.62 | Q24: 9.52 | R24: 9.22 | S24: 9.19 | T24: 9.08 | U24: 8.94 | V24: 8.91 | W24: 8.9 | X24: 7.1 | Y24: 6.65 | Z24: 6.65 | AA24: 6.65 | AB24: 6.65 | AC24: 6.65 | AD24: 6.65 | AE24: 6.65 | AF24: 6.65 | AG24: 6.65 | AH24: 6.65 | AI24: 6.16 | AJ24: 5.54 | AK24: 5.27 | AL24: 5.14 | AM24: 5.01 | AN24: 4.99 | AO24: 4.83 | AP24: 4.77 | AQ24: 4.69 | AR24: 4.64 | AS24: 4.66 | AT24: 4.63 | AU24: 4.47 | AV24: 4.3 | AW24: 4.07 | AX24: 3.87 | AY24: 3.92 | AZ24: 3.88 | BA24: 3.95 | BB24: 3.92 | BC24: 3.9 | BD24: 3.78 | BE24: 3.79 | BF24: 3.74 | BG24: 3.62 | BH24: 3.62 | BI24: 3.69 | BJ24: 3.73 | BK24: 3.72 | BL24: 3.8 | BM24: 3.73 | BN24: 3.73 | BO24: 3.86 | BP24: 3.86 | BQ24: 3.92 | BR24: 3.98 | BS24: 4.02 | BT24: 3.99 | BU24: 3.9 | BV24: 4.23 | BW24: 4.34 | BX24: 4.34 | BY24: 4.41 | BZ24: 4.49 | CA24: 4.79 | CB24: 4.72 | CC24: 4.82 | CD24: 4.68 | CE24: 4.58 | CF24: 4.4 | CG24: 4.55 | CH24: 4.39 | CI24: 4.32 | CJ24: 4.33 | CK24: 4.47 | CL24: 4.61 | CM24: 4.95 | CN24: 5.02 | CO24: 4.68 | CP24: 4.68 | CQ24: 4.66 | CR24: 4.61 | CS24: 4.56 | CT24: 4.7 | CU24: 4.87 | CV24: 4.71 | CW24: 4.77 | CX24: 4.76 | CY24: 4.69 | CZ24: 4.33 | DA24: 4.07 | DB24: 3.96 | DC24: 3.86 | DD24: 3.87 | DE24: 3.91 | DF24: 4 | DG24: 3.84 | DH24: 3.94 | DI24: 3.94 | DJ24: 3.82 | DK24: 3.83 | DL24: 3.87 | DM24: 3.67 | DN24: 3.64 | DO24: 3.56 | DP24: 3.77 | DQ24: 4.11 | DR24: 4.29 | DS24: 4.26 | DT24: 4.3 | DU24: 4.53 | DV24: 4.43 | DW24: 4.58 | DX24: 4.89 | DY24: 4.99 | DZ24: 4.86 | EA24: 5.16 | EB24: 6.46 | EC24: 6.9 | ED24: 6.74 | EE24: 5.73 | EF24: 5.08 | EG24: 5.27 | EH24: 5.28 | EI24: 5.63 | EJ24: 6.34 | EK24: 6.81 | EL24: 6.32 | EM24: 5.74 | EN24: 5.43 | EO24: 5.33 | EP24: 4.81 | EQ24: 4.88 | ER24: 5.09 | ES24: 5.93 | EU24: Nemecko | EV24: 1.2
A26: Special values:
A27: 0 | B27: less than half the final digit shown and greater than real zero
A28: : | B28: not available

Sheet 12
A1: Rast nákladov práce v súkromnom sektore | L1: Späť na zoznam | O1: Rast nákladov práce vo verejnom sektore
A2: Labour cost index, nominal value - annual data (Nace R2) [lc_lci_r2_a] | O2: Labour cost index, nominal value - annual data (Nace R2) [lc_lci_r2_a]
A4: Last update | B4: 41197.729 | O4: Last update | P4: 41197.729
A5: Extracted on | B5: 41220.672 | O5: Extracted on | P5: 41220.674
A6: Source of Data | B6: Eurostat | O6: Source of Data | P6: Eurostat
A7: http://appsso.eurostat.ec.europa.eu/nui/submitViewTableAction.do | O7: http://appsso.eurostat.ec.europa.eu/nui/submitViewTableAction.do
A8: UNIT | B8: Percentage change on previous period | O8: UNIT | P8: Percentage change on previous period
A9: NACE_R2 | B9: Business economy | O9: NACE_R2 | P9: Public administration and defence; compulsory social security; education; human health and social work activities; arts, entertainment and recreation; other service activities
A10: INDIC_LC | B10: Labour Cost Index - Total labour costs | O10: INDIC_LC | P10: Labour Cost Index - Total labour costs
B11: Labour cost for LCI ( compensation of employees plus taxes minus subsidies)
O12: GEO/TIME | P12: 2001 | Q12: 2002 | R12: 2003 | S12: 2004 | T12: 2005 | U12: 2006 | V12: 2007 | W12: 2008 | X12: 2009 | Y12: 2010 | Z12: 2011 | AA12: 2012
A13: GEO/TIME | B13: 2001 | C13: 2002 | D13: 2003 | E13: 2004 | F13: 2005 | G13: 2006 | H13: 2007 | I13: 2008 | J13: 2009 | K13: 2010 | L13: 2011 | M13: 2012 | O13: Fínsko | P13: 4.1 | Q13: 3.1 | R13: 3.7 | S13: 3.1 | T13: 3.4 | U13: 2.9 | V13: 4 | W13: 3.3 | X13: -3 | Y13: 16.6 | Z13: 2.5 | AA13: 4.3
A14: Fínsko | B14: 5.6 | C14: 3.9 | D14: 3.3 | E14: 3.6 | F14: 4.2 | G14: 3.1 | H14: 6.3 | I14: 4.1 | J14: 4.2 | K14: 1.4 | L14: 2.3 | M14: 4.1 | O14: Slovensko | P14: 6.9 | Q14: 18 | R14: 15.2 | S14: 5.7 | T14: 8.8 | U14: 9.1 | V14: 8.5 | W14: 4.1 | X14: 5.3 | Y14: 6.5 | Z14: 1 | AA14: 4.1
A15: Nemecko | B15: 2.7 | C15: 2.5 | D15: 2.8 | E15: 0.8 | F15: 0.8 | G15: 1.6 | H15: 1 | I15: 2.4 | J15: 2 | K15: 1 | L15: 3 | M15: 2.8 | O15: Nemecko | P15: 1.9 | Q15: 2.1 | R15: 1.4 | S15: 0.5 | T15: -0.9 | U15: -0.2 | V15: 0.2 | W15: 2.3 | X15: 4 | Y15: 0.5 | Z15: 2.4 | AA15: 2.1
A16: Slovensko | B16: 7.3 | C16: 15.6 | D16: 11 | E16: 5.8 | F16: 8.8 | G16: 7.6 | H16: 7 | I16: 5.7 | J16: 3.6 | K16: 1.1 | L16: 5.5 | M16: 2.1 | O16: Holandsko | P16: 4.1 | Q16: 4.1 | R16: 3.4 | S16: 4.6 | T16: 2.8 | U16: 2.6 | V16: 3.7 | W16: 3.4 | X16: 3 | Y16: 1.8 | Z16: 1.2 | AA16: 1
A17: EU27 | B17: 4.3 | C17: 3.8 | D17: 3.7 | E17: 3.3 | F17: 2.9 | G17: 3.2 | H17: 3.5 | I17: 4 | J17: 2.4 | K17: 1.7 | L17: 2.7 | M17: 2.1 | O17: Cyprus | P17: 5.2 | Q17: 7 | R17: 8.7 | S17: 1.4 | T17: 3.5 | U17: 4.8 | V17: 3.2 | W17: 5.8 | X17: 5.5 | Y17: 1.3 | Z17: 2.7 | AA17: 0.8
A18: EA17 | B18: 3.4 | C18: 3.6 | D18: 3.3 | E18: 2.4 | F18: 2.3 | G18: 2.6 | H18: 2.8 | I18: 3.5 | J18: 2.7 | K18: 1.6 | L18: 2.7 | M18: 2 | O18: EA17 | P18: : | Q18: : | R18: : | S18: : | T18: : | U18: : | V18: : | W18: : | X18: 2.5 | Y18: 1.5 | Z18: 1.1 | AA18: 0.7
A19: Írsko | B19: 9.1 | C19: 5.1 | D19: 4.7 | E19: 4.9 | F19: 4 | G19: 5 | H19: 4.6 | I19: 4.4 | J19: 0.8 | K19: -1 | L19: -1.1 | M19: 1.9 | O19: EU27 | P19: : | Q19: : | R19: : | S19: : | T19: : | U19: : | V19: : | W19: : | X19: 2.5 | Y19: 1.6 | Z19: 1.2 | AA19: 0.5
A20: Taliansko | B20: 3.1 | C20: 3.4 | D20: 3.7 | E20: 2.9 | F20: 3.4 | G20: 1.9 | H20: 2.3 | I20: 4.1 | J20: 4.7 | K20: 2 | L20: 2.3 | M20: 1.7 | O20: Írsko | P20: 9.6 | Q20: 3.7 | R20: 3.9 | S20: 8.5 | T20: 6.4 | U20: 4.4 | V20: 4.6 | W20: 3.9 | X20: 1.9 | Y20: -3.6 | Z20: 0.5 | AA20: -0.1
A21: Cyprus | B21: 5.7 | C21: 5.4 | D21: 6.2 | E21: 4.9 | F21: 3.9 | G21: 4.7 | H21: 3.6 | I21: 6.2 | J21: 3.8 | K21: 1.9 | L21: 1.7 | M21: 1.2 | O21: Taliansko | P21: 7.7 | Q21: 3.6 | R21: 6.4 | S21: 2.4 | T21: 3.8 | U21: 3.8 | V21: 1.3 | W21: 3.1 | X21: 1.1 | Y21: 2.9 | Z21: -0.1 | AA21: -0.3
A22: Španielsko | B22: 4.7 | C22: 5.3 | D22: 5.4 | E22: 4.2 | F22: 3.3 | G22: 3.3 | H22: 4.6 | I22: 5.1 | J22: 4.9 | K22: 0.7 | L22: 2.8 | M22: 1.1 | O22: Slovinsko | P22: 15.4 | Q22: 3.9 | R22: 7.9 | S22: 6.8 | T22: 4.8 | U22: 1.2 | V22: 2.1 | W22: 9.6 | X22: 7 | Y22: -1.7 | Z22: 1.1 | AA22: -2.8
A23: Holansko | B23: 3.9 | C23: 5.4 | D23: 4.4 | E23: 3.5 | F23: 1.8 | G23: 2.9 | H23: 3.3 | I23: 3.8 | J23: 1.9 | K23: 1.7 | L23: 2.3 | M23: 0.7 | O23: Španielsko | P23: : | Q23: : | R23: : | S23: : | T23: : | U23: : | V23: 5.9 | W23: 3.7 | X23: 3.8 | Y23: -0.7 | Z23: -0.2 | AA23: -3
A24: Slovinsko | B24: 12.8 | C24: 4.5 | D24: 7.5 | E24: 9.3 | F24: 5 | G24: 5.5 | H24: 5.4 | I24: 9.5 | J24: 2.5 | K24: 2.4 | L24: 2.1 | M24: 0.6 | O24: Portugalsko | P24: 5.8 | Q24: 5.9 | R24: 3.9 | S24: 3.5 | T24: 1.1 | U24: 0.1 | V24: 4.9 | W24: 0.8 | X24: 2.7 | Y24: -3.1 | Z24: -6 | AA24: -13.9
A25: Portugalsko | B25: 4.9 | C25: 2 | D25: 1.8 | E25: 3.2 | F25: 2.1 | G25: 1.3 | H25: 5.3 | I25: 4.3 | J25: 3.3 | K25: 1.4 | L25: -0.3 | M25: -4.9 | O25: Grécko | P25: 6 | Q25: 13.9 | R25: 5.4 | S25: 5.8 | T25: 5.5 | U25: -6.9 | V25: 7.6 | W25: 10.1 | X25: -11.7 | Y25: 0.1 | Z25: -6.3
A26: Grécko | B26: 1.5 | C26: 13.2 | D26: 7.2 | E26: 3.3 | F26: -5.4 | G26: 2.2 | H26: 3.3 | I26: 2.6 | J26: 7.6 | K26: -1 | L26: -5.7
A27: Special values: | O27: Special values: | P27: not available
A28: 0 | B28: less than half the final digit shown and greater than real zero | O28: 0
A29: : | B29: not available | O29: :
A45: Dataset: Unit Labour Costs - Annual Indicators
A46: Subject | D46: Labour Compensation per Employee (PPPs)
A47: Sector | D47: Industry (C_E)
A48: Measure | D48: $US PPP-adjusted | Q48: Dataset: Unit Labour Costs - Annual Indicators | R48: Source of data : OECD | U48: Source: http://stats.oecd.org/Index.aspx?QueryName=426&QueryType=View&Lang=en# | AD48: Extracted: 29/05/2013
A49: Frequency | D49: Annual | Q49: Subject | T49: Unit Labour Cost
A50: Time | D50: 2001 | E50: 2002 | F50: 2003 | G50: 2004 | H50: 2005 | I50: 2006 | J50: 2007 | K50: 2008 | L50: 2009 | M50: 2010 | Q50: Sector | T50: Total Economy
C51: Nemecko | D51: 43746.88 | E51: 44628.22 | F51: 46480.5 | G51: 48290.89 | H51: 49118.9 | I51: 51825.98 | J51: 52809.74 | K51: 54511.92 | L51: 53090.61 | M51: 56028.17 | Q51: Measure | T51: Index OECD base year (2005=100)
C52: Holandsko | D52: 40847.56 | E52: 43128.77 | F52: 43483.62 | G52: 46096.45 | H52: 47067.1 | I52: 49178.69 | J52: 51788.86 | K52: 54146.61 | L52: 54819.16 | M52: 55243.94 | Q52: Frequency | T52: Annual
C53: Fínsko | D53: 34053.09 | E53: 34889.24 | F53: 35549.64 | G53: 38282.02 | H53: 39697.17 | I53: 42044.82 | J53: 44477.36 | K53: 47524.52 | L53: 48077.05 | M53: 48751.87 | Q53: Time | T53: 2001 | U53: 2002 | V53: 2003 | W53: 2004 | X53: 2005 | Y53: 2006 | Z53: 2007 | AA53: 2008 | AB53: 2009 | AC53: 2010 | AD53: 2011 | AE53: 2012
C54: Írsko | D54: 30912.1 | E54: 30524 | F54: 32239.93 | G54: 33838.3 | H54: 37672.82 | I54: 39889.46 | J54: 40919.1 | K54: 41939.53 | L54: 45036.67 | M54: 47229.26 | Q54: Country
C55: Taliansko | D55: 33825.12 | E55: 33684.9 | F55: 34565.28 | G55: 35699.54 | H55: 36506.97 | I55: 38120.92 | J55: 40151.7 | K55: 42923.79 | L55: 41609.79 | M55: 43454.73 | Q55: Finland | T55: 95.01831 | U55: 96.12138 | V55: 97.68482 | W55: 97.71346 | X55: 100 | Y55: 100.4863 | Z55: 100.3105 | AA55: 107.0037 | AB55: 117.3365 | AC55: 115.565 | AD55: 118.328 | AE55: 122.5451
C56: Španielsko | D56: 32366.71 | E56: 33335.81 | F56: 33361.46 | G56: 32981.24 | H56: 33942.8 | I56: 35732.25 | J56: 37302.8 | K56: 39688.61 | L56: 41451 | M56: 42304.13 | Q56: Germany | T56: 100.9276 | U56: 101.1744 | V56: 101.9391 | W56: 101.0837 | X56: 100 | Y56: 97.54705 | Z56: 96.05614 | AA56: 98.07288 | AB56: 104.6885 | AC56: 102.6588 | AD56: 103.9753 | AE56: 106.8388
C57: Slovensko | D57: 13449.35 | E57: 14293.26 | F57: 14436.01 | G57: 14905.38 | H57: 16257.64 | I57: 18134.64 | J57: 20062.04 | K57: 21983.53 | L57: 22704.97 | M57: 23615.69 | Q57: Greece | T57: 86.3428 | U57: 94.27341 | V57: 95.40386 | W57: 96.60567 | X57: 100 | Y57: 99.64357 | Z57: 101.9903 | AA57: 101.526 | AB57: 112.3533 | AC57: 113.1456 | AD57: 109.9288 | AE57: 102.9667
C58: Portugalsko | D58: 17410.89 | E58: 17694.78 | F58: 18390.34 | G58: 18848.33 | H58: 20151.24 | I58: 21296.96 | J58: 21917.5 | K58: 22792.41 | Q58: Ireland | T58: 84.03896 | U58: 85.71127 | V58: 90.90021 | W58: 94.71227 | X58: 100 | Y58: 103.8761 | Z58: 107.4172 | AA58: 112.6183 | AB58: 105.1734 | AC58: 98.01163 | AD58: 95.13506 | AE58: 96.58963
C59: Cyprus | D59: 20704.2 | E59: 21585.11 | F59: 21521.88 | G59: 22773.26 | H59: 23400.45 | I59: 24699.29 | J59: 25874.74 | Q59: Italy | T59: 89.01142 | U59: 92.06194 | V59: 96.05777 | W59: 97.44763 | X59: 100 | Y59: 101.5831 | Z59: 103.4257 | AA59: 107.4515 | AB59: 112.1702 | AC59: 111.6615 | AD59: 112.4205
C60: Slovinsko | D60: 21297.57 | E60: 22451.61 | F60: 23261.45 | G60: 25042.59 | H60: 26506.72 | I60: 31919.8 | J60: 29264.98 | K60: 30533.08 | L60: 29958.36 | M60: 32499.35 | Q60: Netherlands | T60: 93.60741 | U60: 97.77389 | V60: 99.97686 | W60: 100.322 | X60: 100 | Y60: 100.7363 | Z60: 102.345 | AA60: 104.746 | AB60: 109.9486 | AC60: 108.9667 | AD60: 110.1651 | AE60: 112.0662
C61: Extracted: 29/05/2013 | Q61: Portugal | T61: 89.65428 | U61: 92.41908 | V61: 95.67999 | W61: 96.45555 | X61: 100 | Y61: 100.6384 | Z61: 101.4457 | AA61: 104.5422 | AB61: 107.0871 | AC61: 105.61 | AD61: 104.6513 | AE61: 99.84261
C62: Source: OECD | Q62: Slovak Republic | T62: 84.07697 | U62: 88.20248 | V62: 92.66171 | W62: 95.82737 | X62: 100 | Y62: 100.4556 | Z62: 101.2479 | AA62: 104.9618 | AB62: 111.1255 | AC62: 109.607 | AD62: 109.752 | AE62: 108.6024
Q63: Slovenia | T63: 86.50792 | U63: 91.14992 | V63: 95.05041 | W63: 98.42171 | X63: 100 | Y63: 100.8424 | Z63: 103.2452 | AA63: 110.2528 | AB63: 119.5769 | AC63: 119.8223 | AD63: 119.1605 | AE63: 119.8037
Q64: Spain | T64: 88.60546 | U64: 91.22643 | V64: 94.09081 | W64: 96.54822 | X64: 100 | Y64: 103.1005 | Z64: 107.0864 | AA64: 113.0159 | AB64: 114.3118 | AC64: 112.1475 | AD64: 109.9506
Q65: Euro area (17 countries) | T65: 94.0346 | U65: 96.21214 | V65: 98.23318 | W65: 98.79362 | X65: 100 | Y65: 100.6718 | Z65: 101.7341 | AA65: 105.3827 | AB65: 109.8747 | AC65: 108.9663 | AD65: 109.8458
Q66: European Union (27 countries) | T66: 92.84212 | U66: 95.17776 | V66: 97.37196 | W66: 98.2534 | X66: 100 | Y66: 101.0654 | Z66: 102.7357 | AA66: 106.3776 | AB66: 111.2188 | AC66: 110.5927 | AD66: 111.3116

Sheet 13
A1: Minimálna mzda | L1: Späť na zoznam | O1: =A1 -> Minimálna mzda
A2: Monthly minimum wages - bi-annual data [earn_mw_cur] | O2: Monthly minimum wages - bi-annual data [earn_mw_cur]
A4: Last update | B4: 41411.472 | O4: Last update | P4: 41411.472
A5: Extracted on | B5: 41420.952 | O5: Extracted on | P5: 41420.952
A6: Source of Data | B6: Eurostat | O6: Source of Data | P6: Eurostat
A7: http://appsso.eurostat.ec.europa.eu/nui/show.do?dataset=earn_mw_cur&lang=en | O7: http://appsso.eurostat.ec.europa.eu/nui/submitViewTableAction.do
A8: CURRENCY | B8: Euro (from 1.1.1999)/ECU (up to 31.12.1998) | O8: CURRENCY | P8: Purchasing Power Standard
A10: GEO/TIME | B10: 2001S2 | C10: 2002S2 | D10: 2003S2 | E10: 2004S2 | F10: 2005S2 | G10: 2006S2 | H10: 2007S2 | I10: 2008S2 | J10: 2009S2 | K10: 2010S2 | L10: 2011S2 | M10: 2012S2 | O10: GEO/TIME | P10: 2001S2 | Q10: 2002S2 | R10: 2003S2 | S10: 2004S2 | T10: 2005S2 | U10: 2006S2 | V10: 2007S2 | W10: 2008S2 | X10: 2009S2 | Y10: 2010S2 | Z10: 2011S2 | AA10: 2012S2
A11: Nemecko | O11: Nemecko
A12: Taliansko | O12: Taliansko
A13: Fínsko | O13: Fínsko
A14: Cyprus | O14: Cyprus
A15: Írsko | B15: 1008.93 | C15: 1008.93 | D15: 1073.15 | E15: 1183 | F15: 1292.85 | G15: 1292.85 | H15: 1461.85 | I15: 1461.85 | J15: 1461.85 | K15: 1461.85 | L15: 1461.85 | M15: 1461.85 | O15: Holandsko | P15: 1145.75 | Q15: 1196.91 | R15: 1172.85 | S15: 1191.08 | T15: 1207.9 | U15: 1234.55 | V15: 1291.01 | W15: 1303.32 | X15: 1297.32 | Y15: 1316.13 | Z15: 1329.01 | AA15: 1348.46
A16: Holandsko | B16: 1180.4 | C16: 1231.8 | D16: 1264.8 | E16: 1264.8 | F16: 1264.8 | G16: 1284.6 | H16: 1317 | I16: 1356.6 | J16: 1398.6 | K16: 1416 | L16: 1435.2 | M16: 1456.2 | O16: Írsko | P16: 844.85 | Q16: 805.41 | R16: 848.37 | S16: 939.13 | T16: 1046.87 | U16: 1038.28 | V16: 1178.26 | W16: 1127.37 | X16: 1153.95 | Y16: 1227 | Z16: 1252.33 | AA16: 1252.33
A17: Slovinsko | B17: 386.49 | C17: 417.87 | D17: 443.01 | E17: 464.54 | F17: 490.67 | G17: 511.62 | H17: 521.8 | I17: 566.5 | J17: 589.19 | K17: 734.15 | L17: 748.1 | M17: 763.06 | O17: Slovinsko | P17: 523.53 | Q17: 562.52 | R17: 580.85 | S17: 617.21 | T17: 644.93 | U17: 667.13 | V17: 661.4 | W17: 684.31 | X17: 670.97 | Y17: 844.84 | Z17: 871.64 | AA17: 889.07
A18: Španielsko | B18: 505.69 | C18: 515.9 | D18: 526.4 | E18: 572.6 | F18: 598.5 | G18: 631.05 | H18: 665.7 | I18: 700 | J18: 728 | K18: 738.85 | L18: 748.3 | M18: 748.3 | O18: Španielsko | P18: 592.05 | Q18: 609.39 | R18: 595.39 | S18: 629.16 | T18: 656.61 | U18: 687.51 | V18: 716.85 | W18: 736.39 | X18: 744.45 | Y18: 761.28 | Z18: 768.45 | AA18: 768.45
A19: Grécko | B19: 551.7 | C19: 582 | D19: 606.52 | E19: 630.77 | F19: 667.68 | G19: 709.71 | H19: 767.55 | I19: 794.02 | J19: 862.82 | K19: 862.82 | L19: 876.62 | M19: 683.76 | O19: Grécko | P19: 669.97 | Q19: 725.35 | R19: 705.84 | S19: 719.61 | T19: 756.23 | U19: 796.81 | V19: 854.87 | W19: 865.82 | X19: 908.68 | Y19: 907.08 | Z19: 921.45 | AA19: 718.73
A20: Portugalsko | B20: 389.89 | C20: 406.01 | D20: 416.03 | E20: 425.95 | F20: 437.15 | G20: 449.98 | H20: 470.17 | I20: 497 | J20: 525 | K20: 554.17 | L20: 565.83 | M20: 565.83 | O20: Portugalsko | P20: 461.92 | Q20: 470.13 | R20: 483.31 | S20: 487.31 | T20: 513.73 | U20: 529.62 | V20: 548.61 | W20: 565.67 | X20: 588.67 | Y20: 628.46 | Z20: 646.98 | AA20: 646.98
A21: Slovensko | B21: 104.11 | C21: 112.02 | D21: 134.06 | E21: 152.48 | F21: 169.21 | G21: 179.92 | H21: 225.96 | I21: 268.17 | J21: 295.5 | K21: 307.7 | L21: 317 | M21: 327 | O21: Slovensko | P21: 233.85 | Q21: 257.36 | R21: 264.7 | S21: 276.57 | T21: 303.98 | U21: 319.3 | V21: 355.91 | W21: 370.96 | X21: 401.27 | Y21: 429.4 | Z21: 437.59 | AA21: 451.39
A23: Special values: | O23: Special values:
A24: 0 | B24: less than half the final digit shown and greater than real zero | O24: 0 | P24: less than half the final digit shown and greater than real zero
A25: : | B25: not available | O25: : | P25: not available
A44: Minimálna mzda ako podiel priemernej mzdy
A46: Last update | B46: 40974.665
A47: Extracted on | B47: 41220.712
A48: Source of Data | B48: Eurostat
A50: UNIT | B50: Percentage
A51: NACE_R1 | B51: Industry and services (except public administration and community services; activities of households and extra-territorial organizations)
A52: INDIC_SE | B52: Monthly minimum wage as a proportion of the mean value of average monthly earnings
A54: GEO/TIME | B54: 2001 | C54: 2002 | D54: 2003 | E54: 2004 | F54: 2005 | G54: 2006 | H54: 2007 | I54: 2008 | J54: 2009 | K54: 2010 | L54: 2011 | M54: 2012
A55: Grécko | B55: 52.9 | C55: 54.7 | D55: 48.8 | E55: 47.7 | F55: 48.7 | G55: 47.7 | H55: 46.4 | I55: 48.4 | J55: 50.7 | K55: 40.4 | L55: 50.1
A56: Portugalsko | B56: 43.3 | C56: 43 | D56: 40.7 | E56: 40 | F56: 40.5 | G56: 40.7 | H56: 41.6 | I56: 44.6 | J56: 43.2 | K56: 42.8 | L56: 42.6 | M56: 43.5
A57: Írsko | D57: 43.4 | G57: 39.7 | H57: 38.6 | I57: 38 | J57: 41.5 | K57: 41.8 | L57: 41.9
A58: Slovensko | C58: 32.4 | D58: 34 | E58: 34.1 | F58: 34.4 | G58: 34.8 | H58: 34.7 | I58: 34.7 | J58: 36.5 | K58: 36.6 | L58: 36.6
A59: Španielsko | B59: 34.2 | C59: 33.5 | D59: 32.9 | E59: 33.6 | F59: 35.1 | G59: 35.8 | H59: 36.5 | I59: 35.2 | J59: 35.1 | K59: 35.3 | L59: 34.6
A60: Nemecko
A61: Taliansko
A62: Holandsko | C62: 49.3 | D62: 47.7 | E62: 46.1 | F62: 45.5 | G62: 44.1 | H62: 44.2 | I62: 44.2 | J62: 44.1 | K62: 44.6
A63: Fínsko
A64: Cyprus
A65: Slovinsko | I65: 41 | J65: 41.1 | K65: 47.5 | L65: 49 | M65: 50
A67: Special values: | K67: tam bude nejaká zrada
A68: 0 | B68: less than half the final digit shown and greater than real zero
A69: : | B69: not available

Sheet 08
A1: Výdavky verejných financií k HDP | K1: Späť na zoznam
A2: Government revenue, expenditure and main aggregates [gov_a_main]
A3: http://appsso.eurostat.ec.europa.eu/nui/show.do?dataset=gov_a_main&lang=en
A4: Last update | B4: 41331.369
A5: Extracted on | B5: 41420.582
A6: Source of Data | B6: Eurostat
A8: UNIT | B8: Percentage of GDP
A9: SECTOR | B9: General government
A10: INDIC_NA | B10: Total general government expenditure
A12: GEO/TIME | B12: 2001 | C12: 2002 | D12: 2003 | E12: 2004 | F12: 2005 | G12: 2006 | H12: 2007 | I12: 2008 | J12: 2009 | K12: 2010 | L12: 2011 | M12: 2012 | N12: GEO/TIME | O12: 2012
A13: EA17 | B13: 47.2 | C13: 47.5 | D13: 48 | E13: 47.4 | F13: 47.3 | G13: 46.7 | H13: 46 | I13: 47.1 | J13: 51.2 | K13: 51 | L13: 49.5 | M13: 49.9 | N13: Fínsko | O13: 56
A14: EU27 | B14: 46.2 | C14: 46.7 | D14: 47.2 | E14: 46.8 | F14: 46.8 | G14: 46.3 | H14: 45.6 | I14: 47.1 | J14: 51.1 | K14: 50.6 | L14: 49.1 | M14: 49.4 | N14: Grécko | O14: 54.8
A15: Fínsko | B15: 48 | C15: 49 | D15: 50.3 | E15: 50.2 | F15: 50.3 | G15: 49.2 | H15: 47.4 | I15: 49.2 | J15: 56.1 | K15: 55.8 | L15: 54.8 | M15: 56 | N15: Taliansko | O15: 50.6
A16: Grécko | B16: 45.4 | C16: 45.1 | D16: 44.7 | E16: 45.5 | F16: 44.6 | G16: 45.3 | H16: 47.5 | I16: 50.6 | J16: 54 | K16: 51.5 | L16: 51.8 | M16: 54.8 | N16: Holandsko | O16: 50.4
A17: Holandsko | B17: 45.4 | C17: 46.2 | D17: 47.1 | E17: 46.1 | F17: 44.8 | G17: 45.5 | H17: 45.3 | I17: 46.2 | J17: 51.4 | K17: 51.2 | L17: 49.8 | M17: 50.4 | N17: EA17 | O17: 49.5
A18: Nemecko | B18: 47.6 | C18: 47.9 | D18: 48.5 | E18: 47.1 | F18: 46.9 | G18: 45.3 | H18: 43.5 | I18: 44.1 | J18: 48.2 | K18: 47.7 | L18: 45.3 | M18: 45 | N18: EU27 | O18: 49.1
A19: Slovinsko | B19: 47.3 | C19: 46.2 | D19: 46.2 | E19: 45.7 | F19: 45.3 | G19: 44.6 | H19: 42.4 | I19: 44.3 | J19: 49.3 | K19: 50.4 | L19: 50.8 | M19: 49 | N19: Slovinsko | O19: 49
A20: Írsko | B20: 33.2 | C20: 33.5 | D20: 33.2 | E20: 33.6 | F20: 33.8 | G20: 34.4 | H20: 36.8 | I20: 43 | J20: 48.7 | K20: 66.1 | L20: 48.1 | M20: 42.1 | N20: Portugalsko | O20: 47.4
A21: Španielsko | B21: 38.7 | C21: 38.9 | D21: 38.4 | E21: 38.9 | F21: 38.4 | G21: 38.4 | H21: 39.2 | I21: 41.5 | J21: 46.3 | K21: 46.3 | L21: 45.2 | M21: 47 | N21: Španielsko | O21: 47
A22: Cyprus | B22: 38 | C22: 40 | D22: 44.6 | E22: 42.4 | F22: 43.1 | G22: 42.6 | H22: 41.3 | I22: 42.1 | J22: 46.2 | K22: 46.2 | L22: 46 | M22: 46.3 | N22: Cyprus | O22: 46.3
A23: Slovensko | B23: 44.5 | C23: 45.1 | D23: 40.1 | E23: 37.7 | F23: 38 | G23: 36.5 | H23: 34.2 | I23: 34.9 | J23: 41.5 | K23: 40 | L23: 38.2 | M23: 37.4 | N23: Nemecko | O23: 45
A24: Portugalsko | B24: 43.2 | C24: 43.1 | D24: 44.7 | E24: 45.4 | F24: 46.6 | G24: 45.2 | H24: 44.4 | I24: 44.8 | J24: 49.8 | K24: 51.3 | L24: 49.4 | M24: 47.4 | N24: Írsko | O24: 42.1
A25: Taliansko | B25: 47.7 | C25: 47.1 | D25: 48.1 | E25: 47.5 | F25: 47.9 | G25: 48.5 | H25: 47.6 | I25: 48.6 | J25: 51.9 | K25: 50.4 | L25: 49.9 | M25: 50.6 | N25: Slovensko | O25: 37.4
A27: Special values:
A28: 0 | B28: less than half the final digit shown and greater than real zero
A29: : | B29: not available

Sheet 14
A1: Výdavky na mzdy zamestnancov verejnej správy | L1: Späť na zoznam | N1: =A1 -> Výdavky na mzdy zamestnancov verejnej správy
A2: Government revenue, expenditure and main aggregates [gov_a_main] | N2: Government revenue, expenditure and main aggregates [gov_a_main]
A4: Last update | B4: 41204.369 | N4: Last update | O4: 41204.369
A5: Extracted on | B5: 41220.732 | N5: Extracted on | O5: 41220.732
A6: Source of Data | B6: Eurostat | N6: Source of Data | O6: Eurostat
A8: UNIT | B8: Percentage of GDP | N8: UNIT | O8: % z verejných výdavkov (prepočet INEKO)
A9: SECTOR | B9: General government | N9: SECTOR | O9: General government
A10: INDIC_NA | B10: Compensation of employees, payable | N10: INDIC_NA | O10: Compensation of employees, payable
A12: GEO/TIME | B12: 2001 | C12: 2002 | D12: 2003 | E12: 2004 | F12: 2005 | G12: 2006 | H12: 2007 | I12: 2008 | J12: 2009 | K12: 2010 | L12: 2011 | M12: 2012 | N12: GEO/TIME | O12: 2001 | P12: 2002 | Q12: 2003 | R12: 2004 | S12: 2005 | T12: 2006 | U12: 2007 | V12: 2008 | W12: 2009 | X12: 2010 | Y12: 2011 | Z12: 2012 | AA12: GEO/TIME | AB12: 2012
A13: Cyprus | B13: 13.2 | C13: 13.8 | D13: 15.6 | E13: 15 | F13: 14.9 | G13: 14.9 | H13: 14.6 | I13: 14.6 | J13: 16.2 | K13: 15.8 | L13: 16 | M13: 15.8 | N13: Cyprus | O13: 34.736842 | P13: 34.5 | Q13: 34.98 | R13: 35.377358 | S13: 34.570766 | T13: 34.976526 | U13: 35.35109 | V13: 34.679335 | W13: 35.06 | X13: 34.2 | Y13: 34.78 | Z13: 34.13 | AA13: Cyprus | AB13: 34.13
A14: Írsko | B14: 8.9 | C14: 9.1 | D14: 9.5 | E14: 9.6 | F14: 10.2 | G14: 10.2 | H14: 10.5 | I14: 11.9 | J14: 12.8 | K14: 12.3 | L14: 12 | M14: 11.5 | N14: Írsko | O14: 26.76869 | P14: 27.33125 | Q14: 28.545405 | R14: 28.730203 | S14: 30.013339 | T14: 29.724854 | U14: 28.612556 | V14: 27.528188 | W14: 26.375609 | X14: 18.645494 | Y14: 24.972399 | Z14: 27.32 | AA14: EU27 | AB14: 27.32
A15: Slovinsko | B15: 11.7 | C15: 11.6 | D15: 11.7 | E15: 11.6 | F15: 11.5 | G15: 11.2 | H15: 10.5 | I15: 11 | J15: 12.4 | K15: 12.6 | L15: 12.8 | M15: 12.6 | N15: Slovinsko | O15: 24.74 | P15: 25.11 | Q15: 25.32 | R15: 25.38 | S15: 25.39 | T15: 25.11 | U15: 24.76 | V15: 24.83 | W15: 25.15 | X15: 24.6 | Y15: 24.8 | Z15: 25.71 | AA15: Slovinsko | AB15: 25.71
A16: Fínsko | B16: 13 | C16: 13.3 | D16: 13.7 | E16: 13.6 | F16: 13.8 | G16: 13.5 | H16: 12.9 | I16: 13.3 | J16: 14.8 | K16: 14.5 | L16: 14.2 | M16: 14.3 | N16: Fínsko | O16: 27.062434 | P16: 27.100772 | Q16: 27.206656 | R16: 27.108205 | S16: 27.34097 | T16: 27.407171 | U16: 27.26974 | V16: 27.004991 | W16: 26.303925 | X16: 26.019236 | Y16: 25.859078 | Z16: 25.54 | AA16: Írsko | AB16: 25.54
A17: Španielsko | B17: 10.1 | C17: 10 | D17: 10 | E17: 10.1 | F17: 10 | G17: 10 | H17: 10.2 | I17: 10.9 | J17: 12 | K17: 12 | L17: 11.6 | M17: 11.1 | N17: Španielsko | O17: 26.128743 | P17: 25.688568 | Q17: 26.16205 | R17: 25.8573 | S17: 26.022243 | T17: 25.997862 | U17: 26.112509 | V17: 26.281079 | W17: 25.932474 | X17: 25.883943 | Y17: 25.733632 | Z17: 23.62 | AA17: Slovensko | AB17: 23.62
A18: Grécko | B18: 10.4 | C18: 11.1 | D18: 10.8 | E18: 11.5 | F18: 11.6 | G18: 11.2 | H18: 11.4 | I18: 12 | J18: 13.4 | K18: 12.5 | L18: 12.4 | M18: 12.5 | N18: Grécko | O18: 22.850434 | P18: 24.51072 | Q18: 24.164215 | R18: 25.310377 | S18: 25.998583 | T18: 24.716388 | U18: 24.020602 | V18: 23.730422 | W18: 24.873866 | X18: 24.297913 | Y18: 24.016 | Z18: 22.81 | AA18: Grécko | AB18: 22.81
A19: EU27 | B19: 10.6 | C19: 10.7 | D19: 10.9 | E19: 10.8 | F19: 10.8 | G19: 10.7 | H19: 10.4 | I19: 10.6 | J19: 11.3 | K19: 11.1 | L19: 10.8 | M19: 10.7 | N19: EU27 | O19: 22.928649 | P19: 23.025242 | Q19: 23.067106 | R19: 23.155868 | S19: 23.183965 | T19: 23.076523 | U19: 22.914328 | V19: 22.526432 | W19: 22.209279 | X19: 22.001702 | Y19: 22.065286 | Z19: 21.66 | AA19: Španielsko | AB19: 21.66
A20: EA17 | B20: 10.4 | C20: 10.5 | D20: 10.6 | E20: 10.5 | F20: 10.5 | G20: 10.3 | H20: 10.1 | I20: 10.3 | J20: 11.1 | K20: 10.9 | L20: 10.6 | M20: 10.5 | N20: EA17 | O20: 22.007274 | P20: 22.121187 | Q20: 22.105617 | R20: 22.124605 | S20: 22.161739 | T20: 22.075773 | U20: 21.937032 | V20: 21.8325 | W20: 21.577333 | X20: 21.305114 | Y20: 21.441475 | Z20: 21.04 | AA20: Fínsko | AB20: 21.04
A21: Taliansko | B21: 10.5 | C21: 10.6 | D21: 10.8 | E21: 10.7 | F21: 10.9 | G21: 10.9 | H21: 10.6 | I21: 10.8 | J21: 11.3 | K21: 11.1 | L21: 10.7 | M21: 10.6 | N21: Taliansko | O21: 21.973468 | P21: 22.435658 | Q21: 22.437392 | R21: 22.560056 | S21: 22.7449 | T21: 22.563677 | U21: 22.16316 | V21: 22.163005 | W21: 21.696913 | X21: 22.008666 | Y21: 21.50654 | Z21: 20.95 | AA21: Nemecko | AB21: 20.95
A22: Portugalsko | B22: 13.9 | C22: 14.2 | D22: 13.6 | E22: 13.6 | F22: 14 | G22: 13.1 | H22: 12.1 | I22: 12 | J22: 12.7 | K22: 12.2 | L22: 11.4 | M22: 9.9 | N22: Portugalsko | O22: 32.129681 | P22: 32.936539 | Q22: 30.542391 | R22: 29.972944 | S22: 29.963957 | T22: 28.884578 | U22: 27.256642 | V22: 26.833845 | W22: 25.507053 | X22: 23.833591 | Y22: 23.023379 | Z22: 20.89 | AA22: EA17 | AB22: 20.89
A23: Holandsko | B23: 9.6 | C23: 9.8 | D23: 10.1 | E23: 10 | F23: 9.6 | G23: 9.3 | H23: 9.1 | I23: 9.2 | J23: 10.1 | K23: 10.1 | L23: 9.8 | M23: 9.7 | N23: Holandsko | O23: 21.087052 | P23: 21.212784 | Q23: 21.387137 | R23: 21.602629 | S23: 21.543713 | T23: 20.410685 | U23: 20.194867 | V23: 19.903487 | W23: 19.582268 | X23: 19.65619 | Y23: 19.630378 | Z23: 19.25 | AA23: Portugalsko | AB23: 19.25
A24: Slovensko | B24: 8.9 | C24: 9.1 | D24: 8.9 | E24: 8.1 | F24: 7.3 | G24: 7.2 | H24: 6.6 | I24: 6.8 | J24: 7.7 | K24: 7.7 | L24: 7.1 | M24: 7 | N24: Slovensko | O24: 19.95573 | P24: 20.279762 | Q24: 22.073039 | R24: 21.383284 | S24: 19.176939 | T24: 19.807664 | U24: 19.392669 | V24: 19.424313 | W24: 18.559832 | X24: 19.238555 | Y24: 18.619769 | Z24: 18.72 | AA24: Holandsko | AB24: 18.72
A25: Nemecko | B25: 8.2 | C25: 8.2 | D25: 8.2 | E25: 8.1 | F25: 7.9 | G25: 7.7 | H25: 7.3 | I25: 7.4 | J25: 8 | K25: 7.8 | L25: 7.7 | M25: 7.7 | N25: Nemecko | O25: 17.163612 | P25: 17.122651 | Q25: 16.977669 | R25: 17.128483 | S25: 16.939 | T25: 16.88761 | U25: 16.865703 | V25: 16.745227 | W25: 16.682391 | X25: 16.396719 | Y25: 17.00155 | Z25: 17.11 | AA25: Taliansko | AB25: 17.11
A27: Special values: | N27: Special values:
A28: 0 | B28: less than half the final digit shown and greater than real zero | N28: 0 | O28: less than half the final digit shown and greater than real zero
A29: : | B29: not available | N29: : | O29: not available
K45: GEO/TIME | L45: 2012
K46: Cyprus | L46: 15.8
K47: Fínsko | L47: 14.3
K48: Slovinsko | L48: 12.6
K49: Grécko | L49: 12.5
K50: Írsko | L50: 11.5
K51: Španielsko | L51: 11.1
K52: EU27 | L52: 10.7
K53: Taliansko | L53: 10.6
K54: EA17 | L54: 10.5
K55: Portugalsko | L55: 9.9
K56: Holandsko | L56: 9.7
K57: Nemecko | L57: 7.7
K58: Slovensko | L58: 7

Sheet 15
A1: Zamestnanosť v súkromnom a vo verejnom sektore | L1: Späť na zoznam
A2: Employment by sex, age and economic activity (from 2008, NACE rev.2) (1 000) [lfsa_egan2]
A4: Last update | B4: 41200.758
A5: Extracted on | B5: 41220.746
A6: Source of Data | B6: Eurostat
A8: SEX | B8: Total | G8: SEX | H8: Total | M8: SEX | N8: Total
A9: AGE | B9: From 15 to 64 years | G9: AGE | H9: From 15 to 64 years | M9: AGE | N9: From 15 to 64 years
A10: NACE_R2 | B10: Total - All NACE activities | G10: NACE_R2 | H10: Public administration | M10: NACE_R2 | N10: Private employees
A12: GEO/TIME | B12: 2008 | C12: 2009 | D12: 2010 | E12: 2011 | F12: 2012 | G12: GEO/TIME | H12: 2008 | I12: 2009 | J12: 2010 | K12: 2011 | L12: 2012 | M12: GEO/TIME | N12: 2008 | O12: 2009 | P12: 2010 | Q12: 2011
A13: EU27 | B13: 217398.1 | C13: 213522.5 | D13: 212405 | E13: 213046.3 | F13: 211640.6 | G13: EU27 | H13: 69632.2 | I13: 70873.6 | J13: 71610.7 | K13: 72287.4 | M13: EU27 | N13: =B13-H13 -> 147765.9 | O13: =C13-I13 -> 142648.9 | P13: =D13-J13 -> 140794.3 | Q13: =E13-K13 -> 140758.9
A14: EA17 | B14: 142331.7 | C14: 139637.6 | D14: 138854.5 | E14: 139230.3 | F14: 138131.5 | G14: EA17 | H14: 46743.4 | I14: 47118.3 | J14: 47533.9 | K14: 48152.5 | M14: EA17 | N14: =B14-H14 -> 95588.3 | O14: =C14-I14 -> 92519.3 | P14: =D14-J14 -> 91320.6 | Q14: =E14-K14 -> 91077.8
A15: Nemecko | B15: 37902.3 | C15: 37807.8 | D15: 38072.7 | E15: 38978.3 | F15: 39237.8 | G15: Nemecko | H15: 12972.8 | I15: 13309.4 | J15: 13615 | K15: 14029.4 | M15: Nemecko | N15: =B15-H15 -> 24929.5 | O15: =C15-I15 -> 24498.4 | P15: =D15-J15 -> 24457.7 | Q15: =E15-K15 -> 24948.9
A16: Írsko | B16: 2054.8 | C16: 1884.8 | D16: 1803.8 | E16: 1764 | F16: 1790.1 | G16: Írsko | H16: 647.8 | I16: 641.1 | J16: 637.5 | K16: 633.3 | M16: Írsko | N16: =B16-H16 -> 1407 | O16: =C16-I16 -> 1243.7 | P16: =D16-J16 -> 1166.3 | Q16: =E16-K16 -> 1130.7
A17: Grécko | B17: 4473.7 | C17: 4423.2 | D17: 4306.5 | E17: 4016.6 | F17: 3705.2 | G17: Grécko | H17: 1228 | I17: 1224.6 | J17: 1217 | K17: 1188.6 | M17: Grécko | N17: =B17-H17 -> 3245.7 | O17: =C17-I17 -> 3198.6 | P17: =D17-J17 -> 3089.5 | Q17: =E17-K17 -> 2828
A18: Španielsko | B18: 20102.8 | C18: 18736 | D18: 18304.1 | E18: 17953.3 | F18: 17123.7 | G18: Španielsko | H18: 5445.9 | I18: 5551.3 | J18: 5644 | K18: 5684.6 | M18: Španielsko | N18: =B18-H18 -> 14656.9 | O18: =C18-I18 -> 13184.7 | P18: =D18-J18 -> 12660.1 | Q18: =E18-K18 -> 12268.7
A19: Taliansko | B19: 23010.5 | C19: 22650.1 | D19: 22496.5 | E19: 22582.7 | F19: 22481.1 | G19: Taliansko | H19: 6895.3 | I19: 6810.5 | J19: 6789.2 | K19: 6843.4 | M19: Taliansko | N19: =B19-H19 -> 16115.2 | O19: =C19-I19 -> 15839.6 | P19: =D19-J19 -> 15707.3 | Q19: =E19-K19 -> 15739.3
A20: Holandsko | B20: 8467.6 | C20: 8443.4 | D20: 8226.9 | E20: 8231.7 | F20: : | G20: Holandsko | H20: 3362.9 | I20: 3335 | J20: 3213.7 | K20: 3215.1 | M20: Holandsko | N20: =B20-H20 -> 5104.7 | O20: =C20-I20 -> 5108.4 | P20: =D20-J20 -> 5013.2 | Q20: =E20-K20 -> 5016.6
A21: Portugalsko | B21: 4872.2 | C21: 4735.5 | D21: 4663.4 | E21: 4557.4 | F21: 4349.4 | G21: Portugalsko | H21: 1281.1 | I21: 1301.9 | J21: 1321.2 | K21: 1345.5 | M21: Portugalsko | N21: =B21-H21 -> 3591.1 | O21: =C21-I21 -> 3433.6 | P21: =D21-J21 -> 3342.2 | Q21: =E21-K21 -> 3211.9
A22: Slovensko | B22: 2423.4 | C22: 2356.6 | D22: 2307.2 | E22: 2339.3 | F22: 2317.2 | G22: Slovensko | H22: 614.2 | I22: 626.2 | J22: 640.8 | K22: 649.7 | M22: Slovensko | N22: =B22-H22 -> 1809.2 | O22: =C22-I22 -> 1730.4 | P22: =D22-J22 -> 1666.4 | Q22: =E22-K22 -> 1689.6
A23: Fínsko | B23: 2497.2 | C23: 2423.3 | D23: 2410.1 | E23: 2428.5 | F23: 2431 | G23: Fínsko | H23: 907.4 | I23: 903.1 | J23: 909 | K23: 929.9 | M23: Fínsko | N23: =B23-H23 -> 1589.8 | O23: =C23-I23 -> 1520.2 | P23: =D23-J23 -> 1501.1 | Q23: =E23-K23 -> 1498.6
A24: Cyprus | B24: 371.1 | C24: 371 | D24: 382.3 | E24: 386.3 | F24: 378.3
A25: Slovenia | B25: 975.2 | C25: 954.8 | D25: 941.5 | E25: 914.8 | F25: 906.5 | M25: GEO/TIME | N25: 2011
M26: Holandsko | N26: 39.057546
G27: GEO/TIME | H27: 2008 | I27: 2009 | J27: 2010 | K27: 2011 | M27: Fínsko | N27: 38.291126
G28: EA17 | H28: 32.841173 | I28: 33.743275 | J28: 34.232884 | K28: 34.584785 | M28: Nemecko | N28: 35.992847
G29: EU27 | H29: 32.029811 | I29: 33.192568 | J29: 33.714225 | K29: 33.930371 | M29: Írsko | N29: 35.901361
G30: Fínsko | H30: 36.336697 | I30: 37.267363 | J30: 37.716277 | K30: 38.291126 | M30: EA17 | N30: 34.584785
G31: Grécko | H31: 27.449315 | I31: 27.685838 | J31: 28.259608 | K31: 29.592192 | M31: EU27 | N31: 33.930371
G32: Holandsko | H32: 39.714913 | I32: 39.498306 | J32: 39.063317 | K32: 39.057546 | M32: Španielsko | N32: 31.66326
G33: Írsko | H33: 31.526183 | I33: 34.014219 | J33: 35.342056 | K33: 35.901361 | M33: Taliansko | N33: 30.303728
G34: Nemecko | H34: 34.226947 | I34: 35.202789 | J34: 35.760532 | K34: 35.992847 | M34: Grécko | N34: 29.592192
G35: Portugalsko | H35: 26.294077 | I35: 27.492345 | J35: 28.33126 | K35: 29.523412 | M35: Portugalsko | N35: 29.523412
G36: Slovensko | H36: 25.344557 | I36: 26.57218 | J36: 27.773925 | K36: 27.773266 | M36: Slovensko | N36: 27.773266
G37: Španielsko | H37: 27.090256 | I37: 29.629056 | J37: 30.834622 | K37: 31.66326
G38: Taliansko | H38: 29.965885 | I38: 30.0683 | J38: 30.178917 | K38: 30.303728

Sheet 16
A1: Index globálnej konkurencieschopnosti | K1: Späť na zoznam
A3: Source of Data | B3: WEF
A5: UNIT | B5: Skóre od 1 (najnižšia konkurencieschopnosť) do 7
A8: GEO/TIME | B8: 2002 | C8: 2003 | D8: 2004 | E8: 2005 | F8: 2006 | G8: 2007 | H8: 2008 | I8: 2009 | J8: 2010 | K8: 2011 | L8: 2012 | O8: GEO/TIME | P8: 2012
A9: EU17 | O9: Fínsko | P9: 5.55
A10: EU27 | O10: Holandsko | P10: 5.5
A11: Fínsko | B11: 5.83 | C11: 6.01 | D11: 5.04 | E11: 5.73 | F11: 5.76 | G11: 5.49 | H11: 5.5 | I11: 5.43 | J11: 5.37 | K11: 5.47 | L11: 5.55 | O11: Nemecko | P11: 5.48
A12: Grécko | B12: 4.41 | C12: 4.58 | D12: 3.84 | E12: 4.28 | F12: 4.33 | G12: 4.08 | H12: 4.11 | I12: 4.04 | J12: 3.99 | K12: 3.92 | L12: 3.86 | O12: Írsko | P12: 4.91
A13: Holandsko | B13: 4.82 | C13: 5.24 | D13: 4.72 | E13: 5.39 | F13: 5.56 | G13: 5.4 | H13: 5.41 | I13: 5.32 | J13: 5.33 | K13: 5.41 | L13: 5.5 | O13: Španielsko | P13: 4.6
A14: Írsko | B14: 4.4 | C14: 4.73 | D14: 4.38 | E14: 5.22 | F14: 5.21 | G14: 5.03 | H14: 4.99 | I14: 4.84 | J14: 4.74 | K14: 4.77 | L14: 4.91 | O14: Taliansko | P14: 4.46
A15: Nemecko | B15: 4.94 | C15: 5.24 | D15: 4.86 | E15: 5.56 | F15: 5.58 | G15: 5.51 | H15: 5.46 | I15: 5.37 | J15: 5.39 | K15: 5.41 | L15: 5.48 | O15: Portugalsko | P15: 4.4
A16: Portugalsko | B16: 4.91 | C16: 4.92 | D16: 4.05 | E16: 4.6 | F16: 4.6 | G16: 4.48 | H16: 4.47 | I16: 4.4 | J16: 4.38 | K16: 4.4 | L16: 4.4 | O16: Cyprus | P16: 4.3
A17: Slovensko | B17: 4.31 | C17: 4.23 | D17: 4.03 | E17: 4.48 | F17: 4.55 | G17: 4.45 | H17: 4.4 | I17: 4.31 | J17: 4.25 | K17: 4.19 | L17: 4.14 | O17: Slovinsko | P17: 4.3
A18: Španielsko | B18: 4.68 | C18: 4.94 | D18: 4.1 | E18: 4.8 | F18: 4.77 | G18: 4.66 | H18: 4.72 | I18: 4.59 | J18: 4.49 | K18: 4.54 | L18: 4.6 | O18: Slovensko | P18: 4.14
A19: Taliansko | B19: 4.08 | C19: 4.38 | D19: 3.8 | E19: 4.47 | F19: 4.46 | G19: 4.36 | H19: 4.35 | I19: 4.31 | J19: 4.37 | K19: 4.43 | L19: 4.46 | O19: Grécko | P19: 3.86
A20: Cyprus | D20: 4.56 | E20: 4.54 | F20: 4.36 | G20: 4.23 | H20: 4.53 | I20: 4.565591 | J20: 4.5 | K20: 4.36 | L20: 4.3
A21: Slovinsko | D21: 4.75 | E21: 4.59 | F21: 4.64 | G21: 4.48 | H21: 4.5 | I21: 4.55288 | J21: 4.42 | K21: 4.3 | L21: 4.3

Sheet 17
A1: Vplyv daňového systému na motiváciu pracovať | D1: Extent and effect of taxation | K1: Späť na zoznam
A3: Source of Data | B3: WEF
A5: UNIT | B5: Skóre od 1 (odrádza pracovať) do 7 (motivuje pracovať)
B9: 2007 | C9: 2012
A10: Cyprus | C10: 4.6
A11: Holandsko | B11: 3.7 | C11: 4.1
A12: Írsko | B12: 5.1 | C12: 3.8
A13: Nemecko | B13: 3.1 | C13: 3.5
A14: Slovensko | B14: 5.4 | C14: 3.5
A15: Fínsko | B15: 2.5 | C15: 3.2
A16: Španielsko | B16: 3.3 | C16: 3
A17: Slovinsko | C17: 2.8
A18: Portugalsko | B18: 3.1 | C18: 2.4
A19: Grécko | B19: 3.3 | C19: 2.3
A20: Taliansko | B20: 2.3 | C20: 2.2
A23: Flexibilita pracovného práva | K23: Späť na zoznam
A24: Hiring and firing practices
A25: Source of Data | B25: WEF
A27: UNIT | B27: Skóre od 1 (striktná regulácia) do 7 (pracovné právo je flexibilné)
A31: GEO/TIME | B31: 2007 | C31: 2012
A32: Fínsko | B32: 3.3 | C32: 3.9
A33: Írsko | B33: 3.2 | C33: 3.9
A34: Cyprus | C34: 3.8
A35: Slovensko | B35: 4.7 | C35: 3.5
A36: Grécko | B36: 2.8 | C36: 3.3
A37: Holandsko | B37: 2.9 | C37: 3.1
A38: Nemecko | B38: 2.4 | C38: 3.1
A39: Španielsko | B39: 2.9 | C39: 3
A40: Portugalsko | B40: 2.6 | C40: 2.9
A41: Taliansko | B41: 2.4 | C41: 2.8
A42: Slovinsko | C42: 2.3
K44: Späť na zoznam
A46: Nezávislosť súdnictva
A47: Judicial independece
A48: Source of Data | B48: WEF
A50: UNIT | B50: Skóre od 1 (súdy sú ovplyvňované) do 7 (súdy sú nezávislé)
A51: GEO/TIME | B51: 2007 | C51: 2012
A52: Fínsko | B52: 5.7 | C52: 6.5
A53: Holandsko | B53: 5.5 | C53: 6.4
A54: Írsko | B54: 4 | C54: 6.3
A55: Nemecko | B55: 5.1 | C55: 6.2
A56: Cyprus | C56: 4.8
A57: Španielsko | B57: 3 | C57: 4
A58: Portugalsko | B58: 4.2 | C58: 3.9
A59: Taliansko | B59: 2.8 | C59: 3.8
A60: Slovinsko | C60: 3.8
A61: Grécko | B61: 3.2 | C61: 3.1
A62: Slovensko | B62: 2.6 | C62: 2.7
A65: Administratívne zaťaženie | K65: Späť na zoznam
A66: Burden of government regulation
A67: Source of Data | B67: WEF
A69: UNIT | B69: Skóre od 1 (veľké zaťaženie) do 7 (minimálne zaťaženie)
A73: GEO/TIME | B73: 2007 | C73: 2012
A74: Fínsko | B74: 4.6 | C74: 4.8
A75: Cyprus | C75: 4.1
A76: Holandsko | B76: 3.2 | C76: 3.9
A77: Írsko | B77: 3.6 | C77: 3.8
A78: Nemecko | B78: 3.1 | C78: 3.4
A79: Španielsko | B79: 3.1 | C79: 2.8
A80: Slovinsko | C80: 2.7
A81: Portugalsko | B81: 3.1 | C81: 2.6
A82: Slovensko | B82: 2.9 | C82: 2.6
A83: Grécko | B83: 2.6 | C83: 2.2
A84: Taliansko | B84: 2.1 | C84: 2.1
K86: Späť na zoznam
A87: Ochrana vlastníckych práv
A89: Source of Data | B89: WEF
A90: UNIT | B90: Skóre od 1 (žiadna ochrana) do 7 (dôsledná ochrana)
A94: GEO/TIME | B94: 2007 | C94: 2012
A95: Fínsko | B95: 6.4 | C95: 6.5
A96: Holandsko | B96: 6.4 | C96: 6
A97: Nemecko | B97: 6.7 | C97: 5.8
A98: Írsko | B98: 6.3 | C98: 5.8
A99: Cyprus | C99: 5.2
A100: Španielsko | B100: 5.5 | C100: 4.8
A101: Portugalsko | B101: 5.6 | C101: 4.8
A102: Slovinsko | C102: 4.4
A103: Taliansko | B103: 5 | C103: 4.3
A104: Grécko | B104: 5.2 | C104: 4.2
A105: Slovensko | B105: 5 | C105: 4.1
K107: Späť na zoznam
A108: Účelnosť verejných výdavkov
A110: Source of Data | B110: WEF
A111: UNIT | B111: Skóre od 1 (veľmi neefektívne) do 7 (veľmi efektívne)
A115: GEO/TIME | B115: 2007 | C115: 2012
A116: Fínsko | B116: 5 | C116: 4.8
A117: Holandsko | B117: 4.9 | C117: 4.7
A118: Nemecko | B118: 4.2 | C118: 4
A119: Cyprus | C119: 3.5
A120: Írsko | B120: 3.5 | C120: 3.2
A121: Španielsko | B121: 4 | C121: 2.7
A122: Slovensko | B122: 3 | C122: 2.6
A123: Slovinsko | C123: 2.4
A124: Taliansko | B124: 2.4 | C124: 2.3
A125: Portugalsko | B125: 3.4 | C125: 2.2
A126: Grécko | B126: 3.5 | C126: 2
A128: Kvalita verejných inštitúcií | K128: Späť na zoznam
A130: Source of Data | B130: WEF
A132: UNIT | B132: Skóre od 1 (nízka kvalita) do 7 (vysoká kvalita)
A136: GEO/TIME | B136: 2007 | C136: 2012
...

Sheet 18
A1: DOING BUSINESS - WORLD BANK | G1: Späť na zoznam
A2: Sources: http://www.doingbusiness.org/~/media/GIAWB/Doing%20Business/Documents/Annual-Reports/English/DB07-FullReport.pdf | N2: http://www.doingbusiness.org/custom-query
A3: Starting a Business | L3: Dealing with Construction Permits | W3: Getting Electricity | AH3: Registering Property | AS3: Getting Credit | BD3: Protecting Investors | BO3: Paying Taxes | BZ3: Trading Across Borders | CK3: Enforcing Contracts | CV3: Resolving Insolvency | DG3: Resolving Insolvency
A4: Procedures (number) | L4: Procedures (number) | W4: Procedures (number) | AH4: Procedures (number) | AS4: Strength of legal rights index (0-10) | BD4: Extent of disclosure index (0-10) | BO4: Payments (number per year) | BZ4: Documents to export (number) | CK4: Time (days) | CV4: Time (years)
DH5: Difficulty of hiring | DJ5: Rigidity of hours | DO5: Redundancy rules | DW5: Redundancy cost
A6: GEO/TIME | B6: 2007 | C6: 2013 | L6: GEO/TIME | M6: 2007 | N6: 2013 | W6: GEO/TIME | X6: 2007 | Y6: 2013 | AH6: GEO/TIME | AI6: 2007 | AJ6: 2013 | AS6: GEO/TIME | AT6: 2007 | AU6: 2013 | BD6: GEO/TIME | BE6: 2007 | BF6: 2013 | BO6: GEO/TIME | BP6: 2007 | BQ6: 2013 | BZ6: GEO/TIME | CA6: 2007 | CB6: 2013 | CK6: GEO/TIME | CL6: 2007 | CM6: 2013 | CV6: GEO/TIME | CW6: 2007 | CX6: 2013 | DG6: Country | DH6: Are fixed-term contracts prohibited for permanent tasks? | DI6: What is the maximum cumulative duration of a fixed-term employment relationship (in months), including all renewals? | DJ6: Can the workweek for a single worker extend to 50 hours per week (including overtime) for 2 months each year to respond to a seasonal increase in production? | DK6: Are there restrictions on night work? | DL6: Are there restrictions on "weekly holiday" work? | DM6: What is the maximum number of working days per week? | DN6: Paid annual leave (working days) - 10 years | DO6: Is it legal for an employer to terminate the employment contract of a worker on the basis of redundancy? | DP6: Must the employer notify a third party before dismissing one redundant worker? | DQ6: Does the employer need the approval of a third party in order to dismiss one redundant worker? | DR6: Must the employer notify or consult a third party prior to a collective dismissal (9 employees)? | DS6: Must the employer obtain prior approval from a third party before a collective dismissal (9 employees)? | DT6: Is there a retraining or reassignment obligation before an employer can make a worker redundant? | DU6: Are there priority rules that apply to redundancy dismissals or lay-offs? | DV6: Are there priority rules applying to re-employment? | DW6: Notice period for redundancy dismissal after 10 years of continuous employment | DX6: Severance pay for redundancy dismissal after 10 years of continuous employment | DY6: Average penalty for redundancy dismissal after 1, 5 and 10 years of continuous employment
A7: Grécko | B7: 15 | C7: 11 | L7: Fínsko | M7: 16 | N7: 16 | W7: Grécko | Y7: 6 | AH7: Grécko | AI7: 11 | AJ7: 11 | AS7: Írsko | AT7: 9 | AU7: 9 | BD7: Írsko | BE7: 10 | BF7: 10 | BO7: Cyprus | BQ7: 28 | BZ7: Slovensko | CA7: 6 | CB7: 6 | CK7: Slovinsko | CL7: 1350 | CM7: 1290 | CV7: Slovensko | CW7: 4 | CX7: 4 | DG7: Finland 2013 | DH7: Yes | DI7: 60 | DJ7: Yes | DK7: No | DL7: No | DM7: 6 | DN7: 30 | DO7: Yes | DP7: Yes | DQ7: No | DR7: Yes | DS7: No | DT7: Yes | DU7: Yes | DV7: Yes | DW7: 17.333333 | DX7: 0 | DY7: 0
A8: Španielsko | B8: 10 | C8: 10 | L8: Grécko | M8: 13 | N8: 15 | W8: Fínsko | Y8: 5 | AH8: Cyprus | AJ8: 6 | AS8: Slovensko | AT8: 9 | AU8: 9 | BD8: Cyprus | BF8: 8 | BO8: Slovensko | BP8: 31 | BQ8: 20 | BZ8: Slovinsko | CA8: 6 | CB8: 6 | CK8: Taliansko | CL8: 1210 | CM8: 1210 | CV8: Grécko | CW8: 2 | CX8: 2 | DG8: Finland 2007 | DH8: Yes | DI8: 60 | DJ8: Yes | DK8: No | DL8: No | DM8: 6 | DN8: 30 | DO8: Yes | DP8: Yes | DQ8: No | DR8: Yes | DS8: No | DT8: Yes | DU8: Yes | DV8: Yes
A9: Nemecko | B9: 9 | C9: 9 | L9: Holandsko | M9: 15 | N9: 14 | W9: Írsko | Y9: 5 | AH9: Nemecko | AI9: 5 | AJ9: 5 | AS9: Cyprus | AU9: 9 | BD9: Taliansko | BE9: 7 | BF9: 7 | BO9: Taliansko | BP9: 15 | BQ9: 15 | BZ9: Grécko | CA9: 5 | CB9: 5 | CK9: Grécko | CL9: 819 | CM9: 819 | CV9: Portugalsko | CW9: 2 | CX9: 2 | DG9: Germany 2013 | DH9: No | DI9: 24 | DJ9: Yes | DK9: No | DL9: No | DM9: 6 | DN9: 24 | DO9: Yes | DP9: Yes | DQ9: No | DR9: Yes | DS9: No | DT9: Yes | DU9: Yes | DV9: No | DW9: 17.333333 | DX9: 21.666667 | DY9: 0
A10: Taliansko | B10: 9 | C10: 6 | L10: Portugalsko | M10: 17 | N10: 13 | W10: Taliansko | Y10: 5 | AH10: Írsko | AI10: 5 | AJ10: 5 | AS10: Fínsko | AT10: 8 | AU10: 8 | BD10: Fínsko | BE10: 6 | BF10: 6 | BO10: Slovinsko | BP10: 22 | BQ10: 11 | BZ10: Španielsko | CA10: 5 | CB10: 5 | CK10: Cyprus | CM10: 735 | CV10: Slovinsko | CW10: 2 | CX10: 2 | DG10: Germany 2007 | DH10: No | DI10: 24 | DJ10: Yes | DK10: No | DL10: No | DM10: 6 | DN10: 24 | DO10: Yes | DP10: Yes | DQ10: No | DR10: Yes | DS10: No | DT10: Yes | DU10: Yes | DV10: No
A11: Slovensko | B11: 9 | C11: 6 | L11: Írsko | M11: 11 | N11: 12 | W11: Holandsko | Y11: 5 | AH11: Holandsko | AI11: 5 | AJ11: 5 | AS11: Nemecko | AT11: 8 | AU11: 7 | BD11: Portugalsko | BE11: 6 | BF11: 6 | BO11: Nemecko | BP11: 12 | BQ11: 9 | BZ11: Cyprus | CB11: 5 | CK11: Írsko | CL11: 515 | CM11: 650 | CV11: Taliansko | CW11: 1.8 | CX11: 1.8 | DG11: Greece 2013 | DH11: Yes | DI11: No limit | DJ11: Yes | DK11: No | DL11: Yes | DM11: 5 | DN11: 25 | DO11: Yes | DP11: No | DQ11: No | DR11: Yes | DS11: Yes | DT11: No | DU11: Yes | DV11: No | DW11: 0 | DX11: 26 | DY11: 0
A12: Cyprus | C12: 6 | L12: Taliansko | M12: 11 | N12: 11 | W12: Portugalsko | Y12: 5 | AH12: Španielsko | AI12: 4 | AJ12: 5 | AS12: Holandsko | AT12: 6 | AU12: 6 | BD12: Nemecko | BE12: 5 | BF12: 5 | BO12: Holandsko | BP12: 9 | BQ12: 9 | BZ12: Fínsko | CA12: 4 | CB12: 4 | CK12: Portugalsko | CL12: 577 | CM12: 547 | CV12: Španielsko | CW12: 1.5 | CX12: 1.5 | DG12: Greece 2007 | DH12: Yes | DI12: No limit | DJ12: Yes | DK12: No | DL12: Yes | DM12: 5 | DN12: 25 | DO12: Yes | DP12: No | DQ12: No | DR12: Yes | DS12: Yes | DT12: No | DU12: Yes | DV12: No
A13: Holandsko | B13: 6 | C13: 5 | L13: Slovensko | M13: 11 | N13: 11 | W13: Slovensko | Y13: 5 | AH13: Slovinsko | AI13: 6 | AJ13: 5 | AS13: Španielsko | AT13: 6 | AU13: 6 | BD13: Grécko | BE13: 1 | BF13: 5 | BO13: Fínsko | BP13: 20 | BQ13: 8 | BZ13: Nemecko | CA13: 4 | CB13: 4 | CK13: Slovensko | CL13: 565 | CM13: 545 | CV13: Cyprus | CX13: 1.5 | DG13: Ireland 2013 | DH13: No | DI13: No limit | DJ13: Yes | DK13: No | DL13: No | DM13: 6 | DN13: 20 | DO13: Yes | DP13: Yes | DQ13: No | DR13: Yes | DS13: No | DT13: No | DU13: No | DV13: No | DW13: 6 | DX13: 5.04 | DY13: 0
A14: Portugalsko | B14: 8 | C14: 5 | L14: Slovinsko | M14: 12 | N14: 11 | W14: Španielsko | Y14: 5 | AH14: Fínsko | AI14: 3 | AJ14: 3 | AS14: Grécko | AT14: 4 | AU14: 4 | BD14: Španielsko | BE14: 5 | BF14: 5 | BO14: Grécko | BP14: 19 | BQ14: 8 | BZ14: Írsko | CA14: 4 | CB14: 4 | CK14: Holandsko | CL14: 514 | CM14: 514 | CV14: Nemecko | CW14: 1.2 | CX14: 1.2 | DG14: Ireland 2007 | DH14: No | DI14: No limit | DJ14: Yes | DK14: No | DL14: No | DM14: 6 | DN14: 20 | DO14: Yes | DP14: Yes | DQ14: No | DR14: Yes | DS14: No | DT14: No | DU14: No | DV14: No
A15: Írsko | B15: 4 | C15: 4 | L15: Nemecko | M15: 9 | N15: 9 | W15: Cyprus | Y15: 5 | AH15: Taliansko | AI15: 3 | AJ15: 3 | AS15: Slovinsko | AT15: 5 | AU15: 4 | BD15: Slovinsko | BE15: 3 | BF15: 5 | BO15: Írsko | BP15: 8 | BQ15: 8 | BZ15: Taliansko | CA15: 4 | CB15: 4 | CK15: Španielsko | CL15: 515 | CM15: 510 | CV15: Holandsko | CW15: 1.1 | CX15: 1.1 | DG15: Italy 2013 | DH15: No | DI15: 44 | DJ15: Yes | DK15: Yes | DL15: No | DM15: 6 | DN15: 21 | DO15: Yes | DP15: No | DQ15: No | DR15: Yes | DS15: No | DT15: Yes | DU15: Yes | DV15: Yes | DW15: 8.6666667 | DX15: 0 | DY15: 0
A16: Fínsko | B16: 3 | C16: 3 | L16: Cyprus | N16: 9 | W16: Slovinsko | Y16: 5 | AH16: Slovensko | AI16: 3 | AJ16: 3 | AS16: Taliansko | AT16: 3 | AU16: 3 | BD16: Holandsko | BE16: 3 | BF16: 4 | BO16: Portugalsko | BP16: 8 | BQ16: 8 | BZ16: Holandsko | CA16: 4 | CB16: 4 | CK16: Nemecko | CL16: 394 | CM16: 394 | CV16: Fínsko | CW16: 0.9 | CX16: 0.9 | DG16: Italy 2007 | DH16: Yes | DI16: 44 | DJ16: Yes | DK16: Yes | DL16: No | DM16: 6 | DN16: 25 | DO16: Yes | DP16: No | DQ16: No | DR16: Yes | DS16: No | DT16: Yes | DU16: Yes | DV16: Yes
A17: Slovinsko | B17: 9 | C17: 2 | L17: Španielsko | M17: 8 | N17: 8 | W17: Nemecko | Y17: 3 | AH17: Portugalsko | AI17: 5 | AJ17: 1 | AS17: Portugalsko | AT17: 3 | AU17: 3 | BD17: Slovensko | BE17: 3 | BF17: 3 | BO17: Španielsko | BP17: 8 | BQ17: 8 | BZ17: Portugalsko | CA17: 4 | CB17: 4 | CK17: Fínsko | CL17: 235 | CM17: 375 | CV17: Írsko | CW17: 0.4 | CX17: 0.4 | DG17: Netherlands 2013 | DH17: No | DI17: 36 | DJ17: Yes | DK17: Yes | DL17: Yes | DM17: 5.5 | DN17: 20 | DO17: Yes | DP17: Yes | DQ17: Yes | DR17: Yes | DS17: Yes | DT17: Yes | DU17: Yes | DV17: No | DW17: 13 | DX17: 0 | DY17: 0
DG18: Netherlands 2007 | DH18: No | DI18: 36 | DJ18: Yes | DK18: Yes | DL18: Yes | DM18: 5.5 | DN18: 20 | DO18: Yes | DP18: Yes | DQ18: Yes | DR18: Yes | DS18: Yes | DT18: Yes | DU18: Yes | DV18: No
DG19: Portugal 2013 | DH19: Yes | DI19: 36 | DJ19: Yes | DK19: No | DL19: Yes | DM19: 6 | DN19: 22 | DO19: Yes | DP19: Yes | DQ19: No | DR19: Yes | DS19: No | DT19: Yes | DU19: Yes | DV19: Yes | DW19: 10.714286 | DX19: 43.333333 | DY19: 0
A20: Time (days) | L20: Time (days) | W20: Time (days) | AH20: Time (days) | AS20: Depth of credit information index (0-6) | BD20: Extent of director liability index (0-10) | BO20: Time (hours per year) | BZ20: Time to export (days) | CK20: Cost (% of claim) | CV20: Cost (% of estate) | DG20: Portugal 2007 | DH20: Yes | DI20: 72 | DJ20: Yes | DK20: No | DL20: Yes | DM20: 6 | DN20: 22 | DO20: Yes | DP20: Yes | DQ20: No | DR20: Yes | DS20: No | DT20: Yes | DU20: Yes | DV20: Yes
CV21: GEO/TIME | CW21: 2007 | CX21: 2013 | DG21: Slovak Republic 2013 | DH21: No | DI21: 36 | DJ21: Yes | DK21: No | DL21: No | DM21: 6 | DN21: 25 | DO21: Yes | DP21: No | DQ21: No | DR21: No | DS21: No | DT21: Yes | DU21: No | DV21: No | DW21: 13 | DX21: 0 | DY21: 0
A22: GEO/TIME | B22: 2007 | C22: 2013 | L22: GEO/TIME | M22: 2007 | N22: 2013 | W22: GEO/TIME | X22: 2007 | Y22: 2013 | AH22: GEO/TIME | AI22: 2007 | AJ22: 2013 | AS22: GEO/TIME | AT22: 2007 | AU22: 2013 | BD22: GEO/TIME | BE22: 2007 | BF22: 2013 | BO22: GEO/TIME | BP22: 2007 | BQ22: 2013 | BZ22: GEO/TIME | CA22: 2007 | CB22: 2013 | CK22: GEO/TIME | CL22: 2007 | CM22: 2013 | CV22: Taliansko | CW22: 22 | CX22: 22 | DG22: Slovak Republic 2007 | DH22: No | DI22: 36 | DJ22: Yes | DK22: No | DL22: No | DM22: 6 | DN22: 25 | DO22: Yes | DP22: Yes | DQ22: No | DR22: Yes | DS22: No | DT22: Yes | DU22: No | DV22: No
A23: Španielsko | B23: 47 | C23: 28 | L23: Cyprus | N23: 677 | W23: Cyprus | Y23: 247 | AH23: Slovinsko | AI23: 391 | AJ23: 110 | AS23: Nemecko | AT23: 6 | AU23: 6 | BD23: Slovinsko | BE23: 8 | BF23: 9 | BO23: Portugalsko | BP23: 328 | BQ23: 275 | BZ23: Grécko | CA23: 20 | CB23: 19 | CK23: Slovensko | CL23: 25.7 | CM23: 30 | CV23: Slovensko | CW23: 18 | CX23: 18 | DG23: Spain 2013 | DH23: Yes | DI23: No limit | DJ23: Yes | DK23: Yes | DL23: No | DM23: 5.5 | DN23: 22 | DO23: Yes | DP23: Yes | DQ23: No | DR23: Yes | DS23: No | DT23: No | DU23: No | DV23: No | DW23: 2.1428571 | DX23: 28.571429 | DY23: 0
A24: Slovensko | B24: 27 | C24: 16 | L24: Slovensko | M24: 286 | N24: 286 | W24: Írsko | Y24: 205 | AH24: Nemecko | AI24: 40 | AJ24: 40 | AS24: Grécko | AT24: 4 | AU24: 5 | BD24: Írsko | BE24: 6 | BF24: 6 | BO24: Taliansko | BP24: 340 | BQ24: 269 | BZ24: Taliansko | CA24: 19 | CB24: 19 | CK24: Taliansko | CL24: 29.9 | CM24: 29.9 | CV24: Španielsko | CW24: 15 | CX24: 11 | DG24: Spain 2007 | DH24: Yes | DI24: 12 | DJ24: Yes | DK24: Yes | DL24: No | DM24: 5.5 | DN24: 22 | DO24: Yes | DP24: Yes | DQ24: No | DR24: Yes | DS24: No | DT24: No | DU24: No | DV24: No
A25: Nemecko | B25: 24 | C25: 15 | L25: Taliansko | M25: 234 | N25: 234 | W25: Slovensko | Y25: 158 | AH25: Írsko | AI25: 38 | AJ25: 38 | AS25: Írsko | AT25: 5 | AU25: 5 | BD25: Španielsko | BE25: 6 | BF25: 6 | BO25: Slovinsko | BP25: 260 | BQ25: 260 | BZ25: Slovensko | CA25: 22 | CB25: 17 | CK25: Írsko | CL25: 26.9 | CM25: 26.9 | CV25: Grécko | CW25: 9 | CX25: 9 | DG25: Cyprus 2013 | DH25: No | DI25: 30 | DJ25: Yes | DK25: No | DL25: No | DM25: 6 | DN25: 20 | DO25: Yes | DP25: Yes | DQ25: No | DR25: Yes | DS25: No | DT25: Yes | DU25: No | DV25: Yes | DW25: 8 | DX25: 0 | DY25: 0
A26: Fínsko | B26: 14 | C26: 14 | L26: Slovinsko | M26: 212 | N26: 197 | W26: Taliansko | Y26: 155 | AH26: Cyprus | AJ26: 28 | AS26: Taliansko | AT26: 5 | AU26: 5 | BD26: Nemecko | BE26: 5 | BF26: 5 | BO26: Nemecko | BP26: 196 | BQ26: 207 | BZ26: Slovinsko | CA26: 20 | CB26: 16 | CK26: Holandsko | CL26: 24.4 | CM26: 23.9 | CV26: Írsko | CW26: 9 | CX26: 9 | DG26: Cyprus 2007
A27: Grécko | B27: 38 | C27: 11 | L27: Španielsko | M27: 182 | N27: 182 | W27: Holandsko | Y27: 143 | AH27: Taliansko | AI27: 18 | AJ27: 24 | AS27: Holandsko | AT27: 5 | AU27: 5 | BD27: Portugalsko | BE27: 5 | BF27: 5 | BO27: Slovensko | BP27: 325 | BQ27: 207 | BZ27: Portugalsko | CA27: 16 | CB27: 13 | CK27: Španielsko | CL27: 17.2 | CM27: 17.2 | CV27: Portugalsko | CW27: 9 | CX27: 9 | DG27: Slovenia 2013 | DH27: Yes | DI27: 24 | DJ27: Yes | DK27: No | DL27: Yes | DM27: 6 | DN27: 22 | DO27: Yes | DP27: No | DQ27: No | DR27: No | DS27: No | DT27: Yes | DU27: Yes | DV27: Yes | DW27: 6.4285714 | DX27: 10.833333 | DY27: 0
A28: Írsko | B28: 13 | C28: 10 | L28: Holandsko | M28: 176 | N28: 159 | W28: Španielsko | Y28: 101 | AH28: Grécko | AI28: 22 | AJ28: 18 | AS28: Portugalsko | AT28: 5 | AU28: 5 | BD28: Fínsko | BE28: 4 | BF28: 4 | BO28: Grécko | BP28: 264 | BQ28: 202 | BZ28: Španielsko | CA28: 9 | CB28: 9 | CK28: Cyprus | CM28: 16.4 | CV28: Nemecko | CW28: 8 | CX28: 8 | DG28: Slovenia 2007 | DH28: Yes | DI28: 36 | DJ28: Yes | DK28: No | DL28: Yes | DM28: 6 | DN28: 24 | DO28: Yes | DP28: No | DQ28: No | DR28: No | DS28: No | DT28: Yes | DU28: Yes | DV28: Yes | DW28: 10.714286 | DX28: 28.888889 | DY28: 0
A29: Cyprus | C29: 8 | L29: Írsko | M29: 119 | N29: 156 | W29: Portugalsko | Y29: 64 | AH29: Slovensko | AI29: 17 | AJ29: 17 | AS29: Španielsko | AT29: 5 | AU29: 5 | BD29: Grécko | BE29: 3 | BF29: 4 | BO29: Španielsko | BP29: 298 | BQ29: 167 | BZ29: Fínsko | CA29: 8 | CB29: 8 | CK29: Nemecko | CL29: 14.4 | CM29: 14.4 | CV29: Fínsko | CW29: 4 | CX29: 4
A30: Taliansko | B30: 13 | C30: 6 | L30: Portugalsko | M30: 353 | N30: 108 | W30: Grécko | Y30: 62 | AH30: Fínsko | AI30: 14 | AJ30: 14 | AS30: Fínsko | AT30: 4 | AU30: 4 | BD30: Taliansko | BE30: 4 | BF30: 4 | BO30: Cyprus | BQ30: 147 | BZ30: Nemecko | CA30: 7 | CB30: 7 | CK30: Grécko | CL30: 14.4 | CM30: 14.4 | CV30: Holandsko | CW30: 4 | CX30: 4
A31: Slovinsko | B31: 60 | C31: 6 | L31: Nemecko | M31: 97 | N31: 97 | W31: Fínsko | Y31: 47 | AH31: Španielsko | AI31: 13 | AJ31: 13 | AS31: Slovensko | AT31: 4 | AU31: 4 | BD31: Holandsko | BE31: 4 | BF31: 4 | BO31: Holandsko | BP31: 180 | BQ31: 127 | BZ31: Írsko | CA31: 7 | CB31: 7 | CK31: Fínsko | CL31: 13.3 | CM31: 13.3 | CV31: Cyprus
A32: Holandsko | B32: 8 | C32: 5 | L32: Grécko | M32: 168 | N32: 89 | W32: Slovinsko | Y32: 38 | AH32: Holandsko | AI32: 7 | AJ32: 7 | AS32: Slovinsko | AT32: 3 | AU32: 4 | BD32: Slovensko | BE32: 4 | BF32: 4 | BO32: Fínsko | BP32: 269 | BQ32: 93 | BZ32: Cyprus | CB32: 7 | CK32: Portugalsko | CL32: 14.2 | CM32: 13 | CV32: Slovinsko
A33: Portugalsko | B33: 8 | C33: 5 | L33: Fínsko | M33: 66 | N33: 66 | W33: Nemecko | Y33: 17 | AH33: Portugalsko | AI33: 81 | AJ33: 1 | AS33: Cyprus | AU33: 2 | BD33: Cyprus | BF33: 4 | BO33: Írsko | BP33: 76 | BQ33: 80 | BZ33: Holandsko | CA33: 6 | CB33: 6 | CK33: Slovinsko | CL33: 18.6 | CM33: 12.7
A35: Cost (% of income per capita) | L35: Cost (% of income per capita) | W35: Cost (% of income per capita) | AH35: Cost (% of property value) | AS35: Public registry coverage (% of adults) | BD35: Ease of shareholder suits index (0-10) | BO35: Profit tax (%) | BZ35: Cost to export (US$ per container) | CK35: Procedures (number) | CV35: Recovery rate (cents on the dollar)
A37: GEO/TIME | B37: 2007 | C37: 2013 | L37: GEO/TIME | M37: 2007 | N37: 2013 | W37: GEO/TIME | X37: 2007 | Y37: 2013 | AH37: GEO/TIME | AI37: 2007 | AJ37: 2013 | AS37: GEO/TIME | AT37: 2007 | AU37: 2013 | BD37: GEO/TIME | BE37: 2007 | BF37: 2013 | BO37: GEO/TIME | BP37: 2007 | BQ37: 2013 | BZ37: GEO/TIME | CA37: 2007 | CB37: 2013 | CK37: GEO/TIME | CL37: 2007 | CM37: 2013 | CV37: GEO/TIME | CW37: 2007 | CX37: 2013
A38: Grécko | B38: 21.1 | C38: 20.5 | L38: Írsko | M38: 538.7 | N38: 626.1 | W38: Taliansko | Y38: 319.2 | AH38: Grécko | AI38: 4 | AJ38: 11.8 | AS38: Portugalsko | AT38: 67.1 | AU38: 90.7 | BD38: Írsko | BE38: 9 | BF38: 9 | BO38: Taliansko | BQ38: 22.9 | BZ38: Slovensko | CA38: 1015 | CB38: 1560 | CK38: Cyprus | CM38: 43 | CV38: Fínsko | CW38: 88.2 | CX38: 89.7
A39: Taliansko | B39: 18.7 | C39: 16.5 | L39: Portugalsko | M39: 57.2 | N39: 370 | W39: Slovensko | Y39: 249.1 | AH39: Cyprus | AJ39: 9.7 | AS39: Španielsko | AT39: 44.9 | AU39: 53.3 | BD39: Slovinsko | BE39: 8 | BF39: 8 | BO39: Holandsko | BQ39: 20.6 | BZ39: Španielsko | CA39: 1000 | CB39: 1260 | CK39: Taliansko | CL39: 41 | CM39: 41 | CV39: Holandsko | CW39: 86.7 | CX39: 88.8
A40: Cyprus | C40: 12.4 | L40: Taliansko | M40: 148 | N40: 184.2 | W40: Španielsko | Y40: 232.1 | AH40: Portugalsko | AI40: 7.4 | AJ40: 7.3 | AS40: Taliansko | AT40: 11 | AU40: 24.1 | BD40: Fínsko | BE40: 7 | BF40: 7 | BO40: Nemecko | BQ40: 18.9 | BZ40: Taliansko | CA40: 1217 | CB40: 1145 | CK40: Španielsko | CL40: 41 | CM40: 40 | CV40: Írsko | CW40: 87.1 | CX40: 87.5
A41: Holandsko | B41: 6 | C41: 5.1 | L41: Holandsko | M41: 71 | N41: 78.9 | W41: Slovinsko | Y41: 119.9 | AH41: Španielsko | AI41: 7.1 | AJ41: 7.1 | AS41: Slovinsko | AT41: 2.9 | AU41: 3.4 | BD41: Taliansko | BE41: 7 | BF41: 7 | BO41: Fínsko | BQ41: 15 | BZ41: Írsko | CA41: 1090 | CB41: 1135 | CK41: Grécko | CL41: 39 | CM41: 39 | CV41: Nemecko | CW41: 81.6 | CX41: 78.1
A42: Nemecko | B42: 5.1 | C42: 4.9 | L42: Slovinsko | M42: 47.8 | N42: 65.3 | W42: Írsko | Y42: 94.2 | AH42: Holandsko | AI42: 6.1 | AJ42: 6.1 | AS42: Slovensko | AT42: 1.2 | AU42: 2.7 | BD42: Portugalsko | BE42: 7 | BF42: 7 | BO42: Portugalsko | BQ42: 14.5 | BZ42: Grécko | CA42: 998 | CB42: 1115 | CK42: Fínsko | CL42: 33 | CM42: 33 | CV42: Španielsko | CW42: 72.8 | CX42: 76.5
A43: Španielsko | B43: 16.2 | C43: 4.7 | L43: Španielsko | M43: 50.6 | N43: 51.8 | W43: Cyprus | Y43: 86.5 | AH43: Nemecko | AI43: 4.8 | AJ43: 5.7 | AS43: Nemecko | AT43: 0.7 | AU43: 1.3 | BD43: Slovensko | BE43: 7 | BF43: 7 | BO43: Slovinsko | BQ43: 14.1 | BZ43: Holandsko | CA43: 880 | CB43: 895 | CK43: Portugalsko | CL43: 36 | CM43: 32 | CV43: Portugalsko | CW43: 74 | CX43: 74.6
A44: Portugalsko | B44: 7 | C44: 2.3 | L44: Cyprus | N44: 51.1 | W44: Grécko | Y44: 62.4 | AH44: Taliansko | AI44: 4.4 | AJ44: 4.5 | AS44: Fínsko | AT44: 0 | AU44: 0 | BD44: Cyprus | BF44: 7 | BO44: Írsko | BQ44: 11.9 | BZ44: Nemecko | CA44: 740 | CB44: 872 | CK44: Slovensko | CL44: 32 | CM44: 32 | CV44: Cyprus | CX44: 70.7
A45: Slovensko | B45: 4.8 | C45: 1.8 | L45: Nemecko | M45: 58.9 | N45: 48.1 | W45: Portugalsko | Y45: 52.7 | AH45: Fínsko | AI45: 4 | AJ45: 4 | AS45: Grécko | AT45: 0 | AU45: 0 | BD45: Holandsko | BE45: 6 | BF45: 6 | BO45: Grécko | BQ45: 11 | BZ45: Cyprus | CB45: 790 | CK45: Slovinsko | CL45: 32 | CM45: 32 | CV45: Taliansko | CW45: 61.8 | CX45: 63.4
A46: Fínsko | B46: 1.1 | C46: 1 | L46: Fínsko | M46: 66.3 | N46: 43.3 | W46: Nemecko | Y46: 48.3 | AH46: Írsko | AI46: 10.2 | AJ46: 2.5 | AS46: Írsko | AT46: 0 | AU46: 0 | BD46: Nemecko | BE46: 5 | BF46: 5 | BO46: Cyprus | BQ46: 9 | BZ46: Slovinsko | CA46: 971 | CB46: 745 | CK46: Nemecko | CL46: 30 | CM46: 30 | CV46: Slovensko | CW46: 45.2 | CX46: 53.6
A47: Írsko | B47: 0.3 | C47: 0.3 | L47: Grécko | M47: 4.3 | N47: 27.5 | W47: Holandsko | Y47: 33.5 | AH47: Slovinsko | AI47: 2 | AJ47: 2 | AS47: Holandsko | AT47: 0 | AU47: 0 | BD47: Grécko | BE47: 5 | BF47: 5 | BO47: Slovensko | BQ47: 6.8 | BZ47: Portugalsko | CA47: 580 | CB47: 685 | CK47: Holandsko | CL47: 26 | CM47: 26 | CV47: Slovinsko | CW47: 44.9 | CX47: 49.8
A48: Slovinsko | B48: 9.4 | C48: 0 | L48: Slovensko | M48: 13.2 | N48: 7.3 | W48: Fínsko | Y48: 29.6 | AH48: Slovensko | AI48: 0.1 | AJ48: 0 | AS48: Cyprus | AU48: 0 | BD48: Španielsko | BE48: 4 | BF48: 4 | BO48: Španielsko | BQ48: 1.2 | BZ48: Fínsko | CA48: 420 | CB48: 540 | CK48: Írsko | CL48: 21 | CM48: 21 | CV48: Grécko | CW48: 44.8 | CX48: 44.5
A50: Paid-in Min. Capital (% of income per capita) | AS50: Private bureau coverage (% of adults) | BD50: Strength of investor protection index (0-10) | BO50: Labor tax and contributions (%) | BZ50: Documents to import (number)
A52: GEO/TIME | B52: 2007 | C52: 2013 | AS52: GEO/TIME | AT52: 2007 | AU52: 2013 | BD52: GEO/TIME | BE52: 2007 | BF52: 2013 | BO52: GEO/TIME | BP52: 2007 | BQ52: 2013 | BZ52: GEO/TIME | CA52: 2007 | CB52: 2013
A53: Holandsko | B53: 62.3 | C53: 49.4 | AS53: Nemecko | AT53: 98.1 | AU53: 100 | BD53: Írsko | BE53: 8.3 | BF53: 8.3 | BO53: Taliansko | BQ53: 43.4 | BZ53: Slovinsko | CA53: 8 | CB53: 8
A54: Slovinsko | B54: 54 | C54: 43.9 | AS54: Írsko | AT54: 100 | AU54: 100 | BD54: Slovinsko | BE54: 6.3 | BF54: 7.3 | BO54: Slovensko | BQ54: 39.6 | BZ54: Slovensko | CA54: 7 | CB54: 7
A55: Grécko | B55: 116 | C55: 24.4 | AS55: Taliansko | AT55: 71.5 | AU55: 100 | BD55: Cyprus | BF55: 6.3 | BO55: Španielsko | BQ55: 36.8 | BZ55: Cyprus | CB55: 7
A56: Slovensko | B56: 39.1 | C56: 21.3 | AS56: Slovinsko | AT56: 0 | AU56: 98.9 | BD56: Taliansko | BE56: 6 | BF56: 6 | BO56: Grécko | BQ56: 32.2 | BZ56: Grécko | CA56: 6 | CB56: 6
A57: Španielsko | B57: 14.6 | C57: 13.2 | AS57: Grécko | AT57: 38.7 | AU57: 84 | BD57: Portugalsko | BE57: 6 | BF57: 6 | BO57: Portugalsko | BQ57: 26.8 | BZ57: Španielsko | CA57: 7 | CB57: 6
A58: Taliansko | B58: 10.4 | C58: 9.7 | AS58: Holandsko | AT58: 78.1 | AU58: 81.7 | BD58: Fínsko | BE58: 5.7 | BF58: 5.7 | BO58: Fínsko | BQ58: 24.4 | BZ58: Fínsko | CA58: 5 | CB58: 5
A59: Fínsko | B59: 27.1 | C59: 7 | AS59: Slovensko | AT59: 40.3 | AU59: 58.5 | BD59: Nemecko | BE59: 5 | BF59: 5 | BO59: Nemecko | BQ59: 21.9 | BZ59: Nemecko | CA59: 5 | CB59: 5
A60: Nemecko | B60: 42.8 | C60: 0 | AS60: Portugalsko | AT60: 11.3 | AU60: 22.9 | BD60: Španielsko | BE60: 5 | BF60: 5 | BO60: Slovinsko | BQ60: 18.2 | BZ60: Portugalsko | CA60: 5 | CB60: 5
A61: Írsko | B61: 0 | C61: 0 | AS61: Fínsko | AT61: 14.9 | AU61: 18.9 | BD61: Grécko | BE61: 3 | BF61: 4.7 | BO61: Holandsko | BQ61: 18.1 | BZ61: Írsko | CA61: 4 | CB61: 4
A62: Portugalsko | B62: 38.7 | C62: 0 | AS62: Španielsko | AT62: 8.3 | AU62: 13.2 | BD62: Holandsko | BE62: 4.3 | BF62: 4.7 | BO62: Cyprus | BQ62: 11.8 | BZ62: Taliansko | CA62: 4 | CB62: 4
A63: Cyprus | C63: 0 | AS63: Cyprus | AU63: 6.5 | BD63: Slovensko | BE63: 4.7 | BF63: 4.7 | BO63: Írsko | BQ63: 11.6 | BZ63: Holandsko | CA63: 5 | CB63: 4
BO65: Other taxes (%) | BZ65: Time to import (days)
BO67: GEO/TIME | BP67: 2007 | BQ67: 2013 | BZ67: GEO/TIME | CA67: 2007 | CB67: 2013
BO68: Nemecko | BQ68: 5.9 | BZ68: Taliansko | CA68: 18 | CB68: 18
BO69: Írsko | BQ69: 2.9 | BZ69: Slovensko | CA69: 23 | CB69: 17
BO70: Slovinsko | BQ70: 2.4 | BZ70: Grécko | CA70: 19 | CB70: 15
BO71: Cyprus | BQ71: 2.1 | BZ71: Slovinsko | CA71: 21 | CB71: 14
BO72: Taliansko | BQ72: 2 | BZ72: Írsko | CA72: 12 | CB72: 12
BO73: Slovensko | BQ73: 1.5 | BZ73: Portugalsko | CA73: 16 | CB73: 12
BO74: Portugalsko | BQ74: 1.4 | BZ74: Španielsko | CA74: 10 | CB74: 9
BO75: Grécko | BQ75: 1.3 | BZ75: Fínsko | CA75: 8 | CB75: 7
BO76: Holandsko | BQ76: 1.3 | BZ76: Nemecko | CA76: 7 | CB76: 7
BO77: Fínsko | BQ77: 1.2 | BZ77: Holandsko | CA77: 6 | CB77: 6
BO78: Španielsko | BQ78: 0.7 | BZ78: Cyprus | CB78: 5
BO80: Total tax rate (% profit) | BZ80: Cost to import (US$ per container)
BO82: GEO/TIME | BP82: 2007 | BQ82: 2013 | BZ82: GEO/TIME | CA82: 2007 | CB82: 2013
BO83: Taliansko | BP83: 76.2 | BQ83: 68.3 | BZ83: Slovensko | CA83: 1050 | CB83: 1540
BO84: Slovensko | BP84: 48.4 | BQ84: 47.9 | BZ84: Španielsko | CA84: 1129 | CB84: 1350
BO85: Nemecko | BP85: 50.1 | BQ85: 46.8 | BZ85: Taliansko | CA85: 1217 | CB85: 1145
BO86: Grécko | BP86: 49.6 | BQ86: 44.6 | BZ86: Grécko | CA86: 1245 | CB86: 1135
BO87: Portugalsko | BP87: 44.8 | BQ87: 42.6 | BZ87: Írsko | CA87: 1139 | CB87: 1121
BO88: Fínsko | BP88: 47.8 | BQ88: 40.6 | BZ88: Holandsko | CA88: 1005 | CB88: 975
BO89: Holandsko | BP89: 42.6 | BQ89: 40.1 | BZ89: Nemecko | CA89: 765 | CB89: 937
BO90: Španielsko | BP90: 62 | BQ90: 38.7 | BZ90: Cyprus | CB90: 900
BO91: Slovinsko | BP91: 40 | BQ91: 34.7 | BZ91: Portugalsko | CA91: 894 | CB91: 899
BO92: Írsko | BP92: 26.4 | BQ92: 26.4 | BZ92: Slovinsko | CA92: 1019 | CB92: 830
BO93: Cyprus | BQ93: 23 | BZ93: Fínsko | CA93: 420 | CB93: 620

Sheet 19
A1: Daňové príjmy vs. sociálne výdavky (v % HDP) | E1: Späť na zoznam | G1: Source (Social expenditure): http://stats.oecd.org/Index.aspx?QueryId=21699 | W1: Source (Tax revenues): http://stats.oecd.org/Index.aspx?QueryId=4549#
C2: 1980 | D2: 1981 | E2: 1982 | F2: 1983 | G2: 1984 | H2: 1985 | I2: 1986 | J2: 1987 | K2: 1988 | L2: 1989 | M2: 1990 | N2: 1991 | O2: 1992 | P2: 1993 | Q2: 1994 | R2: 1995 | S2: 1996 | T2: 1997 | U2: 1998 | V2: 1999 | W2: 2000 | X2: 2001 | Y2: 2002 | Z2: 2003 | AA2: 2004 | AB2: 2005 | AC2: 2006 | AD2: 2007 | AE2: 2008 | AF2: 2009 | AG2: 2010 | AH2: 2011 | AI2: 2012
A3: Nemecko | B3: Sociálne výdavky | C3: 22.112937 | D3: 22.752315 | E3: 22.783396 | F3: 22.474323 | G3: 22.176632 | H3: 22.524688 | I3: 22.541798 | J3: 23.007959 | K3: 22.988048 | L3: 21.922477 | M3: 21.733622 | N3: 23.71481 | O3: 25.533251 | P3: 26.268478 | Q3: 26.317671 | R3: 26.615907 | S3: 27.186877 | T3: 26.56862 | U3: 26.511014 | V3: 26.712459 | W3: 26.599802 | X3: 26.735317 | Y3: 27.348069 | Z3: 27.76449 | AA3: 27.158576 | AB3: 27.292199 | AC3: 26.140765 | AD3: 25.07522 | AE3: 25.242567 | AF3: 27.778012 | AG3: 27.121916 | AH3: 26.196905 | AI3: 26.3
B4: Príjmy verejných financií | C4: 36.429 | D4: 35.858 | E4: 35.541 | F4: 35.565 | G4: 35.713 | H4: 36.084 | I4: 35.827 | J4: 36.288 | K4: 35.95 | L4: 36.229 | M4: 34.803 | N4: 36.037 | O4: 36.922 | P4: 36.919 | Q4: 37.147 | R4: 37.218 | S4: 36.548 | T4: 36.247 | U4: 36.531 | V4: 37.328 | W4: 37.463 | X4: 36.307 | Y4: 35.628 | Z4: 35.781 | AA4: 35.016 | AB4: 35.03 | AC4: 35.656 | AD4: 36.122 | AE4: 36.517 | AF4: 37.283 | AG4: 36.052 | AH4: 37.089
A5: Grécko | B5: Sociálne výdavky | C5: 10.335548 | D5: 12.447247 | E5: 14.619052 | F5: 15.189208 | G5: 15.513532 | H5: 16.116879 | I5: 15.953661 | J5: 15.91822 | K5: 14.736438 | L5: 15.615243 | M5: 16.620648 | N5: 16.02544 | O5: 16.240139 | P5: 17.117046 | Q5: 17.119768 | R5: 17.499478 | S5: 18.041 | T5: 18.07132 | U5: 18.473178 | V5: 19.322777 | W5: 19.323791 | X5: 20.744185 | Y5: 20.271841 | Z5: 19.955045 | AA5: 20.051826 | AB5: 21.144449 | AC5: 21.342045 | AD5: 21.574454 | AE5: 22.238722 | AF5: 23.877242 | AG5: 23.264646 | AH5: 23.527013 | AI5: 23.1
B6: Daňové príjmy verejných financií | C6: 21.761 | D6: 21.926 | E6: 24.747 | F6: 25.164 | G6: 25.743 | H6: 25.753 | I6: 27.035 | J6: 27.513 | K6: 24.825 | L6: 24.061 | M6: 26.417 | N6: 26.523 | O6: 27.396 | P6: 27.864 | Q6: 28.141 | R6: 29.141 | S6: 36.184 | T6: 30.616 | U6: 32.328 | V6: 33.191 | W6: 34.342 | X6: 33.217 | Y6: 33.858 | Z6: 32.306 | AA6: 31.499 | AB6: 32.144 | AC6: 31.578 | AD6: 32.531 | AE6: 32.134 | AF6: 30.42 | AG6: 30.876 | AH6: 31.242
A7: Fínsko | B7: Sociálne výdavky | C7: 18.0646 | D7: 18.471911 | E7: 19.534554 | F7: 20.516954 | G7: 21.316243 | H7: 22.361583 | I7: 22.803716 | J7: 23.453263 | K7: 22.773265 | L7: 22.525137 | M7: 24.112931 | N7: 29.150521 | O7: 33.175913 | P7: 33.20608 | Q7: 32.613849 | R7: 30.673265 | S7: 30.636577 | T7: 28.516002 | U7: 26.282349 | V7: 25.66778 | W7: 24.234155 | X7: 24.214825 | Y7: 24.918996 | Z7: 25.975885 | AA7: 26.066905 | AB7: 26.153882 | AC7: 25.782824 | AD7: 24.692393 | AE7: 25.321242 | AF7: 29.436874 | AG7: 29.413556 | AH7: 28.563277 | AI7: 29
B8: Príjmy verejných financií | C8: 35.766 | D8: 37.767 | E8: 36.877 | F8: 36.588 | G8: 38.135 | H8: 39.805 | I8: 40.965 | J8: 39.434 | K8: 42.703 | L8: 42.347 | M8: 43.721 | N8: 45.36 | O8: 44.946 | P8: 44.428 | Q8: 46.725 | R8: 45.65 | S8: 47.05 | T8: 46.361 | U8: 46.257 | V8: 45.911 | W8: 47.217 | X8: 44.752 | Y8: 44.684 | Z8: 44.105 | AA8: 43.471 | AB8: 43.906 | AC8: 43.806 | AD8: 42.968 | AE8: 42.898 | AF8: 42.848 | AG8: 42.489 | AH8: 43.424
A9: Holandsko | B9: Sociálne výdavky | C9: 24.791135 | D9: 25.470937 | E9: 27.032463 | F9: 27.410196 | G9: 25.972749 | H9: 25.343974 | I9: 24.732825 | J9: 24.686682 | K9: 24.341125 | L9: 23.992395 | M9: 25.567369 | N9: 25.51435 | O9: 25.979908 | P9: 26.095373 | Q9: 24.657845 | R9: 23.808039 | S9: 22.611995 | T9: 21.837007 | U9: 21.424561 | V9: 20.485054 | W9: 19.756202 | X9: 19.68704 | Y9: 20.462278 | Z9: 21.288331 | AA9: 21.24624 | AB9: 20.732541 | AC9: 21.72735 | AD9: 21.147637 | AE9: 20.857361 | AF9: 23.182322 | AG9: 23.484399 | AH9: 23.660988 | AI9: 24.3
B10: Príjmy verejných financií | C10: 42.926 | D10: 42.032 | E10: 42.743 | F10: 43.901 | G10: 42.083 | H10: 42.43 | I10: 43.101 | J10: 45.496 | K10: 45.452 | L10: 42.872 | M10: 42.889 | N10: 45.143 | O10: 44.79 | P10: 44.983 | Q10: 42.982 | R10: 41.532 | S10: 40.941 | T10: 40.87 | U10: 39.039 | V10: 40.064 | W10: 39.577 | X10: 38.112 | Y10: 37.446 | Z10: 36.855 | AA10: 37.226 | AB10: 38.42 | AC10: 39.09 | AD10: 38.732 | AE10: 39.259 | AF10: 38.235 | AG10: 38.735
A11: Írsko | B11: Sociálne výdavky | C11: 16.486715 | D11: 16.573605 | E11: 17.238156 | F11: 17.352685 | G11: 16.788901 | H11: 21.089527 | I11: 21.254446 | J11: 20.483625 | K11: 19.169346 | L11: 17.63522 | M11: 17.311128 | N11: 18.234652 | O11: 19.030019 | P11: 18.99866 | Q11: 18.609988 | R11: 18.062773 | S11: 16.995119 | T11: 15.969584 | U11: 15.005146 | V11: 14.136554 | W11: 13.380436 | X11: 14.351682 | Y11: 15.282591 | Z11: 15.752852 | AA11: 16.118133 | AB11: 16.017171 | AC11: 16.054201 | AD11: 16.745311 | AE11: 19.710924 | AF11: 23.6122 | AG11: 23.723695 | AH11: 23.489973 | AI11: 23.1
B12: Príjmy verejných financií | C12: 30.709 | D12: 31.78 | E12: 33.164 | F12: 34.578 | G12: 35.349 | H12: 34.288 | I12: 35.039 | J12: 35.216 | K12: 36.398 | L12: 33.161 | M12: 32.755 | N12: 33.334 | O12: 33.664 | P12: 33.661 | Q12: 34.755 | R12: 32.135 | S12: 32.108 | T12: 31.473 | U12: 31.005 | V12: 31.195 | W12: 30.977 | X12: 28.713 | Y12: 27.63 | Z12: 28.118 | AA12: 29.587 | AB12: 30.124 | AC12: 31.485 | AD12: 30.927 | AE12: 29.051 | AF12: 27.712 | AG12: 27.635
A13: Portugalsko | B13: Sociálne výdavky | C13: 9.9027448 | D13: 10.663581 | E13: 10.014377 | F13: 10.088128 | G13: 9.9661098 | H13: 10.086315 | I13: 10.703947 | J13: 10.953555 | K13: 11.089949 | L13: 10.720002 | M13: 12.489753 | N13: 13.393014 | O13: 14.091926 | P13: 15.489889 | Q13: 15.666187 | R13: 16.457642 | S13: 17.049536 | T13: 16.912762 | U13: 17.229033 | V13: 17.631373 | W13: 18.86941 | X13: 19.331371 | Y13: 20.648101 | Z13: 21.971472 | AA13: 22.20232 | AB13: 23.042319 | AC13: 22.951473 | AD13: 22.724706 | AE13: 23.093235 | AF13: 25.553697 | AG13: 25.569814 | AH13: 25.248589 | AI13: 25
B14: Daňové príjmy verejných financií | C14: 22.182 | D14: 23.464 | E14: 24.062 | F14: 25.443 | G14: 24.926 | H14: 24.451 | I14: 25.801 | J14: 24.315 | K14: 25.977 | L14: 26.641 | M14: 26.844 | N14: 27.902 | O14: 29.853 | P14: 28.408 | Q14: 29.194 | R14: 29.287 | S14: 29.94 | T14: 29.892 | U14: 30.014 | V14: 30.754 | W14: 30.851 | X14: 30.66 | Y14: 31.243 | Z14: 31.454 | AA14: 30.275 | AB14: 31.052 | AC14: 31.757 | AD14: 32.415 | AE14: 32.475 | AF14: 30.685 | AG14: 31.263
A15: Španielsko | B15: Sociálne výdavky | C15: 15.548103 | D15: 16.689196 | E15: 16.737198 | F15: 17.440574 | G15: 17.206016 | H15: 17.784273 | I15: 17.499921 | J15: 17.38119 | K15: 17.875879 | L15: 18.052261 | M15: 19.949066 | N15: 20.709396 | O15: 21.834783 | P15: 23.124997 | Q15: 22.045665 | R15: 21.408017 | S15: 21.342965 | T15: 20.725594 | U15: 20.622907 | V15: 20.420336 | W15: 20.163465 | X15: 19.846096 | Y15: 20.069245 | Z15: 20.676737 | AA15: 20.809567 | AB15: 21.083919 | AC15: 21.098108 | AD15: 21.338792 | AE15: 22.85444 | AF15: 25.976388 | AG15: 26.502893 | AH15: 25.991488 | AI15: 26.3
B16: Príjmy verejných financií | C16: 22.592 | D16: 23.831 | E16: 24.122 | F16: 26.045 | G16: 26.394 | H16: 27.565 | I16: 28.963 | J16: 30.775 | K16: 30.918 | L16: 32.687 | M16: 32.481 | N16: 32.76 | O16: 33.793 | P16: 32.819 | Q16: 32.852 | R16: 32.143 | S16: 31.903 | T16: 32.888 | U16: 33.236 | V16: 34.144 | W16: 34.306 | X16: 33.908 | Y16: 34.415 | Z16: 34.044 | AA16: 34.88 | AB16: 36.038 | AC16: 36.911 | AD16: 37.288 | AE16: 33.147 | AF16: 30.889 | AG16: 32.257 | AH16: 31.578
A17: Taliansko | B17: Sociálne výdavky | C17: 17.978228 | D17: 19.373459 | E17: 19.853845 | F17: 20.913524 | G17: 20.472203 | H17: 20.806787 | I17: 20.806215 | J17: 21.032339 | K17: 21.021 | L17: 21.201648 | M17: 19.867707 | N17: 20.176522 | O17: 20.768715 | P17: 20.94856 | Q17: 20.730281 | R17: 19.796559 | S17: 21.868952 | T17: 22.585226 | U17: 22.800928 | V17: 23.173934 | W17: 23.129644 | X17: 23.377177 | Y17: 23.850177 | Z17: 24.205634 | AA17: 24.571454 | AB17: 24.855001 | AC17: 24.957531 | AD17: 24.735012 | AE17: 25.797715 | AF17: 27.804514 | AG17: 27.758494 | AH17: 27.575445 | AI17: 28.1
B18: Príjmy verejných financií | C18: 29.708 | D18: 30.871 | E18: 33.034 | F18: 34.993 | G18: 34.136 | H18: 33.637 | I18: 35.191 | J18: 35.285 | K18: 35.844 | L18: 36.81 | M18: 37.645 | N18: 38.055 | O18: 40.396 | P18: 42.04 | Q18: 40.044 | R18: 39.913 | S18: 41.615 | T18: 43.073 | U18: 41.402 | V18: 42.273 | W18: 41.984 | X18: 41.682 | Y18: 41.109 | Z18: 41.541 | AA18: 40.771 | AB18: 40.607 | AC18: 42.08 | AD18: 43.171 | AE18: 43.044 | AF18: 43.034 | AG18: 42.921 | AH18: 42.898
A19: Slovensko | B19: Sociálne výdavky | R19: 18.752506 | S19: 18.359071 | T19: 18.015503 | U19: 18.055706 | V19: 18.618612 | W19: 17.903121 | X19: 17.574001 | Y19: 17.677261 | Z19: 17.227289 | AA19: 16.443568 | AB19: 16.297073 | AC19: 15.991741 | AD19: 15.718925 | AE19: 15.741576 | AF19: 18.73778 | AG19: 19.031685 | AH19: 18.021623 | AI19: 17.6
B20: Príjmy verejných financií | R20: 40.313 | S20: 39.403 | T20: 37.305 | U20: 36.736 | V20: 35.359 | W20: 34.084 | X20: 33.108 | Y20: 33.227 | Z20: 33.065 | AA20: 31.672 | AB20: 31.484 | AC20: 29.44 | AD20: 29.475 | AE20: 29.474 | AF20: 29.075 | AG20: 28.333 | AH20: 28.817
A21: OECD | B21: Sociálne výdavky | C21: 15.548895 | D21: 16.14756 | E21: 16.657886 | F21: 16.96053 | G21: 16.669106 | H21: 17.206418 | I21: 17.231801 | J21: 17.372692 | K21: 17.29107 | L21: 17.186379 | M21: 17.635373 | N21: 18.532637 | O21: 19.418106 | P21: 19.927873 | Q21: 19.690192 | R21: 19.474683 | S21: 19.542063 | T21: 19.232812 | U21: 19.262084 | V21: 19.201801 | W21: 18.884101 | X21: 19.188242 | Y21: 19.683552 | Z21: 19.999822 | AA21: 19.818985 | AB21: 19.726554 | AC21: 19.511384 | AD21: 19.242957 | AE21: 19.887986 | AF21: 22.136277 | AG21: 21.963081 | AH21: 21.685665 | AI21: 21.7
B22: Príjmy verejných financií | C22: 30.886 | D22: 31.584 | E22: 31.997 | F22: 32.15 | G22: 32.342 | H22: 32.476 | I22: 33.116 | J22: 33.591 | K22: 33.569 | L22: 33.417 | M22: 33.034 | N22: 33.509 | O22: 33.712 | P22: 34.155 | Q22: 34.105 | R22: 34.462 | S22: 34.858 | T22: 34.834 | U22: 34.833 | V22: 35.117 | W22: 35.214 | X22: 34.747 | Y22: 34.455 | Z22: 34.368 | AA22: 34.322 | AB22: 34.9 | AC22: 35.037 | AD22: 35.083 | AE22: 34.521 | AF22: 33.66 | AG22: 33.766
A23: Slovinsko | B23: Sociálne výdavky | M23: 0 | N23: 0 | O23: 0 | P23: 0 | Q23: 0 | R23: 0 | S23: 21.6 | T23: 21.9 | U23: 22 | V23: 21.8 | W23: 21.8 | X23: 21.9 | Y23: 22.1 | Z23: 21.6 | AA23: 21.2 | AB23: 21.1 | AC23: 20.8 | AD23: 19.5 | AE23: 19.7 | AF23: 22.6 | AG23: 23.5 | AH23: 24 | AI23: 23.7
B24: Príjmy verejných financií | R24: 39 | S24: 37.8 | T24: 36.7 | U24: 37.6 | V24: 37.9 | W24: 37.3 | X24: 37.5 | Y24: 37.8 | Z24: 38 | AA24: 38.1 | AB24: 38.6 | AC24: 38.3 | AD24: 37.7 | AE24: 37.1 | AF24: 37.1 | AG24: 37.5 | AH24: 36.8

Sheet 20
A1: Podiel obyvateľov v preplnených bytoch (% z populácie) | L1: Späť na zoznam
A2: Overcrowding rate by age, sex and poverty status - Total population (Source: SILC) [ilc_lvho05a]
A3: Source: http://appsso.eurostat.ec.europa.eu/nui/show.do?dataset=ilc_lvho05a&lang=en
A4: Last update | B4: 41227.349
A5: Extracted on | B5: 41236.493
A6: Source of Data | B6: Eurostat
A8: UNIT | B8: Percentage of total population
A9: INCGRP | B9: Total
A10: AGE | B10: Total
A11: SEX | B11: Total
A13: GEO/TIME | B13: 2003 | C13: 2004 | D13: 2005 | E13: 2006 | F13: 2007 | G13: 2008 | H13: 2009 | I13: 2010 | J13: 2011 | L13: GEO/TIME | M13: 2011
A14: EA17 | D14: 12.4 | E14: 12 | F14: 12 | G14: 11.9 | H14: 11.4 | I14: 11.5 | J14: 8.2 | L14: Slovensko | M14: 39.5
A15: EU27 | D15: 19.4 | E15: 18.9 | F15: 18.6 | G15: 18.2 | H15: 17.7 | I15: 17.6 | J15: 16 | L15: Grécko | M15: 25.9
A16: Fínsko | C16: 7.2 | D16: 7 | E16: 6.3 | F16: 6.1 | G16: 5.8 | H16: 5.9 | I16: 6.1 | J16: 6.5 | L16: Taliansko | M16: 25
A17: Grécko | B17: 31.6 | C17: 29.2 | D17: 29.2 | E17: 29.3 | F17: 29.2 | G17: 26.7 | H17: 25 | I17: 25.5 | J17: 25.9 | L17: Slovinsko | M17: 17.1
A18: Holandsko | D18: 1.9 | E18: 1.8 | F18: 1.9 | G18: 1.7 | H18: 1.7 | I18: 2 | J18: 1.7 | L18: EU27 | M18: 16
A19: Írsko | B19: 6 | C19: 6.3 | D19: 5.4 | E19: 6.2 | F19: 4.9 | G19: 4.7 | H19: 3.7 | I19: 3.4 | L19: Portugalsko | M19: 11
A20: Nemecko | D20: 6.3 | E20: 7.6 | F20: 6.5 | G20: 7 | H20: 7 | I20: 7.1 | J20: 6.7 | L20: EA17 | M20: 8.2
A21: Portugalsko | C21: 15.3 | D21: 16.5 | E21: 15.8 | F21: 16.1 | G21: 15.7 | H21: 14.1 | I21: 14.6 | J21: 11 | L21: Nemecko | M21: 6.7
A22: Slovensko | D22: 46.6 | E22: 45.9 | F22: 43.3 | G22: 42.9 | H22: 39.7 | I22: 40.1 | J22: 39.5 | L22: Fínsko | M22: 6.5
A23: Španielsko | C23: 11.2 | D23: 7.2 | E23: 4.3 | F23: 3.7 | G23: 3.6 | H23: 3.2 | I23: 3.6 | J23: 5.1 | L23: Španielsko | M23: 5.1
A24: Taliansko | C24: 25.7 | D24: 24.2 | E24: 24.3 | F24: 24.4 | G24: 24.2 | H24: 23.3 | I24: 23.9 | L24: Cyprus | M24: 3
A25: Cyprus | D25: 2.2 | E25: 1.9 | F25: 1.6 | G25: 3.3 | H25: 2.6 | I25: 3.2 | J25: 3 | L25: Holandsko | M25: 1.7
A26: Slovinsko | D26: 42 | E26: 40.3 | F26: 39.9 | G26: 39.5 | H26: 38 | I26: 34.9 | J26: 17.1 | L26: Írsko
A28: Special values:
A29: 0 | B29: less than half the final digit shown and greater than real zero
A30: : | B30: not available

Sheet 21
A1: Podiel obyvateľov v hmotnej núdzi (% z populácie) | L1: Späť na zoznam
A2: Material Deprivation rate by sex (Source: SILC)
A4: Source of Data:: | B4: Eurostat
A5: Last update: | B5: 14.11.2012
A6: Date of extraction: | B6: 23 Nov 2012 13:41:46 MET
A7: Hyperlink to the table: | B7: http://epp.eurostat.ec.europa.eu/tgm/table.do?tab=table&init=1&plugin=1&language=en&pcode=tessi080
A8: General Disclaimer of the EC: | B8: http://europa.eu/geninfo/legal_notices_en.htm
A9: Short Description: | B9: The indicator is defined as the percentage of population with an enforced lack of at least three out of nine material deprivation items in the 'economic strain and durables' dimension.
A10: Code: | B10: tessi080
A13: geo\time | B13: 2003 | C13: 2004 | D13: 2005 | E13: 2006 | F13: 2007 | G13: 2008 | H13: 2009 | I13: 2010 | J13: 2011 | L13: GEO/TIME | M13: 2011
A14: EA17 | D14: 13.3 | E14: 13.5 | F14: 12.9 | G14: 13.4 | H14: 13.6 | I14: 13.6 | J14: 13 | L14: Cyprus | M14: 28.6
A15: EU27 | D15: 19.9 | E15: 19 | F15: 17.9 | G15: 17.3 | H15: 17.1 | I15: 17.5 | J15: 17.6 | L15: Grécko | M15: 28.4
A16: Fínsko | C16: 10.6 | D16: 10.8 | E16: 9.9 | F16: 9.4 | G16: 9.1 | H16: 8.2 | I16: 8.4 | J16: 8.4 | L16: Slovensko | M16: 22
A17: Grécko | B17: 31 | C17: 25.1 | D17: 26.3 | E17: 23.5 | F17: 22 | G17: 21.8 | H17: 23 | I17: 24.1 | J17: 28.4 | L17: Portugalsko | M17: 20.9
A18: Holandsko | D18: 7.5 | E18: 6.5 | F18: 5.6 | G18: 5.2 | H18: 5.2 | I18: 7.2 | J18: 6.6 | L18: EU27 | M18: 17.6
A19: Írsko | B19: 11.6 | C19: 10.4 | D19: 11.2 | E19: 11.4 | F19: 10.3 | G19: 13.6 | H19: 17.1 | I19: 19.6 | L19: Slovinsko | M19: 17.2
A20: Nemecko | D20: 11 | E20: 13.5 | F20: 12.1 | G20: 13 | H20: 12.5 | I20: 11.1 | J20: 12.4 | L20: EA17 | M20: 13
A21: Portugalsko | C21: 21.7 | D21: 21.2 | E21: 19.9 | F21: 22.4 | G21: 23 | H21: 21.5 | I21: 22.5 | J21: 20.9 | L21: Nemecko | M21: 12.4
A22: Slovensko | D22: 42.6 | E22: 35.7 | F22: 30.2 | G22: 27.8 | H22: 24.5 | I22: 24.9 | J22: 22 | L22: Španielsko | M22: 11.6
A23: Španielsko | C23: 13.4 | D23: 10.8 | E23: 11 | F23: 9.5 | G23: 8.7 | H23: 11.3 | I23: 13.2 | J23: 11.6 | L23: Fínsko | M23: 8.4
A24: Taliansko | C24: 14.3 | D24: 14.3 | E24: 13.9 | F24: 14.9 | G24: 16.1 | H24: 15.6 | I24: 16 | L24: Holandsko | M24: 6.6
A25: Cyprus | D25: 31.2 | E25: 30.7 | F25: 30.8 | G25: 24.9 | H25: 24.1 | I25: 27.5 | J25: 28.6 | L25: Írsko
A26: Slovinsko | D26: 14.7 | E26: 14.4 | F26: 14.3 | G26: 16.9 | H26: 16.2 | I26: 15.8 | J26: 17.2 | L26: Taliansko
A29: Special values:
A30: 0 | B30: less than half the final digit shown and greater than real zero
A31: : | B31: not available
A44: Material deprivation refers to a state of economic strain and durables strain, defined as the enforced inability (rather than the choice not to do so) to pay unexpected expenses, afford a one-week annual holiday away from home, a meal involving meat, chicken or fish every second day, the adequate heating of a dwelling, durable goods like a washing machine, colour television, telephone or car, being confronted with payment arrears (mortgage or rent, utility bills, hire purchase instalments or other loan payments).
A45: The material deprivation rate is an indicator in EU-SILC that expresses the inability to afford some items considered by most people to be desirable or even necessary to lead an adequate life. The indicator distinguishes between individuals who cannot afford a certain good or service, and those who do not have this good or service for another reason, e.g. because they do not want or do not need it.

Sheet 22
A1: Počet samovrážd (na 100 000 obyv.) | L1: Späť na zoznam
A2: Source: http://epp.eurostat.ec.europa.eu/tgm/table.do?tab=table&init=1&plugin=1&language=en&pcode=tps00122
A6: Source of Data | B6: Eurostat
A13: GEO/TIME | B13: 2001 | C13: 2002 | D13: 2003 | E13: 2004 | F13: 2005 | G13: 2006 | H13: 2007 | I13: 2008 | J13: 2009 | K13: 2010 | M13: GEO/TIME | N13: 2010
A14: EA17 | M14: Slovinsko | N14: 17.2
A15: EU27 | B15: 11.5 | C15: 11.7 | D15: 11.5 | E15: 11.3 | F15: 10.9 | G15: 10.4 | H15: 9.9 | I15: 10.1 | J15: 10.4 | K15: 10.2 | M15: Fínsko | N15: 16.8
A16: Fínsko | B16: 22 | C16: 19.9 | D16: 19.4 | E16: 19.3 | F16: 17.6 | G16: 19 | H16: 17.6 | I16: 18.4 | J16: 18.3 | K16: 16.8 | M16: Írsko | N16: 11.1
A17: Grécko | B17: 2.7 | C17: 2.6 | D17: 3.1 | E17: 2.8 | F17: 3.1 | G17: 3.1 | H17: 2.6 | I17: 2.8 | J17: 3 | K17: 2.9 | M17: Slovensko | N17: 10.8
A18: Holandsko | B18: 8.6 | C18: 9.1 | D18: 8.6 | E18: 8.7 | F18: 9 | G18: 8.7 | H18: 7.7 | I18: 8.1 | J18: 8.5 | K18: 8.8 | M18: EU27 | N18: 10.2
A19: Írsko | B19: 12.6 | C19: 11.2 | D19: 11.2 | E19: 11.3 | F19: 10.7 | G19: 10.4 | H19: 10.3 | I19: 11.3 | J19: 12.3 | K19: 11.1 | M19: Nemecko | N19: 9.9
A20: Nemecko | B20: 11.7 | C20: 11.5 | D20: 11.5 | E20: 11 | F20: 10.4 | G20: 9.8 | H20: 9.4 | I20: 9.4 | J20: 9.6 | K20: 9.9 | M20: Holandsko | N20: 8.8
A21: Portugalsko | B21: 6.3 | C21: 10.1 | D21: 9.4 | E21: 9.6 | F21: 7.2 | G21: 6.8 | H21: 7.8 | I21: 7.9 | J21: 7.8 | K21: 8.2 | M21: Portugalsko | N21: 8.2
A22: Slovensko | B22: 12.7 | C22: 13 | D22: 13.7 | E22: 12 | F22: 12 | G22: 9.4 | H22: 8.8 | I22: 10.2 | J22: 10.3 | K22: 10.8 | M22: Španielsko | N22: 5.8
A23: Španielsko | B23: 6.7 | C23: 7 | D23: 7.1 | E23: 7 | F23: 6.6 | G23: 6.2 | H23: 6.1 | I23: 6.5 | J23: 6.3 | K23: 5.8 | M23: Taliansko | N23: 5.4
A24: Taliansko | B24: 5.9 | C24: 6 | D24: 5.9 | G24: 5.2 | H24: 5.2 | I24: 5.4 | J24: 5.4 | K24: 5.4 | M24: Cyprus | N24: 3.8
A25: Cyprus | E25: 0.7 | F25: 2.5 | G25: 2.4 | H25: 2.2 | I25: 4.4 | J25: 3.6 | K25: 3.8 | M25: Grécko | N25: 2.9
A26: Slovinsko | B26: 26.5 | C26: 24.5 | D26: 25 | E26: 22.7 | F26: 22 | G26: 22.8 | H26: 18.4 | I26: 17.3 | J26: 18.7 | K26: 17.2 | M26: EA17
A28: Special values: | B28: not available
A29: 0
A30: :

Sheet 23
A1: Očakávaná dĺžka života | I1: Späť na zoznam
A2: Life expectancy by age and sex [demo_mlexpec]
A3: Source of Data | B3: Eurostat
A4: Source: http://appsso.eurostat.ec.europa.eu/nui/show.do
A5: SEX | B5: Total
A6: AGE | B6: 1 year
A8: GEO/TIME | B8: 2001 | C8: 2002 | D8: 2003 | E8: 2004 | F8: 2005 | G8: 2006 | H8: 2007 | I8: 2008 | J8: 2009 | K8: 2010 | L8: 2011 | N8: GEO/TIME | O8: 2011
A9: EA17 | B9: 78.3 | C9: 78.4 | D9: 78.3 | E9: 79.1 | F9: 79.1 | G9: 79.6 | H9: 79.8 | I9: 80 | J9: 80.2 | N9: Taliansko | O9: 81.4
A10: EU27 | C10: 77.2 | D10: 77.2 | E10: 77.8 | F10: 77.9 | G10: 78.4 | H10: 78.5 | I10: 78.8 | J10: 79 | N10: Španielsko | O10: 81.1 | P10: Last update | Q10: 41201.085
A11: Fínsko | B11: 77.5 | C11: 77.6 | D11: 77.8 | E11: 78.2 | F11: 78.4 | G11: 78.8 | H11: 78.8 | I11: 79.1 | J11: 79.3 | K11: 79.4 | L11: 79.8 | N11: Cyprus | O11: 80.5
A12: Grécko | B12: 77.9 | C12: 78.1 | D12: 78.1 | E12: 78.3 | F12: 78.5 | G12: 78.8 | H12: 78.7 | I12: 79.2 | J12: 79.5 | K12: 79.9 | L12: 80.1 | N12: EA17 | O12: 80.2 | P12: Extracted on | Q12: 41236.691
A13: Holandsko | B13: 77.8 | C13: 77.8 | D13: 78.1 | E13: 78.7 | F13: 79 | G13: 79.3 | H13: 79.7 | I13: 79.8 | J13: 80.2 | K13: 80.3 | L13: 80.6 | N13: Holandsko | O13: 80.2 | P13: Source of Data | Q13: Eurostat
A14: Írsko | B14: 76.6 | C14: 77.3 | D14: 77.7 | E14: 78.3 | F14: 78.7 | G14: 79 | H14: 79 | I14: 79.5 | J14: 79.2 | K14: 80.3 | L14: 79.8 | N14: Nemecko | O14: 79.6
A15: Nemecko | B15: 77.9 | C15: 77.9 | D15: 78 | E15: 78.6 | F15: 78.7 | G15: 79.2 | H15: 79.4 | I15: 79.5 | J15: 79.6 | K15: 79.8 | L15: 80.1 | N15: Grécko | O15: 79.5
A16: Portugalsko | B16: 76.4 | C16: 76.6 | D16: 76.7 | E16: 77.6 | F16: 77.4 | G16: 78.2 | H16: 78.4 | I16: 78.6 | J16: 78.9 | K16: 79 | L16: 80.1 | N16: Slovinsko | O16: 79.4
A17: Slovensko | B17: 73.1 | C17: 73.3 | D17: 73.4 | E17: 73.7 | F17: 73.7 | G17: 73.9 | H17: 74 | I17: 74.4 | J17: 74.7 | K17: 75 | L17: 75.5 | N17: Fínsko | O17: 79.3
A18: Španielsko | B18: 79.1 | C18: 79.2 | D18: 79.1 | E18: 79.8 | F18: 79.7 | G18: 80.5 | H18: 80.4 | I18: 80.8 | J18: 81.1 | K18: 81.5 | L18: 81.7 | N18: Írsko | O18: 79.2
A19: Taliansko | B19: 79.6 | C19: 79.7 | D19: 79.4 | E19: 80.3 | F19: 80.2 | G19: 80.8 | H19: 80.9 | I19: 81.2 | J19: 81.4 | N19: EU27 | O19: 79
A20: Cyprus | B20: 78.4 | C20: 78.1 | D20: 78.4 | E20: 78.5 | F20: 78.2 | G20: 79.6 | H20: 79.4 | I20: 80.1 | J20: 80.4 | K20: 80.8 | L20: 80.5 | N20: Portugalsko | O20: 78.9
A21: Slovinsko | B21: 75.7 | C21: 75.9 | D21: 75.7 | E21: 76.5 | F21: 76.8 | G21: 77.5 | H21: 77.6 | I21: 78.3 | J21: 78.5 | K21: 79 | L21: 79.4 | N21: Slovensko | O21: 74.7

Sheet 24
A1: Priemerný ročný hrubý príjem | L1: Späť na zoznam
A2: Average annual gross earnings by economic activity - Nace Rev. 2 [earn_gr_nace2]
A3: Source of Data | B3: Eurostat
A5: CURRENCY | B5: Euro (from 1.1.1999)/ECU (up to 31.12.1998)
A6: SIZECLAS | B6: 10 employees or more
A7: WORKTIME | B7: Full-time
A8: SEX | B8: Total
A9: NACE_R2 | B9: Business economy
I12: GEO/TIME | J12: 2009
A13: GEO/TIME | B13: 2005 | C13: 2006 | D13: 2007 | E13: 2008 | F13: 2009 | G13: 2010 | H13: 2011 | I13: Írsko | J13: 45207
A14: EU17 | I14: Holandsko | J14: 44412
A15: EU27 | I15: Nemecko | J15: 41100
A16: Fínsko | E16: 37946 | F16: 39052 | G16: 40122 | H16: 43848 | I16: Fínsko | J16: 39052
A17: Grécko | C17: 23861 | D17: 25793 | E17: 25915 | F17: 29160 | I17: Grécko | J17: 29160
A18: Holandsko | E18: 43146 | F18: 44412 | G18: 45215 | I18: Španielsko | J18: 26316
A19: Írsko | E19: 45893 | F19: 45207 | I19: Portugalsko | J19: 17129
A20: Nemecko | C20: 39149 | D20: 40300 | E20: 41400 | F20: 41100 | G20: 42400 | I20: Slovensko | J20: 10387
A21: Portugalsko | F21: 17129 | G21: 17352
A22: Slovensko | E22: 9707 | F22: 10387 | G22: 10777 | H22: 11224
A23: Španielsko | E23: 25208 | F23: 26316
A24: Taliansko
A25: Cyprus
A26: Slovinsko

Sheet 25
A1: Obrat obchodu | J1: Späť na zoznam
A2: Trade turnover - total
A3: Index (2010 = 100) and percentage change
A4: Index, 2010=100 (SA)
A5: Source of Data:: | B5: Eurostat
A6: Last update: | B6: 23.11.2012
A7: Date of extraction: | B7: 23 Nov 2012 17:04:18 MET
A8: Hyperlink to the table: | B8: http://epp.eurostat.ec.europa.eu/tgm/table.do?tab=table&init=1&plugin=1&language=en&pcode=teiis280
A9: General Disclaimer of the EC: | B9: http://europa.eu/geninfo/legal_notices_en.htm
A10: Short Description:
A11: Code: | B11: teiis280
A13: geo\time | B13: 2010Q2 | C13: 2010Q3 | D13: 2010Q4 | E13: 2011Q1 | F13: 2011Q2 | G13: 2011Q3 | H13: 2011Q4 | I13: 2012Q1 | J13: 2012Q2 | K13: 2012Q3 | L13: 2012Q4 | M13: 2013Q1 | R13: geo\time | S13: 2012Q4
A14: Fínsko | B14: 98.95 | C14: 101.78 | D14: 104.37 | E14: 105.19 | F14: 108.39 | G14: 110.21 | H14: 111.57 | I14: 114.45 | J14: 111.41 | K14: 110.05 | L14: 109.19 | M14: 108.72 | R14: Fínsko | S14: 109.19
A15: Nemecko | B15: 99.95 | C15: 101.54 | D15: 102.64 | E15: 105.82 | F15: 106 | G15: 107.7 | H15: 107.54 | I15: 108.41 | J15: 108 | K15: 107.84 | L15: 108.09 | M15: : | R15: Nemecko | S15: 108.09
A16: Írsko | B16: 101.3 | C16: 101.06 | D16: 100.88 | E16: 102.56 | F16: 103.42 | G16: 103.77 | H16: 108.31 | I16: 105.88 | J16: 104.44 | K16: 105.77 | L16: 106.03 | M16: : | R16: Írsko | S16: 106.03
A17: Holandsko | B17: 99.43 | C17: 101.07 | D17: 104.17 | E17: 106.46 | F17: 105.85 | G17: 106.48 | H17: 105.87 | I17: 105.94 | J17: 106.58 | K17: 107.14 | L17: 105.21 | M17: : | R17: Holandsko | S17: 105.21
A18: EU27 | B18: 99.39 | C18: 100.84 | D18: 102.31 | E18: 104.47 | F18: 105.09 | G18: 105.41 | H18: 105.52 | I18: 105.68 | J18: 104.82 | K18: 105.48 | L18: 105.03 | M18: : | R18: EU27 | S18: 105.03
A19: Slovinsko | B19: 100.17 | C19: 99.43 | D19: 100.64 | E19: 104.92 | F19: 104.88 | G19: 105.16 | H19: 106.24 | I19: 108.45 | J19: 105.9 | K19: 106.77 | L19: 104.95 | M19: : | R19: Slovinsko | S19: 104.95
A20: EA17 | B20: 99.77 | C20: 100.66 | D20: 102.29 | E20: 104.35 | F20: 104.44 | G20: 104.9 | H20: 104.57 | I20: 104.55 | J20: 103.64 | K20: 104.04 | L20: 103.25 | M20: : | R20: EA17 | S20: 103.25
A21: Slovensko | B21: 99.74 | C21: 100.44 | D21: 99.34 | E21: 100.8 | F21: 99.83 | G21: 100.25 | H21: 99.44 | I21: 107.44 | J21: 103.11 | K21: 102.91 | L21: 100.15 | M21: : | R21: Slovensko | S21: 100.15
A22: Taliansko | B22: 99.29 | C22: 100.81 | D22: 102.14 | E22: 103.27 | F22: 104.3 | G22: 102.96 | H22: 102.75 | I22: 101.7 | J22: 100.42 | K22: 100.69 | L22: 99.67 | M22: : | R22: Taliansko | S22: 99.67
A23: Cyprus | B23: 97.84 | C23: 101.57 | D23: 102.72 | E23: 103.17 | F23: 104.49 | G23: 102.44 | H23: 100.2 | I23: 99.31 | J23: 97.69 | K23: 96.23 | L23: 94.83 | M23: : | R23: Cyprus | S23: 94.83
A24: Španielsko | B24: 101.87 | C24: 98.86 | D24: 99.53 | E24: 99.2 | F24: 98.57 | G24: 98.42 | H24: 95.91 | I24: 94.82 | J24: 91.41 | K24: 92.97 | L24: 89.16 | M24: 89.16 | R24: Španielsko | S24: 89.16
A25: Portugalsko | B25: 99.56 | C25: 99.2 | D25: 100.66 | E25: 96.7 | F25: 94.57 | G25: 93 | H25: 88.77 | I25: 88.49 | J25: 85.63 | K25: 84.96 | L25: 80.51 | M25: 82.22 | R25: Portugalsko | S25: 80.51
A26: Grécko | B26: 98.66 | C26: 93.01 | D26: 95.91 | E26: 92.76 | F26: 88.36 | G26: 85.58 | H26: 80.88 | I26: 77.84 | J26: 75.88 | K26: 75.65 | L26: 73.12 | M26: : | R26: Grécko | S26: 73.12
A47: Turnover and volume of sales in wholesale and retail trade - quarterly data (2010 = 100) [sts_trtu_q]
A49: Last update | B49: 41432.089
A50: Extracted on | B50: 41432.661
A51: Source of data | B51: Eurostat
A53: INDIC_BT | B53: Index of deflated turnover
A54: NACE_R2 | B54: Retail trade, except of motor vehicles and motorcycles
A55: S_ADJ | B55: Seasonally adjusted data
A57: GEO/TIME | B57: 2008Q1 | C57: 2008Q2 | D57: 2008Q3 | E57: 2008Q4 | F57: 2009Q1 | G57: 2009Q2 | H57: 2009Q3 | I57: 2009Q4 | J57: 2010Q1 | K57: 2010Q2 | L57: 2010Q3 | M57: 2010Q4 | N57: 2011Q1 | O57: 2011Q2 | P57: 2011Q3 | Q57: 2011Q4 | R57: 2012Q1 | S57: 2012Q2 | T57: 2012Q3 | U57: 2012Q4 | V57: 2013Q1
A58: Germany | B58: 101.65 | C58: 100.78 | D58: 101.36 | E58: 102.4 | F58: 98.85 | G58: 98.4 | H58: 98.07 | I58: 99.7 | J58: 98.93 | K58: 100.21 | L58: 100.77 | M58: 100.27 | N58: 100.94 | O58: 100.45 | P58: 101.43 | Q58: 101.41 | R58: 100.57 | S58: 101.67 | T58: 100.83 | U58: 100.16 | V58: 101.64
A59: Ireland | B59: 109.73 | C59: 107.87 | D59: 105.66 | E59: 104.49 | F59: 101.58 | G59: 99.65 | H59: 100.44 | I59: 98.47 | J59: 100.49 | K59: 101.5 | L59: 99.81 | M59: 98.18 | N59: 98.32 | O59: 97.45 | P59: 96.84 | Q59: 97.27 | R59: 96.78 | S59: 97.1 | T59: 97.81 | U59: 99.16 | V59: 97.64
A60: Greece | B60: 123.41 | C60: 123.93 | D60: 117.34 | E60: 118.93 | F60: 106.22 | G60: 105.95 | H60: 107.04 | I60: 108.61 | J60: 111.4 | K60: 100.95 | L60: 95.07 | M60: 95.25 | N60: 94.71 | O60: 90.64 | P60: 89.44 | Q60: 86.01 | R60: 82.79 | S60: 80.46 | T60: 79.05 | U60: 74.27 | V60: 72.41
A61: Spain | B61: 111.13 | C61: 108.37 | D61: 107.44 | E61: 105.09 | F61: 102.76 | G61: 101.87 | H61: 102.77 | I61: 101.27 | J61: 101.72 | K61: 101.37 | L61: 98.89 | M61: 98.04 | N61: 95.1 | O61: 94.19 | P61: 94.29 | Q61: 91.82 | R61: 90.43 | S61: 87.43 | T61: 86.74 | U61: 80.84 | V61: 80.86
A62: Italy | B62: 102.41 | C62: 101.32 | D62: 100.64 | E62: 99.76 | F62: 99.37 | G62: 99.81 | H62: 99.52 | I62: 99.49 | J62: 99.76 | K62: 99.4 | L62: 99.98 | M62: 100.72 | N62: 101.01 | O62: 101.37 | P62: 100.51 | Q62: 99.81 | R62: 98.57 | S62: 97.2 | T62: 96.76 | U62: 95.83 | V62: 95.41
A63: Cyprus | B63: 104.23 | C63: 104.49 | D63: 103.74 | E63: 101.73 | F63: 101.69 | G63: 100.39 | H63: 98.98 | I63: 98.3 | J63: 102.02 | K63: 98.75 | L63: 99.99 | M63: 100.36 | N63: 100.74 | O63: 100.86 | P63: 99.13 | Q63: 97.03 | R63: 98.44 | S63: 96.96 | T63: 94.65 | U63: 92.39
A64: Netherlands | B64: 105.74 | C64: 106.1 | D64: 105.31 | E64: 105.48 | F64: 101.99 | G64: 101.24 | H64: 100.39 | I64: 100.12 | J64: 99.52 | K64: 99.81 | L64: 100.5 | M64: 100.12 | N64: 99.63 | O64: 99.17 | P64: 97.9 | Q64: 97.64 | R64: 97.16 | S64: 95.62 | T64: 95.79 | U64: 93.71 | V64: 92.52
A65: Portugal | B65: 103.95 | C65: 101.15 | D65: 103.34 | E65: 100.42 | F65: 100.5 | G65: 98.95 | H65: 101.02 | I65: 100.2 | J65: 101.23 | K65: 99.44 | L65: 100.85 | M65: 98.51 | N65: 94.74 | O65: 93.55 | P65: 95.57 | Q65: 88.98 | R65: 88.64 | S65: 87.47 | T65: 89.22 | U65: 82.6 | V65: 84.21
A66: Slovenia | B66: 108.31 | C66: 112.76 | D66: 113.54 | E66: 112.08 | F66: 103.72 | G66: 100.24 | H66: 97.54 | I66: 98.81 | J66: 98.45 | K66: 100.29 | L66: 99.3 | M66: 100.56 | N66: 101.09 | O66: 100.87 | P66: 101.73 | Q66: 101.73 | R66: 101.77 | S66: 98.92 | T66: 99.49 | U66: 96.37 | V66: 96.31
A67: Slovakia | B67: 112.09 | C67: 112.77 | D67: 114.05 | E67: 114.91 | F67: 101.64 | G67: 101.95 | H67: 102.22 | I67: 102.51 | J67: 100.2 | K67: 100.11 | L67: 100.57 | M67: 99.71 | N67: 98.46 | O67: 98.12 | P67: 97.61 | Q67: 97.63 | R67: 98.25 | S67: 96.94 | T67: 96.42 | U67: 95.8 | V67: 96.68
A68: Finland | B68: 102.21 | C68: 101.8 | D68: 100.07 | E68: 99.28 | F68: 98.27 | G68: 97.83 | H68: 97.57 | I68: 98.8 | J68: 98.47 | K68: 99.6 | L68: 100.43 | M68: 101.13 | N68: 100.79 | O68: 103.54 | P68: 103.3 | Q68: 103.1 | R68: 105.38 | S68: 103.94 | T68: 104.1 | U68: 103.43 | V68: 104.54
A70: Special value:
A71: : | B71: not available

Sheet 26
A1: Počet nemocničných lôžok (na 100 000 obyv.) | K1: Späť na zoznam
A2: Hospital beds by type of care [hlth_rs_bds]
A3: Source: http://appsso.eurostat.ec.europa.eu/nui/submitViewTableAction.do
A4: Last update | B4: 41197.764
A5: Extracted on | B5: 41422.676
A6: Source of Data | B6: Eurostat
A8: UNIT | B8: Per 100,000 inhabitants
A9: FACILITY | B9: Available beds in hospitals (HP.1)
A11: GEO/TIME | B11: 2001 | C11: 2002 | D11: 2003 | E11: 2004 | F11: 2005 | G11: 2006 | H11: 2007 | I11: 2008 | J11: 2009 | K11: 2010 | L11: 2011 | N11: GEO/TIME | O11: 2009
A12: EA17 | N12: Nemecko | O12: 823.9
A13: EU27 | B13: 630.2 | C13: 618.9 | D13: 603.4 | E13: 592.6 | F13: 584.1 | G13: 573.8 | H13: 564.6 | I13: 558.9 | J13: 550.8 | K13: 538.2 | N13: Slovensko | O13: 650.5
A14: Fínsko | B14: 746.2 | C14: 735.1 | D14: 724.3 | E14: 709.8 | F14: 705.2 | G14: 698.4 | H14: 673 | I14: 656.4 | J14: 624.5 | K14: 584.7 | N14: Fínsko | O14: 624.5
A15: Grécko | B15: 477.4 | C15: 471.3 | D15: 469.6 | E15: 468.9 | F15: 472.9 | G15: 481.7 | H15: 481.5 | I15: 477.5 | J15: 484.8 | N15: EU27 | O15: 550.8
A16: Holandsko | B16: 465.1 | C16: 457.1 | D16: 450 | E16: 447.2 | F16: 445.5 | G16: 478 | H16: 474.2 | I16: 469.9 | J16: 465.7 | N16: Grécko | O16: 484.8
A17: Írsko | B17: 586 | C17: 578.1 | D17: 567.2 | E17: 564.1 | F17: 545.9 | G17: 527.5 | H17: 514.6 | I17: 492.3 | J17: 327.4 | K17: 313.9 | N17: Holandsko | O17: 465.7
A18: Nemecko | B18: 901 | C18: 887.3 | D18: 874.4 | E18: 857.8 | F18: 846.7 | G18: 829.7 | H18: 823.9 | I18: 821.4 | J18: 823.9 | K18: 824.8 | N18: Slovinsko | O18: 460.3
A19: Portugalsko | B19: 367.3 | C19: 358.4 | D19: 358.8 | E19: 358.3 | F19: 354.3 | G19: 345.8 | H19: 341.4 | I19: 337.1 | J19: 335.2 | K19: 334.7 | N19: Cyprus | O19: 380
A20: Slovensko | B20: 766.9 | C20: 756.9 | D20: 723.8 | E20: 689.8 | F20: 677 | G20: 671.2 | H20: 675.3 | I20: 655.7 | J20: 650.5 | K20: 641.8 | N20: Taliansko | O20: 362.6
A21: Španielsko | B21: 359.4 | C21: 353.6 | D21: 345 | E21: 341.7 | F21: 336.1 | G21: 331.5 | H21: 327.2 | I21: 322.5 | J21: 318.7 | K21: 315.7 | N21: Portugalsko | O21: 335.2
A22: Taliansko | B22: 461.3 | C22: 443.4 | D22: 415.9 | E22: 398.6 | F22: 399.9 | G22: 393.9 | H22: 384.5 | I22: 372.7 | J22: 362.6 | K22: 352.5 | N22: Írsko | O22: 327.4
A23: Cyprus | B23: 437.3 | C23: 435.3 | D23: 426.6 | E23: 415.7 | F23: 375.7 | G23: 370.7 | H23: 371.9 | I23: 375.4 | J23: 380 | K23: 368 | L23: : | N23: Španielsko | O23: 318.7
A24: Slovinsko | B24: 516.3 | C24: 508.7 | D24: 495.8 | E24: 479.9 | F24: 483.2 | G24: 476.7 | H24: 468.3 | I24: 474.2 | J24: 460.3 | K24: 457.2 | L24: :
A26: Special values:
A27: 0 | B27: less than half the final digit shown and greater than real zero
A28: : | B28: not available

Sheet 27
A1: Maloobchodný predaj (okrem automobilov; r2005=100) | K1: Späť na zoznam
A2: Wholesale and retail trade turnover and volumes of sales - quarterly data - (2010 = 100) (NACE Rev. 2) [sts_trtu_q]
A3: Source: http://appsso.eurostat.ec.europa.eu/nui/show.do
A4: Last update | B4: 41422.111 | S4: 41237.111
A5: Extracted on | B5: 41422.693 | S5: 41239.693
A6: Source of Data | B6: Eurostat | S6: Eurostat
A8: INDIC_BT | B8: Index of turnover - Total | S8: Index of turnover - Total
A9: NACE_R2 | B9: Retail trade, except of motor vehicles and motorcycles | S9: Retail trade, except of motor vehicles and motorcycles
A10: S_ADJ | B10: Seasonally adjusted data | S10: Seasonally adjusted data
A12: GEO/TIME | B12: 2005Q1 | C12: 2005Q2 | D12: 2005Q3 | E12: 2005Q4 | F12: 2006Q1 | G12: 2006Q2 | H12: 2006Q3 | I12: 2006Q4 | J12: 2007Q1 | K12: 2007Q2 | L12: 2007Q3 | M12: 2007Q4 | N12: 2008Q1 | O12: 2008Q2 | P12: 2008Q3 | Q12: 2008Q4 | R12: 2009Q1 | S12: 2009Q2 | T12: 2009Q3 | U12: 2009Q4 | V12: 2010Q1 | W12: 2010Q2 | X12: 2010Q3 | Y12: 2010Q4 | Z12: 2011Q1 | AA12: 2011Q2 | AB12: 2011Q3 | AC12: 2011Q4 | AD12: 2012Q1 | AE12: 2012Q2 | AF12: 2012Q3 | AG12: 2012Q4 | AH12: 2013Q1
A13: EA17 | B13: 93.55 | C13: 94.13 | D13: 95.34 | E13: 95.75 | F13: 96.43 | G13: 97.69 | H13: 98.25 | I13: 98.82 | J13: 98.79 | K13: 99.64 | L13: 100.35 | M13: 101.63 | N13: 102.85 | O13: 103.17 | P13: 103.19 | Q13: 100.96 | R13: 97.78 | S13: 97.74 | T13: 97.66 | U13: 98.44 | V13: 99.03 | W13: 99.8 | X13: 100.32 | Y13: 100.85 | Z13: 101.22 | AA13: 101.53 | AB13: 101.93 | AC13: 102.06 | AD13: 102.49 | AE13: 101.91 | AF13: 102.43 | AG13: 101.2 | AH13: 101.33
A14: EU27 | B14: 90.17 | C14: 90.78 | D14: 92 | E14: 92.6 | F14: 93.51 | G14: 94.85 | H14: 95.6 | I14: 96.35 | J14: 96.65 | K14: 97.71 | L14: 98.49 | M14: 100.07 | N14: 101.31 | O14: 101.95 | P14: 101.84 | Q14: 99.7 | R14: 97.43 | S14: 97.54 | T14: 97.59 | U14: 98.3 | V14: 98.82 | W14: 99.71 | X14: 100.44 | Y14: 101.03 | Z14: 101.64 | AA14: 102.14 | AB14: 102.52 | AC14: 103.13 | AD14: 103.66 | AE14: 103.03 | AF14: 103.69 | AG14: 102.73 | AH14: 103.12
A15: Fínsko | B15: 81.28 | C15: 83.03 | D15: 83.83 | E15: 84.63 | F15: 85.81 | G15: 87.36 | H15: 88.22 | I15: 89.07 | J15: 91.6 | K15: 91.43 | L15: 93.93 | M15: 94.55 | N15: 98.43 | O15: 98.9 | P15: 98.2 | Q15: 97.04 | R15: 96.35 | S15: 95.93 | T15: 95.87 | U15: 97.33 | V15: 98 | W15: 99.59 | X15: 100.05 | Y15: 102.03 | Z15: 102.28 | AA15: 105.41 | AB15: 105.86 | AC15: 106.23 | AD15: 110.04 | AE15: 108.94 | AF15: 110.16 | AG15: 109.76 | AH15: 110.64
A16: Grécko | B16: 86.44 | C16: 88.4 | D16: 92.07 | E16: 93.86 | F16: 95.69 | G16: 99.77 | H16: 104.49 | I16: 104.98 | J16: 105.23 | K16: 105.6 | L16: 107.77 | M16: 110.32 | N16: 114.73 | O16: 116.04 | P16: 110.08 | Q16: 111.55 | R16: 99.83 | S16: 99.84 | T16: 101.83 | U16: 104.06 | V16: 108.37 | W16: 100.45 | X16: 96.17 | Y16: 97.25 | Z16: 97.33 | AA16: 93.44 | AB16: 92.39 | AC16: 89.74 | AD16: 86.53 | AE16: 83.98 | AF16: 83.28 | AG16: 77.92
A17: Holandsko | B17: 91.38 | C17: 91 | D17: 93.47 | E17: 94.67 | F17: 96.26 | G17: 98.04 | H17: 98.26 | I17: 98.4 | J17: 100.01 | K17: 101.64 | L17: 101.61 | M17: 103.04 | N17: 103.59 | O17: 105.38 | P17: 104.76 | Q17: 104.23 | R17: 100.37 | S17: 99.94 | T17: 99.1 | U17: 99.29 | V17: 99.21 | W17: 99.62 | X17: 100.44 | Y17: 100.86 | Z17: 100.79 | AA17: 100.92 | AB17: 100.31 | AC17: 100.63 | AD17: 100.39 | AE17: 98.82 | AF17: 99.73 | AG17: 97.92 | AH17: 97.07
A18: Írsko | B18: 97.16 | C18: 98.4 | D18: 100.59 | E18: 102.17 | F18: 105.3 | G18: 107.85 | H18: 109.32 | I18: 111.49 | J18: 113.07 | K18: 116.48 | L18: 117.4 | M18: 120.51 | N18: 120.24 | O18: 118.91 | P18: 115.53 | Q18: 112.73 | R18: 107.26 | S18: 103.96 | T18: 102.68 | U18: 99.77 | V18: 100.8 | W18: 101.17 | X18: 99.53 | Y18: 98.49 | Z18: 99.48 | AA18: 98.56 | AB18: 97.73 | AC18: 98.29 | AD18: 98.44 | AE18: 98.85 | AF18: 99.46 | AG18: 100.31 | AH18: 98.71
A19: Nemecko | B19: 99.51 | C19: 98.97 | D19: 99.8 | E19: 99.97 | F19: 99.92 | G19: 100.87 | H19: 100.14 | I19: 101.51 | J19: 98.48 | K19: 99.35 | L19: 99.23 | M19: 99.23 | N19: 100.79 | O19: 100.58 | P19: 101.73 | Q19: 101.4 | R19: 97.48 | S19: 97.7 | T19: 97.07 | U19: 98.54 | V19: 98.54 | W19: 99.97 | X19: 100.67 | Y19: 100.94 | Z19: 101.87 | AA19: 101.69 | AB19: 103.13 | AC19: 103.74 | AD19: 103.61 | AE19: 104.94 | AF19: 104.5 | AG19: 104.59 | AH19: 106.21
A20: Portugalsko | B20: 96.57 | C20: 98.04 | D20: 97.07 | E20: 99.14 | F20: 99.42 | G20: 100.81 | H20: 102.25 | I20: 102.23 | J20: 102.38 | K20: 102.46 | L20: 104.22 | M20: 104.51 | N20: 106.29 | O20: 106.09 | P20: 107.72 | Q20: 102.99 | R20: 100.03 | S20: 99.51 | T20: 99.76 | U20: 99.82 | V20: 100.11 | W20: 100.22 | X20: 100.32 | Y20: 99.42 | Z20: 94.93 | AA20: 95.25 | AB20: 96.46 | AC20: 91.17 | AD20: 90.46 | AE20: 89.83 | AF20: 91.01 | AG20: 85.36 | AH20: 86.02
A21: Slovensko | B21: 82.56 | C21: 83.97 | D21: 86.47 | E21: 88.26 | F21: 90.21 | G21: 92.52 | H21: 95.16 | I21: 96.27 | J21: 96.79 | K21: 100.34 | L21: 100.62 | M21: 105.72 | N21: 113.11 | O21: 114.2 | P21: 115.45 | Q21: 114.81 | R21: 101.68 | S21: 100.82 | T21: 100.41 | U21: 100.59 | V21: 99.45 | W21: 99.74 | X21: 100.87 | Y21: 100.66 | Z21: 100.85 | AA21: 101.62 | AB21: 101.6 | AC21: 102.32 | AD21: 103.65 | AE21: 103.52 | AF21: 103.82 | AG21: 104.04 | AH21: 104.83
A22: Španielsko (2005=100) | B22: 98.48 | C22: 99.64 | D22: 100.05 | E22: 101.71 | F22: 103.27 | G22: 105.1 | H22: 106.26 | I22: 107.89 | J22: 109.43 | K22: 110.09 | L22: 111.05 | M22: 113.13 | N22: 111.31 | O22: 110.32 | P22: 109.61 | Q22: 105.83 | R22: 102.11 | S22: 101.01 | T22: 101.92 | U22: 101.69 | V22: 103.2 | W22: 102.58 | X22: 100.54 | Y22: 101.46 | Z22: 100.63 | AA22: 100.26 | AB22: 99.66 | AC22: 98.12 | AD22: 97.66 | AE22: 96.14 | AF22: 95.75
A23: Taliansko | B23: 93.61 | C23: 94.81 | D23: 96.34 | E23: 94.02 | F23: 96.34 | G23: 97.18 | H23: 98.04 | I23: 97.49 | J23: 97.58 | K23: 98.4 | L23: 98.94 | M23: 100.14 | N23: 101 | O23: 100.83 | P23: 100.56 | Q23: 98.27 | R23: 97.05 | S23: 97.27 | T23: 97.18 | U23: 97.78 | V23: 99.1 | W23: 99.04 | X23: 99.99 | Y23: 101.29 | Z23: 101.08 | AA23: 102.16 | AB23: 101.74 | AC23: 102.28 | AD23: 102.93 | AE23: 101.94 | AF23: 101.96 | AG23: 100.86 | AH23: 100
A24: Cyprus | B24: 76.44 | C24: 75.82 | D24: 77.35 | E24: 80.02 | F24: 82.61 | G24: 83.64 | H24: 84.83 | I24: 87.29 | J24: 89.42 | K24: 90.91 | L24: 94.02 | M24: 97.76 | N24: 100.01 | O24: 102.89 | P24: 104.7 | Q24: 100.19 | R24: 96.95 | S24: 96.98 | T24: 96.08 | U24: 96.91 | V24: 99.41 | W24: 97.28 | X24: 101.34 | Y24: 102.37 | Z24: 104.8 | AA24: 106.85 | AB24: 104.5 | AC24: 104.02 | AD24: 104.06 | AE24: 102.37 | AF24: 101.41 | AG24: 99.5
A25: Slovinsko | B25: 74.19 | C25: 75.52 | D25: 81.24 | E25: 83.14 | F25: 81.21 | G25: 83.91 | H25: 84.46 | I25: 85.57 | J25: 85.52 | K25: 89.9 | L25: 94.27 | M25: 100.38 | N25: 105.62 | O25: 113.66 | P25: 116.52 | Q25: 108.05 | R25: 97.68 | S25: 96.27 | T25: 94.24 | U25: 96.3 | V25: 96.68 | W25: 100.05 | X25: 99.77 | Y25: 101.69 | Z25: 103.75 | AA25: 104.74 | AB25: 105.36 | AC25: 107.59 | AD25: 109.64 | AE25: 107.99 | AF25: 109.58 | AG25: 107.5 | AH25: 107.11
A26: !!! SPANIELSKO ma udaje s benchmarkom 2005=100 pretoze chybaju udaje pri benchmarku 2010=100 !!!
A27: Special values:
A28: 0 | B28: less than half the final digit shown and greater than real zero
A29: : | B29: not available
U30: GEO/TIME | V30: 2012Q4
U31: EU27 | V31: 109.76
U32: Slovinsko | V32: 107.5
U33: Nemecko | V33: 104.59
U34: Španielsko 2005=100 | V34: 104.04
U35: Slovensko | V35: 102.73
U36: Fínsko | V36: 101.2
U37: Portugalsko | V37: 100.86
U38: Holandsko | V38: 100.31
U39: Cyprus | V39: 99.5
U40: EA17 | V40: 97.92
U41: Írsko | V41: 85.36
U42: Taliansko | V42: 77.92
U43: Grécko

Sheet 28
A1: Predaj automobilov (r2010=100) | K1: Späť na zoznam
A2: Trade of motor vehicles
A3: Index (2010 = 100) and percentage change
A4: Index, 2010=100 (SA) | B4: 41237.111
A5: Source of Data:: | B5: Eurostat
A6: Last update: | B6: 41331
A7: Date of extraction: | B7: 28 May 2013 16:56:47 MET
A8: Hyperlink to the table: | B8: http://epp.eurostat.ec.europa.eu/tgm/table.do?tab=table&init=1&plugin=1&language=en&pcode=teiis285
A9: General Disclaimer of the EC: | B9: http://europa.eu/geninfo/legal_notices_en.htm
A10: Short Description:
A11: Code: | B11: teiis285
A12: geo\time | B12: 2010Q2 | C12: 2010Q3 | D12: 2010Q4 | E12: 2011Q1 | F12: 2011Q2 | G12: 2011Q3 | H12: 2011Q4 | I12: 2012Q1 | J12: 2012Q2 | K12: 2012Q3 | L12: 2012Q4 | M12: 2013Q1
A13: EA17 | B13: 100.78 | C13: 99.62 | D13: 102.15 | E13: 104.45 | F13: 101.66 | G13: 103.57 | H13: 104.6 | I13: 101.34 | J13: 98.8 | K13: 97.36 | L13: 94.97
A14: EU27 | B14: 100.29 | C14: 99.76 | D14: 102.75 | E14: 104.35 | F14: 102.77 | G14: 103.6 | H14: 104.31 | I14: 102.17 | J14: 99.82 | K14: 99.89 | L14: 98.52
A15: Fínsko | B15: 101.01 | C15: 103.34 | D15: 109.65 | E15: 111.75 | F15: 113.05 | G15: 116.42 | H15: 126.35 | I15: 135.3 | J15: 111.55 | K15: 96.64 | L15: 95.51 | M15: 90.28
A16: Grécko | B16: 106.35 | C16: 78.96 | D16: 80.86 | E16: 80.51 | F16: 72.76 | G16: 72.91 | H16: 66.19 | I16: 53.7 | J16: 49.39 | K16: 52.48 | L16: 52.25
A17: Holandsko | B17: 98.15 | C17: 101.54 | D17: 105.3 | E17: 107.6 | F17: 107.24 | G17: 107.42 | H17: 107.32 | I17: 104.02 | J17: 109.72 | K17: 97.63 | L17: 96.71
A18: Írsko | B18: 98.74 | C18: 114.04 | D18: 100.7 | E18: 100.04 | F18: 105.74 | G18: 111.18 | H18: 113.54 | I18: 100.76 | J18: 97.34 | K18: 94.13 | L18: 98.02
A19: Nemecko | B19: 99.58 | C19: 102.79 | D19: 104.84 | E19: 107.26 | F19: 106.24 | G19: 108.4 | H19: 109.88 | I19: 110.22 | J19: 107.03 | K19: 106.42 | L19: 104.67
A20: Portugalsko | B20: 98.38 | C20: 96.7 | D20: 108.86 | E20: 81.4 | F20: 75.44 | G20: 75.1 | H20: 68.31 | I20: 55.65 | J20: 50.8 | K20: 51.9 | L20: 51.46 | M20: 46.1
A21: Slovensko | B21: 95.43 | C21: 102.31 | D21: 106.87 | E21: 96.98 | F21: 94.89 | G21: 101.62 | H21: 106.93 | I21: 110.7 | J21: 99.99 | K21: 107.79 | L21: 103.08
A22: Španielsko | B22: 112.32 | C22: 89.29 | D22: 91.02 | E22: 94.07 | F22: 90.9 | G22: 90.91 | H22: 87.22 | I22: 82.79 | J22: 75.35 | K22: 76.63 | L22: 71.1 | M22: 69.08
A23: Taliansko
A24: Cyprus | B24: 100.27 | C24: 101.2 | D24: 99.28 | E24: 98.13 | F24: 94.93 | G24: 87.69 | H24: 86.99 | I24: 82.21 | J24: 73.39 | K24: 73.45
A25: Slovinsko | B25: 98.45 | C25: 99.31 | D25: 102.1 | E25: 104.73 | F25: 105.09 | G25: 104.42 | H25: 102.84 | I25: 101.22 | J25: 98.02 | K25: 94.26 | L25: 95.2 | M25: 92.41
A27: Special values:
A28: 0 | B28: less than half the final digit shown and greater than real zero
A29: : | B29: not available
U30: GEO/TIME | V30: 2012Q4
U31: Nemecko | V31: 104.67
U32: Slovensko | V32: 103.08
U33: EU27 | V33: 98.52
U34: Írsko | V34: 98.02
U35: Holandsko | V35: 96.71
U36: Fínsko | V36: 95.51
U37: Slovinsko | V37: 95.2
U38: EA17 | V38: 94.97
U39: Španielsko | V39: 71.1
U40: Grécko | V40: 52.25
U41: Portugalsko | V41: 51.46
U42: Taliansko
U43: Cyprus
B48: geo\time | C48: 2009Q4 | D48: 2010Q1 | E48: 2010Q2 | F48: 2010Q3 | G48: 2010Q4 | H48: 2011Q1 | I48: 2011Q2 | J48: 2011Q3 | K48: 2011Q4 | L48: 2012Q1 | M48: 2012Q2
B49: EU (27 countries) | C49: 93.74 | D49: 93.22 | E49: 96.42 | F49: 95.45 | G49: 97.99 | H49: 99.55 | I49: 98.32 | J49: 98.65 | K49: 99.31 | L49: 97.27 | M49: 96.06
B50: Euro area (17 countries) | C50: 91.09 | D50: 90.36 | E50: 93.95 | F50: 92.23 | G50: 94.86 | H50: 96.79 | I50: 94.61 | J50: 95.71 | K50: 96.49 | L50: 93.74 | M50: 92.44
B51: Germany | C51: 90.03 | D51: 84.95 | E51: 91.79 | F51: 94.89 | G51: 96.97 | H51: 99.13 | I51: 97.88 | J51: 99.74 | K51: 100.41 | L51: 100.55 | M51: 98.84
B52: Ireland | C52: 45.81 | D52: 48.1 | E52: 49.11 | F52: 55.73 | G52: 48.65 | H52: 52.28 | I52: 52.51 | J52: 53.86 | K52: 56.14 | L52: 50.19 | M52: 47.73
B53: Greece | C53: 79.27 | D53: 71.62 | E53: 56.62 | F53: 42.62 | G53: 43.79 | H53: 42.97 | I53: 38.21 | J53: 39.65 | K53: 36.33 | L53: 28.4 | M53: 24.54
B54: Spain | C54: 69.6 | D54: 72.61 | E54: 77.3 | F54: 56.99 | G54: 59.45 | H54: 61.99 | I54: 61.99 | J54: 59.04 | K54: 57.53 | L54: 54.96 | M54: 51.54
B55: Italy | C55: : | D55: : | E55: : | F55: : | G55: : | H55: : | I55: : | J55: : | K55: : | L55: : | M55: :
B56: Netherlands | C56: 88.18 | D56: 90.32 | E56: 93.61 | F56: 97.95 | G56: 101.96 | H56: 102.91 | I56: 102.41 | J56: 103.27 | K56: 102.49 | L56: 101.94 | M56: 104.53
B57: Portugal | C57: 86.73 | D57: 85.54 | E57: 87.5 | F57: 86.01 | G57: 96.82 | H57: 72.4 | I57: 67.1 | J57: 66.8 | K57: 60.76 | L57: 49.5 | M57: 45.18
B58: Slovakia | C58: 101.47 | D58: 102.58 | E58: 103.78 | F58: 112.3 | G58: 116.49 | H58: 105.66 | I58: 103.09 | J58: 111.62 | K58: 116.56 | L58: 120.62 | M58: 108.57
B59: Finland | C59: 90.25 | D59: 88.59 | E59: 103.41 | F59: 107.46 | G59: 115.37 | H59: 114.99 | I59: 115.65 | J59: 120.66 | K59: 134.57 | L59: 138.19 | M59: 113.33

Sheet 29
A1: Predaj pohonných hmôt (r2010=100) | K1: Späť na zoznam
A2: Wholesale and retail trade turnover and volumes of sales - monthly data - (2010 = 100) (NACE Rev. 2) [sts_trtu_m]
A3: Source: http://appsso.eurostat.ec.europa.eu/nui/show.do
A4: Last update | B4: 41422.11
A5: Extracted on 28-05-2013 | B5: 41422.738
A6: Source of Data | B6: Eurostat
A8: INDIC_BT | B8: Index of deflated turnover
A9: NACE_R2 | B9: Retail sale of automotive fuel in specialised stores
A10: S_ADJ | B10: Seasonally adjusted data
A12: GEO/TIME | B12: 2001M01 | C12: 2001M02 | D12: 2001M03 | E12: 2001M04 | F12: 2001M05 | G12: 2001M06 | H12: 2001M07 | I12: 2001M08 | J12: 2001M09 | K12: 2001M10 | L12: 2001M11 | M12: 2001M12 | N12: 2002M01 | O12: 2002M02 | P12: 2002M03 | Q12: 2002M04 | R12: 2002M05 | S12: 2002M06 | T12: 2002M07 | U12: 2002M08 | V12: 2002M09 | W12: 2002M10 | X12: 2002M11 | Y12: 2002M12 | Z12: 2003M01 | AA12: 2003M02 | AB12: 2003M03 | AC12: 2003M04 | AD12: 2003M05 | AE12: 2003M06 | AF12: 2003M07 | AG12: 2003M08 | AH12: 2003M09 | AI12: 2003M10 | AJ12: 2003M11 | AK12: 2003M12 | AL12: 2004M01 | AM12: 2004M02 | AN12: 2004M03 | AO12: 2004M04 | AP12: 2004M05 | AQ12: 2004M06 | AR12: 2004M07 | AS12: 2004M08 | AT12: 2004M09 | AU12: 2004M10 | AV12: 2004M11 | AW12: 2004M12 | AX12: 2005M01 | AY12: 2005M02 | AZ12: 2005M03 | BA12: 2005M04 | BB12: 2005M05 | BC12: 2005M06 | BD12: 2005M07 | BE12: 2005M08 | BF12: 2005M09 | BG12: 2005M10 | BH12: 2005M11 | BI12: 2005M12 | BJ12: 2006M01 | BK12: 2006M02 | BL12: 2006M03 | BM12: 2006M04 | BN12: 2006M05 | BO12: 2006M06 | BP12: 2006M07 | BQ12: 2006M08 | BR12: 2006M09 | BS12: 2006M10 | BT12: 2006M11 | BU12: 2006M12 | BV12: 2007M01 | BW12: 2007M02 | BX12: 2007M03 | BY12: 2007M04 | BZ12: 2007M05 | CA12: 2007M06 | CB12: 2007M07 | CC12: 2007M08 | CD12: 2007M09 | CE12: 2007M10 | CF12: 2007M11 | CG12: 2007M12 | CH12: 2008M01 | CI12: 2008M02 | CJ12: 2008M03 | CK12: 2008M04 | CL12: 2008M05 | CM12: 2008M06 | CN12: 2008M07 | CO12: 2008M08 | CP12: 2008M09 | CQ12: 2008M10 | CR12: 2008M11 | CS12: 2008M12 | CT12: 2009M01 | CU12: 2009M02 | CV12: 2009M03 | CW12: 2009M04 | CX12: 2009M05 | CY12: 2009M06 | CZ12: 2009M07 | DA12: 2009M08 | DB12: 2009M09 | DC12: 2009M10 | DD12: 2009M11 | DE12: 2009M12 | DF12: 2010M01 | DG12: 2010M02 | DH12: 2010M03 | DI12: 2010M04 | DJ12: 2010M05 | DK12: 2010M06 | DL12: 2010M07 | DM12: 2010M08 | DN12: 2010M09 | DO12: 2010M10 | DP12: 2010M11 | DQ12: 2010M12 | DR12: 2011M01 | DS12: 2011M02 | DT12: 2011M03 | DU12: 2011M04 | DV12: 2011M05 | DW12: 2011M06 | DX12: 2011M07 | DY12: 2011M08 | DZ12: 2011M09 | EA12: 2011M10 | EB12: 2011M11 | EC12: 2011M12 | ED12: 2012M01 | EE12: 2012M02 | EF12: 2012M03 | EG12: 2012M04 | EH12: 2012M05 | EI12: 2012M06 | EJ12: 2012M07 | EK12: 2012M08 | EL12: 2012M09 | EM12: 2012M10 | EN12: 2012M11 | EO12: 2012M12 | EP12: 2013M01 | EQ12: 2013M02 | ER12: 2013M03 | ES12: 2013M04
A13: EA17 | B13: 112.85 | C13: 111.77 | D13: 112.41 | E13: 111.62 | F13: 110.67 | G13: 111.63 | H13: 112.73 | I13: 112.57 | J13: 113.21 | K13: 114.59 | L13: 115.18 | M13: 115.59 | N13: 113.98 | O13: 113.34 | P13: 115.84 | Q13: 113.18 | R13: 113.82 | S13: 114.72 | T13: 114.91 | U13: 114.53 | V13: 114.75 | W13: 114.02 | X13: 114.01 | Y13: 112.7 | Z13: 112.8 | AA13: 112.96 | AB13: 112.09 | AC13: 114.66 | AD13: 116.4 | AE13: 117.08 | AF13: 116.62 | AG13: 116.6 | AH13: 114.57 | AI13: 114.93 | AJ13: 114.5 | AK13: 115.97 | AL13: 115.06 | AM13: 116.87 | AN13: 116.14 | AO13: 115.74 | AP13: 113.62 | AQ13: 114.38 | AR13: 114.66 | AS13: 114.82 | AT13: 113.84 | AU13: 112.01 | AV13: 113.99 | AW13: 114.79 | AX13: 116.27 | AY13: 113.53 | AZ13: 114.74 | BA13: 112.55 | BB13: 114.34 | BC13: 113.76 | BD13: 111.63 | BE13: 111.71 | BF13: 109.94 | BG13: 109.45 | BH13: 111.71 | BI13: 111.79 | BJ13: 111.03 | BK13: 110.81 | BL13: 110.46 | BM13: 109.96 | BN13: 109.39 | BO13: 110.31 | BP13: 110.97 | BQ13: 109.46 | BR13: 116.46 | BS13: 114.88 | BT13: 114.3 | BU13: 116.42 | BV13: 112.69 | BW13: 113.23 | BX13: 113.48 | BY13: 110.68 | BZ13: 110.98 | CA13: 111.56 | CB13: 110.13 | CC13: 111.37 | CD13: 110.26 | CE13: 112.1 | CF13: 111.55 | CG13: 112.54 | CH13: 115.35 | CI13: 114.53 | CJ13: 115.27 | CK13: 113.11 | CL13: 112.05 | CM13: 107.88 | CN13: 105.95 | CO13: 104.94 | CP13: 106.76 | CQ13: 110.58 | CR13: 111.96 | CS13: 107.86 | CT13: 106.06 | CU13: 104.35 | CV13: 104.94 | CW13: 105.26 | CX13: 104.08 | CY13: 102.72 | CZ13: 102.89 | DA13: 102.38 | DB13: 102.27 | DC13: 100.97 | DD13: 100.51 | DE13: 101.99 | DF13: 98.77 | DG13: 99.68 | DH13: 100.63 | DI13: 99.88 | DJ13: 100.38 | DK13: 100.72 | DL13: 101.6 | DM13: 99.96 | DN13: 100.73 | DO13: 100.65 | DP13: 99.2 | DQ13: 97.8 | DR13: 98.42 | DS13: 98.79 | DT13: 96.71 | DU13: 96.69 | DV13: 96.43 | DW13: 96.56 | DX13: 96.46 | DY13: 96.75 | DZ13: 96.57 | EA13: 96.78 | EB13: 95.73 | EC13: 94.68 | ED13: 94.95 | EE13: 90.89 | EF13: 91.87 | EG13: 90.05 | EH13: 91.36 | EI13: 93.63 | EJ13: 93.54 | EK13: 92.3 | EL13: 90.41 | EM13: 90.1 | EN13: 91.07 | EO13: 91.02 | EP13: 89.88 | EQ13: 89.19 | ER13: 89.09
A14: EU27 | B14: 106.9 | C14: 105.07 | D14: 105.63 | E14: 104.94 | F14: 104.39 | G14: 105.34 | H14: 106.49 | I14: 106.47 | J14: 106.5 | K14: 107.76 | L14: 108.57 | M14: 109.17 | N14: 108.23 | O14: 107.69 | P14: 109.71 | Q14: 107.8 | R14: 108.06 | S14: 108.12 | T14: 108.31 | U14: 108 | V14: 108.57 | W14: 107.94 | X14: 107.79 | Y14: 107.42 | Z14: 107.69 | AA14: 107.84 | AB14: 107.04 | AC14: 108.75 | AD14: 110.62 | AE14: 111.8 | AF14: 111.65 | AG14: 111.85 | AH14: 110.63 | AI14: 110.31 | AJ14: 109.48 | AK14: 110.67 | AL14: 109.32 | AM14: 111.24 | AN14: 111 | AO14: 111.15 | AP14: 108.86 | AQ14: 110.14 | AR14: 110.53 | AS14: 111.23 | AT14: 110.44 | AU14: 109.87 | AV14: 110.55 | AW14: 111.29 | AX14: 112.14 | AY14: 109.52 | AZ14: 110.11 | BA14: 109 | BB14: 110.58 | BC14: 110.11 | BD14: 108.4 | BE14: 107.83 | BF14: 106.2 | BG14: 106.09 | BH14: 108.5 | BI14: 108.76 | BJ14: 110.29 | BK14: 109.88 | BL14: 109.92 | BM14: 109.05 | BN14: 109.11 | BO14: 109.95 | BP14: 110.71 | BQ14: 109.03 | BR14: 115.03 | BS14: 114.32 | BT14: 114.09 | BU14: 115.79 | BV14: 112.07 | BW14: 112.7 | BX14: 113.26 | BY14: 111.05 | BZ14: 111.32 | CA14: 111.52 | CB14: 109.95 | CC14: 111.82 | CD14: 111.14 | CE14: 112.55 | CF14: 112.42 | CG14: 113.72 | CH14: 113.93 | CI14: 113.86 | CJ14: 113.87 | CK14: 113.33 | CL14: 112.14 | CM14: 108.55 | CN14: 106.87 | CO14: 106.07 | CP14: 107.56 | CQ14: 110.11 | CR14: 110.91 | CS14: 107.74 | CT14: 106.91 | CU14: 104.73 | CV14: 105.08 | CW14: 105.02 | CX14: 104.02 | CY14: 103.25 | CZ14: 102.97 | DA14: 102.81 | DB14: 102.02 | DC14: 101.62 | DD14: 100.47 | DE14: 101.76 | DF14: 98.13 | DG14: 99.07 | DH14: 99.94 | DI14: 99.48 | DJ14: 101.02 | DK14: 101.2 | DL14: 101.39 | DM14: 100.16 | DN14: 101.09 | DO14: 101.2 | DP14: 99.67 | DQ14: 97.67 | DR14: 98.8 | DS14: 100.01 | DT14: 98.35 | DU14: 97.95 | DV14: 97.91 | DW14: 97.73 | DX14: 97.73 | DY14: 97.85 | DZ14: 97.78 | EA14: 98.02 | EB14: 97.66 | EC14: 96.71 | ED14: 95.95 | EE14: 92.36 | EF14: 93.8 | EG14: 91.3 | EH14: 92.91 | EI14: 94.22 | EJ14: 94.74 | EK14: 93.66 | EL14: 91.99 | EM14: 91.39 | EN14: 91.96 | EO14: 92.06 | EP14: 91.18 | EQ14: 90.75 | ER14: 90.81
A15: Fínsko | B15: 115 | C15: 111.9 | D15: 109.7 | E15: 110.5 | F15: 107.8 | G15: 110.5 | H15: 113.4 | I15: 114.2 | J15: 111.9 | K15: 111.2 | L15: 116.5 | M15: 113.4 | N15: 113 | O15: 111.4 | P15: 116 | Q15: 113.1 | R15: 119.2 | S15: 117.9 | T15: 110.5 | U15: 113.8 | V15: 108.6 | W15: 110.8 | X15: 114.4 | Y15: 114 | Z15: 113 | AA15: 112.9 | AB15: 113.8 | AC15: 114.9 | AD15: 118.1 | AE15: 123.5 | AF15: 124.5 | AG15: 122.3 | AH15: 121.7 | AI15: 124.2 | AJ15: 119.2 | AK15: 126.7 | AL15: 123.5 | AM15: 126.8 | AN15: 123.2 | AO15: 127.3 | AP15: 121.3 | AQ15: 120.2 | AR15: 122.4 | AS15: 121.7 | AT15: 123.7 | AU15: 122.1 | AV15: 123.9 | AW15: 124.2 | AX15: 126.1 | AY15: 124.5 | AZ15: 129.1 | BA15: 123.4 | BB15: 127.1 | BC15: 126.4 | BD15: 122.2 | BE15: 122 | BF15: 119.6 | BG15: 118.5 | BH15: 119.2 | BI15: 123.4 | BJ15: 120.1 | BK15: 116.3 | BL15: 120 | BM15: 115.2 | BN15: 113.7 | BO15: 115.2 | BP15: 116.9 | BQ15: 114 | BR15: 119.4 | BS15: 119 | BT15: 117.2 | BU15: 113.7 | BV15: 116.4 | BW15: 114.8 | BX15: 113.1 | BY15: 114.7 | BZ15: 110.6 | CA15: 114.1 | CB15: 112.5 | CC15: 117.7 | CD15: 114.5 | CE15: 115.1 | CF15: 111.8 | CG15: 107.6 | CH15: 104.3 | CI15: 108.3 | CJ15: 105.7 | CK15: 107.5 | CL15: 106.9 | CM15: 99.4 | CN15: 102.5 | CO15: 103.3 | CP15: 108.2 | CQ15: 104.8 | CR15: 108.8 | CS15: 107.5 | CT15: 108.3 | CU15: 104.2 | CV15: 104.8 | CW15: 107.7 | CX15: 105.2 | CY15: 100.4 | CZ15: 102.7 | DA15: 102.4 | DB15: 105.4 | DC15: 106.8 | DD15: 96.1 | DE15: 102 | DF15: 100.2 | DG15: 99.7 | DH15: 100.6 | DI15: 101.1 | DJ15: 101.6 | DK15: 103 | DL15: 102.7 | DM15: 99.2 | DN15: 96.4 | DO15: 97.5 | DP15: 100.2 | DQ15: 99.4 | DR15: 99 | DS15: 101.8 | DT15: 101.8 | DU15: 102.2 | DV15: 99.9 | DW15: 104.3 | DX15: 102.2 | DY15: 99.5 | DZ15: 98.7 | EA15: 97.3 | EB15: 100.7 | EC15: 99.4 | ED15: 100.1 | EE15: 101.3 | EF15: 99.1 | EG15: 95.8 | EH15: 98.3 | EI15: 97.4 | EJ15: 95.9 | EK15: 97.5 | EL15: 94 | EM15: 94.7 | EN15: 95.4 | EO15: 95.4 | EP15: 97.7 | EQ15: 95.1
A16: Grécko | B16: 93.99 | C16: 92.39 | D16: 95.34 | E16: 95.55 | F16: 93.56 | G16: 98.73 | H16: 100.3 | I16: 101.89 | J16: 102.4 | K16: 110.17 | L16: 109.48 | M16: 106.04 | N16: 107.74 | O16: 108.59 | P16: 106.75 | Q16: 104.91 | R16: 106.44 | S16: 110.13 | T16: 110.1 | U16: 108.34 | V16: 109.62 | W16: 110.05 | X16: 109.8 | Y16: 103.01 | Z16: 106.5 | AA16: 107.48 | AB16: 110.98 | AC16: 120.59 | AD16: 124.84 | AE16: 122.75 | AF16: 122.47 | AG16: 118.99 | AH16: 121.2 | AI16: 124.66 | AJ16: 117.66 | AK16: 120.32 | AL16: 112.92 | AM16: 115.95 | AN16: 117.55 | AO16: 120.09 | AP16: 114.1 | AQ16: 120.67 | AR16: 118.99 | AS16: 118.01 | AT16: 121.63 | AU16: 111.66 | AV16: 116.26 | AW16: 125.52 | AX16: 133.96 | AY16: 129 | AZ16: 127.38 | BA16: 126.49 | BB16: 132.11 | BC16: 127.19 | BD16: 123.26 | BE16: 122.01 | BF16: 115.24 | BG16: 122.19 | BH16: 124.35 | BI16: 118.44 | BJ16: 118.86 | BK16: 115.61 | BL16: 122.4 | BM16: 119.79 | BN16: 120.7 | BO16: 131.94 | BP16: 141.58 | BQ16: 149.2 | BR16: 163.34 | BS16: 153.75 | BT16: 149.66 | BU16: 150.78 | BV16: 143.8 | BW16: 145.01 | BX16: 136.48 | BY16: 128.02 | BZ16: 133.23 | CA16: 123.48 | CB16: 127.1 | CC16: 128.2 | CD16: 121.58 | CE16: 129.51 | CF16: 139.13 | CG16: 151.48 | CH16: 186.66 | CI16: 185.2 | CJ16: 205.1 | CK16: 172.73 | CL16: 152.8 | CM16: 134.22 | CN16: 130.06 | CO16: 116.63 | CP16: 113.76 | CQ16: 187.8 | CR16: 156.17 | CS16: 127.35 | CT16: 117.78 | CU16: 113.34 | CV16: 114.46 | CW16: 117.67 | CX16: 115.45 | CY16: 114.53 | CZ16: 110.35 | DA16: 115.65 | DB16: 108.55 | DC16: 105.6 | DD16: 108.25 | DE16: 117.92 | DF16: 117.06 | DG16: 109.95 | DH16: 107.87 | DI16: 100.64 | DJ16: 100.54 | DK16: 103.51 | DL16: 97.59 | DM16: 97.2 | DN16: 97.05 | DO16: 101.58 | DP16: 96.89 | DQ16: 94.72 | DR16: 89.17 | DS16: 90.84 | DT16: 92.98 | DU16: 88.63 | DV16: 88.22 | DW16: 85.06 | DX16: 85.87 | DY16: 84.23 | DZ16: 83.82 | EA16: 84.23 | EB16: 80.09 | EC16: 74.19 | ED16: 79.32 | EE16: 75.8 | EF16: 71.2 | EG16: 77.91 | EH16: 74.5 | EI16: 75.01 | EJ16: 75.56 | EK16: 73 | EL16: 72.3 | EM16: 64.81 | EN16: 66.51 | EO16: 67.83 | EP16: 64.43 | EQ16: 63.05
A17: Holandsko | B17: 105.23 | C17: 105.2 | D17: 108.16 | E17: 107.99 | F17: 107.71 | G17: 107.8 | H17: 111.32 | I17: 109.61 | J17: 109.77 | K17: 111.96 | L17: 111.52 | M17: 110.2 | N17: 109.72 | O17: 107.5 | P17: 109.44 | Q17: 106.96 | R17: 108.95 | S17: 110.54 | T17: 107.82 | U17: 108.29 | V17: 106.99 | W17: 107.59 | X17: 109.43 | Y17: 110.36 | Z17: 109.52 | AA17: 109.41 | AB17: 110 | AC17: 108.82 | AD17: 110.23 | AE17: 111 | AF17: 108.07 | AG17: 109.94 | AH17: 110.81 | AI17: 108.98 | AJ17: 107.37 | AK17: 108.01 | AL17: 106.17 | AM17: 109.33 | AN17: 107.38 | AO17: 105.21 | AP17: 103.75 | AQ17: 105.48 | AR17: 106.09 | AS17: 106.16 | AT17: 106.68 | AU17: 103.1 | AV17: 106.34 | AW17: 107.29 | AX17: 107.19 | AY17: 106.23 | AZ17: 105.43 | BA17: 106.81 | BB17: 107.86 | BC17: 109.16 | BD17: 107.1 | BE17: 105.65 | BF17: 105.76 | BG17: 107.13 | BH17: 107.14 | BI17: 107.52 | BJ17: 107.99 | BK17: 106.72 | BL17: 108.4 | BM17: 108.31 | BN17: 109.2 | BO17: 109.18 | BP17: 110.74 | BQ17: 110.04 | BR17: 111.48 | BS17: 111.33 | BT17: 111.69 | BU17: 109.56 | BV17: 112.44 | BW17: 109.85 | BX17: 112.6 | BY17: 110.91 | BZ17: 109.09 | CA17: 110.27 | CB17: 109.11 | CC17: 110.61 | CD17: 109.24 | CE17: 108.61 | CF17: 107.75 | CG17: 106.24 | CH17: 109.28 | CI17: 110.64 | CJ17: 106.99 | CK17: 108.79 | CL17: 110.13 | CM17: 107.88 | CN17: 104.85 | CO17: 108.2 | CP17: 108.94 | CQ17: 110.9 | CR17: 109.13 | CS17: 111.16 | CT17: 107.77 | CU17: 108.77 | CV17: 110.2 | CW17: 108.71 | CX17: 108.17 | CY17: 106.69 | CZ17: 108.27 | DA17: 105.79 | DB17: 104.58 | DC17: 103.99 | DD17: 102.04 | DE17: 101.08 | DF17: 99.23 | DG17: 98.17 | DH17: 100.92 | DI17: 101.68 | DJ17: 99.41 | DK17: 100.26 | DL17: 101.71 | DM17: 99.9 | DN17: 101.42 | DO17: 100.13 | DP17: 99.45 | DQ17: 96.67 | DR17: 100.58 | DS17: 100.86 | DT17: 100.32 | DU17: 98.79 | DV17: 97.84 | DW17: 97.35 | DX17: 97.38 | DY17: 95.72 | DZ17: 96.29 | EA17: 97.77 | EB17: 97.92 | EC17: 98.1 | ED17: 95.75 | EE17: 95.02 | EF17: 93.11 | EG17: 90.98 | EH17: 92.31 | EI17: 90.81 | EJ17: 90.26 | EK17: 91.65 | EL17: 89.55 | EM17: 87.19 | EN17: 87.48 | EO17: 85.93
A18: Írsko | B18: 103.8 | C18: 103.8 | D18: 105.21 | E18: 108.28 | F18: 107.92 | G18: 107.81 | H18: 108.16 | I18: 110.04 | J18: 111.81 | K18: 112.99 | L18: 112.64 | M18: 107.69 | N18: 106.86 | O18: 107.57 | P18: 106.63 | Q18: 109.93 | R18: 110.52 | S18: 110.28 | T18: 107.57 | U18: 107.22 | V18: 115.94 | W18: 110.16 | X18: 107.69 | Y18: 112.4 | Z18: 108.75 | AA18: 112.87 | AB18: 109.46 | AC18: 108.39 | AD18: 108.28 | AE18: 108.39 | AF18: 117.35 | AG18: 112.75 | AH18: 111.46 | AI18: 107.1 | AJ18: 111.46 | AK18: 112.16 | AL18: 110.87 | AM18: 109.69 | AN18: 115.46 | AO18: 109.69 | AP18: 113.7 | AQ18: 118.29 | AR18: 116.88 | AS18: 121.83 | AT18: 112.99 | AU18: 110.04 | AV18: 117.82 | AW18: 110.52 | AX18: 123.36 | AY18: 121.35 | AZ18: 124.18 | BA18: 119.71 | BB18: 120.29 | BC18: 117.82 | BD18: 119 | BE18: 118.41 | BF18: 116.17 | BG18: 103.68 | BH18: 117.47 | BI18: 116.05 | BJ18: 119.35 | BK18: 118.88 | BL18: 116.41 | BM18: 118.41 | BN18: 121.12 | BO18: 120.88 | BP18: 121.47 | BQ18: 119.71 | BR18: 121.83 | BS18: 127.6 | BT18: 129.48 | BU18: 127.13 | BV18: 129.13 | BW18: 126.89 | BX18: 124.54 | BY18: 129.84 | BZ18: 126.77 | CA18: 121.59 | CB18: 126.77 | CC18: 127.36 | CD18: 127.01 | CE18: 127.13 | CF18: 123.48 | CG18: 124.77 | CH18: 127.6 | CI18: 129.01 | CJ18: 125.71 | CK18: 133.37 | CL18: 123.36 | CM18: 112.99 | CN18: 117.23 | CO18: 111.93 | CP18: 117.94 | CQ18: 117.94 | CR18: 109.22 | CS18: 120.18 | CT18: 113.81 | CU18: 114.76 | CV18: 116.05 | CW18: 112.05 | CX18: 110.87 | CY18: 112.87 | CZ18: 108.75 | DA18: 106.16 | DB18: 108.63 | DC18: 105.1 | DD18: 107.45 | DE18: 107.45 | DF18: 94.96 | DG18: 103.33 | DH18: 105.92 | DI18: 104.62 | DJ18: 104.27 | DK18: 105.1 | DL18: 99.32 | DM18: 102.62 | DN18: 100.62 | DO18: 97.67 | DP18: 94.73 | DQ18: 86.83 | DR18: 93.2 | DS18: 95.2 | DT18: 93.08 | DU18: 92.02 | DV18: 92.49 | DW18: 93.43 | DX18: 92.37 | DY18: 93.67 | DZ18: 91.66 | EA18: 90.6 | EB18: 93.55 | EC18: 90.6 | ED18: 90.6 | EE18: 88.72 | EF18: 89.43 | EG18: 90.49 | EH18: 90.72 | EI18: 85.66 | EJ18: 90.49 | EK18: 88.48 | EL18: 87.78 | EM18: 90.96 | EN18: 88.13 | EO18: 88.01 | EP18: 89.31 | EQ18: 89.31 | ER18: 88.6
A19: Nemecko | B19: 153 | C19: 147.7 | D19: 150 | E19: 145.8 | F19: 146.5 | G19: 145.7 | H19: 146.5 | I19: 144.4 | J19: 143.1 | K19: 145.7 | L19: 142.9 | M19: 144.5 | N19: 130.2 | O19: 128.5 | P19: 133.5 | Q19: 131.8 | R19: 131.4 | S19: 134.2 | T19: 131.8 | U19: 131.1 | V19: 131.1 | W19: 127.3 | X19: 130.4 | Y19: 130.7 | Z19: 124.5 | AA19: 124.7 | AB19: 125.9 | AC19: 129.9 | AD19: 133.4 | AE19: 133.6 | AF19: 132.6 | AG19: 130.5 | AH19: 130.8 | AI19: 130.2 | AJ19: 131.1 | AK19: 131.5 | AL19: 133 | AM19: 137.1 | AN19: 130.3 | AO19: 132.4 | AP19: 130.2 | AQ19: 130.7 | AR19: 132.2 | AS19: 129.7 | AT19: 130.4 | AU19: 128.5 | AV19: 130.7 | AW19: 129.6 | AX19: 123.9 | AY19: 118.3 | AZ19: 119.9 | BA19: 118.7 | BB19: 117.7 | BC19: 117.2 | BD19: 114.9 | BE19: 114 | BF19: 113.2 | BG19: 112 | BH19: 112.6 | BI19: 112.3 | BJ19: 114.8 | BK19: 114.1 | BL19: 113 | BM19: 112.6 | BN19: 114 | BO19: 114 | BP19: 114.3 | BQ19: 112.8 | BR19: 119.6 | BS19: 116.9 | BT19: 115.3 | BU19: 124.1 | BV19: 109.7 | BW19: 115.2 | BX19: 116.7 | BY19: 115.4 | BZ19: 112.5 | CA19: 111.4 | CB19: 107.2 | CC19: 112.1 | CD19: 111.1 | CE19: 113.5 | CF19: 108.2 | CG19: 111.8 | CH19: 114.4 | CI19: 111.4 | CJ19: 110 | CK19: 107.9 | CL19: 108.7 | CM19: 108.1 | CN19: 104.8 | CO19: 101.6 | CP19: 104.5 | CQ19: 110.6 | CR19: 112.7 | CS19: 116.4 | CT19: 108.8 | CU19: 105.6 | CV19: 106.9 | CW19: 107.2 | CX19: 105 | CY19: 101.5 | CZ19: 102.5 | DA19: 101.5 | DB19: 101.9 | DC19: 99.8 | DD19: 99 | DE19: 101.2 | DF19: 97.3 | DG19: 98.8 | DH19: 100.5 | DI19: 100.3 | DJ19: 101 | DK19: 101.7 | DL19: 103.5 | DM19: 100.5 | DN19: 100.6 | DO19: 100.2 | DP19: 99.6 | DQ19: 96.1 | DR19: 101 | DS19: 101 | DT19: 98.4 | DU19: 98.9 | DV19: 98.9 | DW19: 99.5 | DX19: 98.6 | DY19: 99.9 | DZ19: 98.7 | EA19: 99.8 | EB19: 99.5 | EC19: 98 | ED19: 98.3 | EE19: 96.9 | EF19: 98.1 | EG19: 96.8 | EH19: 97.8 | EI19: 101.5 | EJ19: 100.2 | EK19: 97.5 | EL19: 97.4 | EM19: 98.6 | EN19: 99.3 | EO19: 100.5 | EP19: 99.6 | EQ19: 98.9 | ER19: 99.2
A20: Portugalsko | B20: 113 | C20: 113 | D20: 112.05 | E20: 114.21 | F20: 110.84 | G20: 117.58 | H20: 109.36 | I20: 114.61 | J20: 115.42 | K20: 112.59 | L20: 117.31 | M20: 115.29 | N20: 113.8 | O20: 113.54 | P20: 114.21 | Q20: 112.59 | R20: 106.53 | S20: 100.07 | T20: 106.53 | U20: 106.53 | V20: 102.09 | W20: 104.51 | X20: 101.95 | Y20: 105.05 | Z20: 108.42 | AA20: 108.69 | AB20: 101.95 | AC20: 106.8 | AD20: 105.19 | AE20: 101.28 | AF20: 103.03 | AG20: 105.99 | AH20: 107.21 | AI20: 106.94 | AJ20: 106.8 | AK20: 108.55 | AL20: 113.54 | AM20: 113.94 | AN20: 112.73 | AO20: 111.38 | AP20: 109.36 | AQ20: 112.86 | AR20: 110.17 | AS20: 110.17 | AT20: 109.9 | AU20: 110.71 | AV20: 114.48 | AW20: 115.96 | AX20: 142.49 | AY20: 138.99 | AZ20: 136.43 | BA20: 133.2 | BB20: 132.53 | BC20: 133.74 | BD20: 131.58 | BE20: 132.26 | BF20: 130.51 | BG20: 131.18 | BH20: 135.08 | BI20: 138.32 | BJ20: 135.62 | BK20: 134.55 | BL20: 132.12 | BM20: 129.56 | BN20: 129.16 | BO20: 126.6 | BP20: 127.95 | BQ20: 122.83 | BR20: 130.64 | BS20: 135.89 | BT20: 135.49 | BU20: 138.86 | BV20: 133.33 | BW20: 131.45 | BX20: 135.35 | BY20: 128.62 | BZ20: 129.43 | CA20: 127.54 | CB20: 129.16 | CC20: 133.06 | CD20: 131.18 | CE20: 128.35 | CF20: 128.35 | CG20: 129.29 | CH20: 127.27 | CI20: 129.16 | CJ20: 125.66 | CK20: 124.04 | CL20: 120.67 | CM20: 114.21 | CN20: 111.92 | CO20: 117.98 | CP20: 116.77 | CQ20: 121.62 | CR20: 125.12 | CS20: 118.65 | CT20: 122.56 | CU20: 121.62 | CV20: 117.85 | CW20: 115.42 | CX20: 104.51 | CY20: 104.51 | CZ20: 106.4 | DA20: 102.49 | DB20: 104.78 | DC20: 106.8 | DD20: 107.07 | DE20: 103.16 | DF20: 103.97 | DG20: 102.09 | DH20: 99.39 | DI20: 97.24 | DJ20: 98.99 | DK20: 99.53 | DL20: 99.39 | DM20: 100.47 | DN20: 100.07 | DO20: 101.68 | DP20: 99.26 | DQ20: 97.91 | DR20: 91.99 | DS20: 95.08 | DT20: 86.06 | DU20: 85.52 | DV20: 85.39 | DW20: 88.35 | DX20: 91.45 | DY20: 88.89 | DZ20: 89.29 | EA20: 86.87 | EB20: 87 | EC20: 88.22 | ED20: 83.5 | EE20: 85.93 | EF20: 78.92 | EG20: 75.69 | EI20: 78.65 | EJ20: 81.21 | EK20: 82.29 | EL20: 81.62 | EM20: 79.46 | EN20: 80.27 | EO20: 82.29 | EP20: 77.31 | EQ20: 79.6
A21: Slovensko | B21: 82.3 | C21: 85.72 | D21: 80.23 | E21: 85.57 | F21: 88.12 | G21: 87.13 | H21: 92.95 | I21: 77.4 | J21: 92.43 | K21: 93.43 | L21: 92.41 | M21: 89.39 | N21: 88.28 | O21: 91.27 | P21: 96.92 | Q21: 94.38 | R21: 95.77 | S21: 92.85 | T21: 98.56 | U21: 97.71 | V21: 100.61 | W21: 100.88 | X21: 96.66 | Y21: 101.42 | Z21: 110.14 | AA21: 106.07 | AB21: 107.45 | AC21: 112.16 | AD21: 113.84 | AE21: 120.27 | AF21: 118.66 | AG21: 92.09 | AH21: 96.98 | AI21: 98.96 | AJ21: 98.74 | AK21: 102.05 | AL21: 108.87 | AM21: 110.09 | AN21: 111.26 | AO21: 112.81 | AP21: 113.1 | AQ21: 111.53 | AR21: 114.79 | AS21: 114.93 | AT21: 112.67 | AU21: 110.9 | AV21: 115.44 | AW21: 121.08 | AX21: 115.29 | AY21: 118.05 | AZ21: 115.97 | BA21: 121.17 | BB21: 123.39 | BC21: 121.91 | BD21: 120.84 | BE21: 123.69 | BF21: 120.79 | BG21: 124.19 | BH21: 119.9 | BI21: 115.68 | BJ21: 97.66 | BK21: 117.81 | BL21: 120.33 | BM21: 117.81 | BN21: 119.86 | BO21: 121.1 | BP21: 118.16 | BQ21: 120.18 | BR21: 122.84 | BS21: 121.97 | BT21: 120.98 | BU21: 118.48 | BV21: 135.7 | BW21: 133.39 | BX21: 137.34 | BY21: 133.23 | BZ21: 133.93 | CA21: 132.6 | CB21: 133.63 | CC21: 133.78 | CD21: 131.66 | CE21: 133.4 | CF21: 136.78 | CG21: 129.12 | CH21: 120.96 | CI21: 128.32 | CJ21: 125.56 | CK21: 125.08 | CL21: 125.66 | CM21: 126.26 | CN21: 124.19 | CO21: 121.27 | CP21: 121.61 | CQ21: 120.24 | CR21: 119.59 | CS21: 124.03 | CT21: 119.59 | CU21: 113.26 | CV21: 111.03 | CW21: 110.39 | CX21: 106.11 | CY21: 102.69 | CZ21: 107.88 | DA21: 105.1 | DB21: 105.56 | DC21: 103.61 | DD21: 101.46 | DE21: 98.05 | DF21: 97.12 | DG21: 99.5 | DH21: 101.61 | DI21: 103.07 | DJ21: 101.13 | DK21: 101.87 | DL21: 99.37 | DM21: 100.16 | DN21: 100.2 | DO21: 99.08 | DP21: 98.57 | DQ21: 100.54 | DR21: 89.22 | DS21: 88.82 | DT21: 85.86 | DU21: 86.35 | DV21: 85.46 | DW21: 85.9 | DX21: 85.16 | DY21: 85.38 | DZ21: 86.16 | EA21: 84.09 | EB21: 85.36 | EC21: 88.87 | ED21: 94.73 | EE21: 93.46 | EF21: 93.91 | EG21: 90.84 | EH21: 92.46 | EI21: 92.07 | EJ21: 89.99 | EK21: 89.9 | EL21: 87.12 | EM21: 88.39 | EN21: 87.21 | EO21: 86.2 | EP21: 94.34 | EQ21: 92.91 | ER21: 91.72
A22: Španielsko r2005=100 | B22: 89.29 | C22: 90.07 | D22: 92.29 | E22: 92.72 | F22: 90.62 | G22: 90.84 | H22: 94.39 | I22: 95.93 | J22: 97.14 | K22: 99.37 | L22: 102.86 | M22: 104.73 | N22: 98.71 | O22: 100.51 | P22: 100.33 | Q22: 98.26 | R22: 101.41 | S22: 102.53 | T22: 103.44 | U22: 103.84 | V22: 108.83 | W22: 106.66 | X22: 104.92 | Y22: 102.25 | Z22: 102.77 | AA22: 102.27 | AB22: 100.18 | AC22: 104.75 | AD22: 107.37 | AE22: 107.23 | AF22: 107.17 | AG22: 107.05 | AH22: 102.98 | AI22: 105.23 | AJ22: 103.5 | AK22: 114 | AL22: 106.23 | AM22: 109.23 | AN22: 107.59 | AO22: 109.8 | AP22: 106.8 | AQ22: 104.42 | AR22: 105.03 | AS22: 106.36 | AT22: 102.46 | AU22: 102.29 | AV22: 104.83 | AW22: 106.07 | AX22: 105.22 | AY22: 101.26 | AZ22: 104.53 | BA22: 98.87 | BB22: 99.3 | BC22: 101.42 | BD22: 97.33 | BE22: 99.88 | BF22: 97.86 | BG22: 96.02 | BH22: 100.66 | BI22: 100.92 | BJ22: 98.58 | BK22: 98.11 | BL22: 97.3 | BM22: 96.98 | BN22: 95.95 | BO22: 98.93 | BP22: 95.3 | BQ22: 90.75 | BR22: 111.57 | BS22: 105.99 | BT22: 103.85 | BU22: 104.77 | BV22: 106.86 | BW22: 105.71 | BX22: 109.02 | BY22: 107.95 | BZ22: 105.66 | CA22: 107.34 | CB22: 108.3 | CC22: 108.79 | CD22: 108.2 | CE22: 110.46 | CF22: 110.44 | CG22: 106.06 | CH22: 106.07 | CI22: 106.2 | CJ22: 103.66 | CK22: 111.78 | CL22: 103.59 | CM22: 98.77 | CN22: 99.73 | CO22: 98.47 | CP22: 100.48 | CQ22: 104.42 | CR22: 111.74 | CS22: 101.2 | CT22: 101.83 | CU22: 100.48 | CV22: 101.31 | CW22: 101.65 | CX22: 100.45 | CY22: 97.31 | CZ22: 97.53 | DA22: 97.56 | DB22: 97.35 | DC22: 97.8 | DD22: 96.16 | DE22: 95.42 | DF22: 93.85 | DG22: 94.06 | DH22: 95.59 | DI22: 94.97 | DJ22: 95.77 | DK22: 97 | DL22: 96.34 | DM22: 95.95 | DN22: 96.59 | DO22: 96.08 | DP22: 94.54 | DQ22: 93.15 | DR22: 93.79 | DS22: 93.47 | DT22: 92.88 | DU22: 91.37 | DV22: 90.78 | DW22: 91.06 | DX22: 90.18 | DY22: 90.24 | DZ22: 92.06 | EA22: 89.14 | EB22: 89.08 | EC22: 88.85 | ED22: 87.57 | EE22: 87.71 | EF22: 83.15 | EG22: 83.12 | EH22: 83.81 | EI22: 82.75 | EJ22: 82.29 | EK22: 87.96 | EL22: 77.34
